[ AOE2 MATCH · #475475567 ]
UnrankedAztecs vs None
Player's team · LOSS
Rival team · WIN
[ REPLAY ANALYSIS · EXTRACTED FROM THE RECORDED GAME ]
Feudal
—
Castle
—
Imperial
—
| APM avg | 16.6 |
| APM peak | 62 |
| eAPM avg | 7.2 |
| Villagers / military | 0 / 0 |
Focus
⚔️ 85.1% · 🌾 14.9%
Feudal
—
Castle
—
Imperial
—
| APM avg | 13.3 |
| APM peak | 66 |
| eAPM avg | 11.7 |
| Villagers / military | 0 / 0 |
Focus
⚔️ 99.6% · 🌾 0.4%
Unknown (4100) ×2
Feudal
—
Castle
—
Imperial
—
| APM avg | 15.5 |
| APM peak | 43 |
| eAPM avg | 11.8 |
| Villagers / military | 0 / 35 |
Focus
⚔️ 94.9% · 🌾 5.1%
Scout Cavalry ×35 · Unknown (4100) ×4
Feudal
—
Castle
—
Imperial
—
| APM avg | 24.9 |
| APM peak | 51 |
| eAPM avg | 13.2 |
| Villagers / military | 0 / 231 |
Focus
⚔️ 96.1% · 🌾 3.9%
War Elephant ×231 · Unknown (4100) ×3
Feudal
—
Castle
—
Imperial
—
| APM avg | 123.7 |
| APM peak | 181 |
| eAPM avg | 103.5 |
| Villagers / military | 0 / 0 |
Focus
⚔️ 99.7% · 🌾 0.3%
Unknown (4100) ×1
Feudal
—
Castle
—
Imperial
—
| APM avg | 30.0 |
| APM peak | 47 |
| eAPM avg | 12.7 |
| Villagers / military | 0 / 0 |
Focus
⚔️ 33.3% · 🌾 66.7%
Feudal
—
Castle
—
Imperial
—
| APM avg | 4.0 |
| APM peak | 17 |
| eAPM avg | 3.0 |
| Villagers / military | 0 / 0 |
Focus
⚔️ 95.0% · 🌾 5.0%
Unknown (4100) ×9
Feudal
—
Castle
—
Imperial
—
| APM avg | 25.9 |
| APM peak | 94 |
| eAPM avg | 14.8 |
| Villagers / military | 0 / 180 |
Focus
⚔️ 63.0% · 🌾 37.0%
Obuch ×180 · Unknown (4100) ×2
Match map
Initial resources + every placement click. Lines = walls · curves = elevation contours. ◆ gold · ⬟ stone · ● berries · ✦ relic · ◌ wall gap
Your base· Open — 13t gap
gsnwizard999's base· Open — 13t gap
Spicy$p3nce's base· Open — 13t gap
22's base· Open — 13t gap
FlyingSheep's base· Open — 13t gap
jacobfinck's base· Open — 13t gap
中国卢氏's base· Open — 13t gap
PorkFriedRice's base· Open — 13t gap
Smoothed initial terrain · ◌ = detected wall gap · hover for details
Inputs per minute
— the_llamatoast - - gsnwizard999
Build order — the_llamatoast
82 actions detected in the replay
| 0:30 | Build | Building 4001 |
| 0:31 | Build | Building 4001 |
| 0:33 | Build | Building 4001 |
| 0:35 | Build | Building 4001 |
| 1:08 | Build | Building 4001 |
| 1:11 | Build | Building 4001 |
| 1:18 | Build | Building 4001 |
| 1:20 | Build | Building 4001 |
| 1:22 | Build | Building 4001 |
| 1:34 | Build | Building 4001 |
| 1:52 | Build | Building 4001 |
| 1:54 | Build | Building 4001 |
| 1:58 | Build | Building 4001 |
| 2:00 | Build | Building 4001 |
| 2:03 | Build | Building 4001 |
| 3:20 | Build | Building 4001 |
| 3:31 | Build | Building 4001 |
| 3:38 | Build | Building 4001 |
| 3:41 | Build | Building 4001 |
| 3:45 | Build | Building 4001 |
| 4:00 | Build | Building 4001 |
| 4:41 | Build | Building 4001 |
| 4:57 | Build | Building 4001 |
| 5:07 | Build | Building 4001 |
| 5:11 | Build | Building 4001 |
| 5:28 | Build | Building 4001 |
| 5:33 | Build | Building 4001 |
| 6:02 | Build | Building 4001 |
| 6:09 | Build | Building 4001 |
| 6:11 | Build | Building 4001 |
| 6:16 | Build | Building 4001 |
| 6:24 | Build | Building 4001 |
| 6:39 | Build | Building 4001 |
| 6:53 | Build | Building 4001 |
| 6:56 | Build | Building 4001 |
| 8:07 | Build | Building 4001 |
| 8:09 | Build | Building 4001 |
| 8:10 | Build | Building 4001 |
| 8:14 | Build | Building 4001 |
| 8:45 | Build | Outpost |
| 8:51 | Build | Outpost |
| 8:56 | Build | Outpost |
| 9:07 | Build | Outpost |
| 9:16 | Build | Building 4001 |
| 9:29 | Build | Building 4001 |
| 9:31 | Build | Building 4001 |
| 10:01 | Build | Building 4001 |
| 10:10 | Build | Building 4001 |
| 10:13 | Build | Building 4001 |
| 10:16 | Build | Building 4001 |
| 10:44 | Build | Building 4001 |
| 10:46 | Build | Building 4001 |
| 10:49 | Build | Building 4001 |
| 10:50 | Build | Building 4001 |
| 10:52 | Build | Building 4001 |
| 12:01 | Build | Building 4001 |
| 12:04 | Build | Building 4001 |
| 12:21 | Build | Building 4001 |
| 12:23 | Build | Building 4001 |
| 12:27 | Build | Building 4001 |
| 12:30 | Build | Building 4001 |
| 12:38 | Build | Building 4001 |
| 12:39 | Build | Building 4001 |
| 12:48 | Build | Building 4001 |
| 12:50 | Build | Building 4001 |
| 12:53 | Build | Building 4001 |
| 15:28 | Build | Building 4001 |
| 15:36 | Build | Building 4001 |
| 15:37 | Build | Building 4001 |
| 15:39 | Build | Building 4001 |
| 15:41 | Build | Building 4001 |
| 15:51 | Build | Building 4001 |
| 15:56 | Build | Building 4001 |
| 15:58 | Build | Building 4001 |
| 16:01 | Build | Building 4001 |
| 16:03 | Build | Building 4001 |
| 16:05 | Build | Building 4001 |
| 16:07 | Build | Building 4001 |
| 16:31 | Build | Building 4001 |
| 17:03 | Build | Building 4001 |
| 17:24 | Build | Building 4001 |
| 17:31 | Build | Building 4001 |
Build order — gsnwizard999
First 150 of 243 actions detected
| 0:32 | Build | Building 4001 |
| 0:33 | Build | Building 4001 |
| 0:34 | Build | Building 4001 |
| 0:34 | Build | Building 4001 |
| 0:35 | Build | Building 4001 |
| 0:35 | Build | Building 4001 |
| 0:36 | Build | Building 4001 |
| 0:36 | Build | Building 4001 |
| 0:37 | Build | Building 4001 |
| 0:38 | Build | Building 4001 |
| 0:38 | Build | Building 4001 |
| 0:41 | Build | Building 4001 |
| 0:42 | Build | Building 4001 |
| 0:42 | Build | Building 4001 |
| 0:43 | Build | Building 4001 |
| 0:43 | Build | Building 4001 |
| 0:44 | Build | Building 4001 |
| 0:44 | Build | Building 4001 |
| 0:45 | Build | Building 4001 |
| 0:45 | Build | Building 4001 |
| 0:46 | Build | Building 4001 |
| 0:46 | Build | Building 4001 |
| 0:47 | Build | Building 4001 |
| 0:47 | Build | Building 4001 |
| 0:48 | Build | Building 4001 |
| 0:48 | Build | Building 4001 |
| 0:49 | Build | Building 4001 |
| 0:49 | Build | Building 4001 |
| 0:50 | Build | Building 4001 |
| 0:50 | Build | Building 4001 |
| 0:51 | Build | Building 4001 |
| 0:51 | Build | Building 4001 |
| 0:52 | Build | Building 4001 |
| 0:53 | Build | Building 4001 |
| 0:53 | Build | Building 4001 |
| 0:54 | Build | Building 4001 |
| 0:54 | Build | Building 4001 |
| 0:55 | Build | Building 4001 |
| 0:55 | Build | Building 4001 |
| 0:56 | Build | Building 4001 |
| 0:56 | Build | Building 4001 |
| 0:57 | Build | Building 4001 |
| 0:57 | Build | Building 4001 |
| 0:58 | Build | Building 4001 |
| 0:58 | Build | Building 4001 |
| 0:59 | Build | Building 4001 |
| 0:59 | Build | Building 4001 |
| 0:59 | Build | Building 4001 |
| 1:00 | Build | Building 4001 |
| 1:00 | Build | Building 4001 |
| 1:01 | Build | Building 4001 |
| 1:01 | Build | Building 4001 |
| 1:02 | Build | Building 4001 |
| 1:02 | Build | Building 4001 |
| 1:03 | Build | Building 4001 |
| 1:03 | Build | Building 4001 |
| 1:04 | Build | Building 4001 |
| 1:04 | Build | Building 4001 |
| 1:04 | Build | Building 4001 |
| 1:05 | Build | Building 4001 |
| 1:05 | Build | Building 4001 |
| 1:06 | Build | Building 4001 |
| 1:06 | Build | Building 4001 |
| 1:07 | Build | Building 4001 |
| 1:07 | Build | Building 4001 |
| 1:08 | Build | Building 4001 |
| 1:08 | Build | Building 4001 |
| 1:09 | Build | Building 4001 |
| 1:09 | Build | Building 4001 |
| 1:09 | Build | Building 4001 |
| 1:10 | Build | Building 4001 |
| 1:15 | Build | Building 4001 |
| 1:15 | Build | Building 4001 |
| 1:16 | Build | Building 4001 |
| 1:16 | Build | Building 4001 |
| 1:20 | Build | Building 4001 |
| 1:20 | Build | Building 4001 |
| 1:21 | Build | Building 4001 |
| 1:21 | Build | Building 4001 |
| 1:22 | Build | Building 4001 |
| 1:22 | Build | Building 4001 |
| 1:23 | Build | Building 4001 |
| 1:24 | Build | Building 4001 |
| 1:24 | Build | Building 4001 |
| 1:25 | Build | Building 4001 |
| 1:26 | Build | Building 4001 |
| 1:26 | Build | Building 4001 |
| 1:26 | Build | Building 4001 |
| 1:28 | Build | Building 4001 |
| 1:34 | Build | Building 4001 |
| 1:35 | Build | Building 4001 |
| 1:36 | Build | Building 4001 |
| 1:36 | Build | Building 4001 |
| 1:37 | Build | Building 4001 |
| 1:38 | Build | Building 4001 |
| 1:38 | Build | Building 4001 |
| 1:39 | Build | Building 4001 |
| 1:39 | Build | Building 4001 |
| 1:40 | Build | Building 4001 |
| 1:41 | Build | Building 4001 |
| 1:41 | Build | Building 4001 |
| 1:42 | Build | Building 4001 |
| 1:42 | Build | Building 4001 |
| 1:43 | Build | Building 4001 |
| 1:44 | Build | Building 4001 |
| 1:44 | Build | Building 4001 |
| 1:45 | Build | Building 4001 |
| 1:46 | Build | Building 4001 |
| 1:46 | Build | Building 4001 |
| 1:48 | Build | Building 4001 |
| 1:50 | Build | Building 4001 |
| 1:54 | Build | Building 4001 |
| 2:32 | Build | Building 4001 |
| 2:37 | Build | Building 4001 |
| 2:39 | Build | Building 4001 |
| 2:50 | Build | Building 4001 |
| 2:51 | Build | Building 4001 |
| 2:52 | Build | Building 4001 |
| 2:53 | Build | Building 4001 |
| 2:53 | Build | Building 4001 |
| 2:54 | Build | Building 4001 |
| 2:55 | Build | Building 4001 |
| 2:55 | Build | Building 4001 |
| 2:56 | Build | Building 4001 |
| 2:57 | Build | Building 4001 |
| 2:57 | Build | Building 4001 |
| 2:58 | Build | Building 4001 |
| 2:58 | Build | Building 4001 |
| 2:59 | Build | Building 4001 |
| 2:59 | Build | Building 4001 |
| 3:00 | Build | Building 4001 |
| 3:00 | Build | Building 4001 |
| 3:01 | Build | Building 4001 |
| 3:02 | Build | Building 4001 |
| 3:02 | Build | Building 4001 |
| 3:02 | Build | Building 4001 |
| 3:03 | Build | Building 4001 |
| 3:03 | Build | Building 4001 |
| 3:04 | Build | Building 4001 |
| 3:05 | Build | Building 4001 |
| 3:05 | Build | Building 4001 |
| 3:05 | Build | Building 4001 |
| 3:10 | Build | Building 4001 |
| 3:11 | Build | Building 4001 |
| 3:11 | Build | Building 4001 |
| 3:11 | Build | Building 4001 |
| 3:12 | Build | Building 4001 |
| 3:13 | Build | Building 4001 |
| 3:13 | Build | Building 4001 |
| 3:14 | Build | Building 4001 |
Build order — Spicy$p3nce
First 150 of 202 actions detected
| 0:28 | Build | Building 4001 |
| 0:34 | Build | Building 4001 |
| 0:50 | Build | Building 4001 |
| 0:56 | Build | Building 4001 |
| 0:58 | Build | Building 4001 |
| 1:05 | Build | Stable |
| 1:11 | Build | Building 4001 |
| 1:16 | Build | Building 4001 |
| 1:33 | Build | Building 4001 |
| 1:36 | Queue | Unit 4100 |
| 1:37 | Queue | Unit 4100 |
| 1:37 | Queue | Unit 4100 |
| 1:37 | Queue | Unit 4100 |
| 1:42 | Build | Building 4001 |
| 1:45 | Build | Building 4001 |
| 1:49 | Build | Building 4001 |
| 1:54 | Build | Building 4001 |
| 1:56 | Build | Building 4001 |
| 2:00 | Build | Building 4001 |
| 2:06 | Build | Building 4001 |
| 2:12 | Build | Building 4001 |
| 2:23 | Build | Building 4001 |
| 2:34 | Build | Building 4001 |
| 2:38 | Queue | Scout Cavalry ×5 |
| 2:39 | Queue | Scout Cavalry ×5 |
| 2:39 | Queue | Scout Cavalry ×5 |
| 2:56 | Build | Building 4001 |
| 2:58 | Build | Building 4001 |
| 3:02 | Build | Building 4001 |
| 3:22 | Build | Building 4001 |
| 3:31 | Build | Building 4001 |
| 3:51 | Build | Building 4001 |
| 3:55 | Build | Building 4001 |
| 4:08 | Build | Building 4001 |
| 4:09 | Build | Building 4001 |
| 4:10 | Build | Building 4001 |
| 4:11 | Build | Building 4001 |
| 4:12 | Build | Building 4001 |
| 4:13 | Build | Building 4001 |
| 4:14 | Build | Building 4001 |
| 4:16 | Build | Building 4001 |
| 4:36 | Build | Building 4001 |
| 4:37 | Build | Building 4001 |
| 4:40 | Build | Building 4001 |
| 4:41 | Build | Building 4001 |
| 4:44 | Build | Building 4001 |
| 4:45 | Build | Building 4001 |
| 5:08 | Build | Building 4001 |
| 5:11 | Build | Building 4001 |
| 5:13 | Build | Building 4001 |
| 5:15 | Build | Building 4001 |
| 5:16 | Build | Building 4001 |
| 5:18 | Build | Building 4001 |
| 5:20 | Build | Building 4001 |
| 5:22 | Build | Building 4001 |
| 5:24 | Build | Building 4001 |
| 6:31 | Build | Building 4001 |
| 6:33 | Build | Building 4001 |
| 6:36 | Build | Building 4001 |
| 6:40 | Build | Building 4001 |
| 6:45 | Build | Building 4001 |
| 7:00 | Build | Building 4001 |
| 7:03 | Build | Building 4001 |
| 7:09 | Build | Building 4001 |
| 7:44 | Build | Building 4001 |
| 7:46 | Build | Building 4001 |
| 7:59 | Build | Building 4001 |
| 8:11 | Build | Building 4001 |
| 8:13 | Build | Building 4001 |
| 8:15 | Build | Building 4001 |
| 8:18 | Build | Building 4001 |
| 8:25 | Build | Building 4001 |
| 8:33 | Build | Building 4001 |
| 8:36 | Build | Building 4001 |
| 8:42 | Build | Building 4001 |
| 8:46 | Build | Building 4001 |
| 8:50 | Build | Building 4001 |
| 9:09 | Build | Building 4001 |
| 9:12 | Build | Building 4001 |
| 9:16 | Build | Building 4001 |
| 9:23 | Build | Building 4001 |
| 9:25 | Build | Building 4001 |
| 11:14 | Build | Building 4001 |
| 11:18 | Build | Building 4001 |
| 11:33 | Build | Building 4001 |
| 11:36 | Build | Building 4001 |
| 11:38 | Build | Building 4001 |
| 11:40 | Build | Building 4001 |
| 11:42 | Build | Building 4001 |
| 11:43 | Build | Building 4001 |
| 11:59 | Build | Building 4001 |
| 12:02 | Build | Building 4001 |
| 12:05 | Build | Building 4001 |
| 12:16 | Build | Building 4001 |
| 12:23 | Build | Building 4001 |
| 12:27 | Queue | Scout Cavalry ×5 |
| 12:27 | Queue | Scout Cavalry ×5 |
| 12:28 | Queue | Scout Cavalry ×5 |
| 12:28 | Queue | Scout Cavalry ×5 |
| 13:28 | Build | Building 4001 |
| 13:31 | Build | Building 4001 |
| 13:33 | Build | Building 4001 |
| 13:34 | Build | Building 4001 |
| 13:36 | Build | Building 4001 |
| 13:43 | Build | Building 4001 |
| 13:57 | Build | Building 4001 |
| 14:02 | Build | Building 4001 |
| 14:06 | Build | Building 4001 |
| 15:33 | Build | Building 4001 |
| 15:36 | Build | Building 4001 |
| 15:44 | Build | Building 4001 |
| 15:45 | Build | Building 4001 |
| 15:50 | Build | Building 4001 |
| 15:55 | Build | Building 4001 |
| 16:02 | Build | Building 4001 |
| 16:03 | Build | Building 4001 |
| 16:04 | Build | Building 4001 |
| 16:05 | Build | Building 4001 |
| 16:07 | Build | Building 4001 |
| 16:08 | Build | Building 4001 |
| 16:09 | Build | Building 4001 |
| 16:10 | Build | Building 4001 |
| 16:11 | Build | Building 4001 |
| 16:12 | Build | Building 4001 |
| 16:13 | Build | Building 4001 |
| 16:14 | Build | Building 4001 |
| 16:15 | Build | Building 4001 |
| 16:16 | Build | Building 4001 |
| 16:17 | Build | Building 4001 |
| 16:19 | Build | Building 4001 |
| 16:19 | Build | Building 4001 |
| 16:21 | Build | Building 4001 |
| 16:22 | Build | Building 4001 |
| 16:23 | Build | Building 4001 |
| 16:24 | Build | Building 4001 |
| 16:25 | Build | Building 4001 |
| 16:26 | Build | Building 4001 |
| 16:28 | Build | Building 4001 |
| 16:28 | Build | Building 4001 |
| 16:30 | Build | Building 4001 |
| 16:31 | Build | Building 4001 |
| 16:32 | Build | Building 4001 |
| 16:33 | Build | Building 4001 |
| 16:35 | Build | Building 4001 |
| 16:36 | Build | Building 4001 |
| 16:38 | Build | Building 4001 |
| 16:39 | Build | Building 4001 |
| 16:41 | Build | Building 4001 |
| 16:42 | Build | Building 4001 |
| 16:43 | Build | Building 4001 |
Build order — 22
First 150 of 213 actions detected
| 0:34 | Build | Building 4001 |
| 0:35 | Build | Building 4001 |
| 0:37 | Build | Building 4001 |
| 0:39 | Build | Building 4001 |
| 0:41 | Build | Building 4001 |
| 0:44 | Build | Building 4001 |
| 0:47 | Build | Building 4001 |
| 0:50 | Build | Building 4001 |
| 0:52 | Build | Building 4001 |
| 1:20 | Build | Stable |
| 1:26 | Build | Building 4001 |
| 1:28 | Build | Building 4001 |
| 1:34 | Build | Building 4001 |
| 1:37 | Build | Building 4001 |
| 1:38 | Build | Building 4001 |
| 1:39 | Build | Building 4001 |
| 1:43 | Build | Building 4001 |
| 1:57 | Queue | Unit 4100 |
| 2:14 | Build | Building 4001 |
| 2:17 | Build | Building 4001 |
| 2:18 | Build | Building 4001 |
| 2:21 | Build | Building 4001 |
| 2:24 | Build | Building 4001 |
| 2:27 | Build | Building 4001 |
| 2:29 | Build | Building 4001 |
| 2:41 | Build | Building 4001 |
| 3:26 | Build | Building 4001 |
| 3:29 | Build | Building 4001 |
| 3:31 | Build | Building 4001 |
| 3:32 | Build | Building 4001 |
| 3:34 | Build | Building 4001 |
| 3:36 | Build | Building 4001 |
| 3:49 | Queue | War Elephant |
| 3:50 | Queue | War Elephant |
| 3:50 | Queue | War Elephant |
| 3:50 | Queue | War Elephant |
| 3:50 | Queue | War Elephant |
| 3:51 | Queue | War Elephant |
| 3:51 | Queue | War Elephant |
| 3:51 | Queue | War Elephant |
| 3:52 | Queue | War Elephant |
| 4:12 | Build | Building 4001 |
| 4:16 | Build | Building 4001 |
| 4:17 | Build | Building 4001 |
| 4:19 | Build | Building 4001 |
| 4:23 | Build | Building 4001 |
| 4:27 | Build | Building 4001 |
| 4:30 | Build | Building 4001 |
| 4:57 | Build | Building 4001 |
| 5:07 | Build | Building 4001 |
| 5:09 | Build | Building 4001 |
| 5:11 | Build | Building 4001 |
| 5:14 | Build | Building 4001 |
| 5:16 | Build | Building 4001 |
| 5:19 | Build | Building 4001 |
| 5:24 | Build | Building 4001 |
| 5:27 | Build | Building 4001 |
| 6:15 | Build | Stable |
| 6:17 | Build | Stable |
| 6:19 | Build | Stable |
| 6:22 | Build | Stable |
| 6:24 | Build | Stable |
| 6:32 | Build | Building 4001 |
| 6:34 | Build | Building 4001 |
| 6:38 | Build | Building 4001 |
| 6:40 | Build | Building 4001 |
| 6:43 | Build | Building 4001 |
| 6:44 | Build | Building 4001 |
| 6:46 | Build | Building 4001 |
| 6:47 | Build | Building 4001 |
| 6:48 | Build | Building 4001 |
| 6:48 | Build | Building 4001 |
| 6:49 | Build | Building 4001 |
| 6:51 | Build | Building 4001 |
| 6:53 | Build | Building 4001 |
| 6:55 | Build | Building 4001 |
| 6:58 | Build | Building 4001 |
| 7:00 | Build | Building 4001 |
| 7:01 | Build | Building 4001 |
| 7:04 | Build | Building 4001 |
| 7:07 | Build | Building 4001 |
| 7:29 | Queue | Unit 4100 |
| 7:29 | Queue | Unit 4100 |
| 8:16 | Queue | War Elephant |
| 8:16 | Queue | War Elephant |
| 8:16 | Queue | War Elephant |
| 8:17 | Queue | War Elephant ×5 |
| 8:17 | Queue | War Elephant ×5 |
| 8:17 | Queue | War Elephant ×5 |
| 8:18 | Queue | War Elephant ×5 |
| 8:18 | Queue | War Elephant ×5 |
| 8:18 | Queue | War Elephant ×5 |
| 8:18 | Queue | War Elephant ×5 |
| 8:19 | Queue | War Elephant ×5 |
| 8:19 | Queue | War Elephant ×5 |
| 8:19 | Queue | War Elephant ×5 |
| 8:20 | Queue | War Elephant |
| 8:20 | Queue | War Elephant ×5 |
| 8:20 | Queue | War Elephant ×5 |
| 10:47 | Build | Building 4001 |
| 10:50 | Build | Building 4001 |
| 10:55 | Build | Building 4001 |
| 10:56 | Build | Building 4001 |
| 10:57 | Build | Building 4001 |
| 10:58 | Build | Building 4001 |
| 11:00 | Build | Building 4001 |
| 11:02 | Build | Building 4001 |
| 11:04 | Build | Building 4001 |
| 11:05 | Build | Building 4001 |
| 11:07 | Build | Building 4001 |
| 11:51 | Build | Building 4001 |
| 12:07 | Build | Building 4001 |
| 12:14 | Build | Building 4001 |
| 12:15 | Build | Building 4001 |
| 12:19 | Build | Building 4001 |
| 12:21 | Build | Building 4001 |
| 12:24 | Build | Building 4001 |
| 12:26 | Build | Building 4001 |
| 12:27 | Build | Building 4001 |
| 12:29 | Build | Building 4001 |
| 12:31 | Build | Building 4001 |
| 13:11 | Build | Stable |
| 13:13 | Build | Stable |
| 13:19 | Build | Stable |
| 13:22 | Build | Stable |
| 13:23 | Build | Stable |
| 13:26 | Build | Stable |
| 13:28 | Build | Stable |
| 13:30 | Build | Stable |
| 13:45 | Queue | War Elephant |
| 13:45 | Queue | War Elephant |
| 13:46 | Queue | War Elephant |
| 13:46 | Queue | War Elephant |
| 13:46 | Queue | War Elephant ×5 |
| 13:47 | Queue | War Elephant ×5 |
| 13:47 | Queue | War Elephant ×5 |
| 13:47 | Queue | War Elephant ×5 |
| 13:48 | Queue | War Elephant ×5 |
| 13:48 | Queue | War Elephant ×5 |
| 13:48 | Queue | War Elephant ×5 |
| 13:48 | Queue | War Elephant ×5 |
| 13:49 | Queue | War Elephant ×5 |
| 13:49 | Queue | War Elephant ×5 |
| 13:49 | Queue | War Elephant |
| 13:50 | Queue | War Elephant ×5 |
| 13:50 | Queue | War Elephant ×5 |
| 14:19 | Build | Building 4001 |
| 14:20 | Build | Building 4001 |
| 14:22 | Build | Building 4001 |
| 15:15 | Build | Building 4001 |
Build order — FlyingSheep
First 150 of 2201 actions detected
| 0:35 | Build | Building 4001 |
| 0:36 | Build | Building 4001 |
| 0:36 | Build | Building 4001 |
| 0:36 | Build | Building 4001 |
| 0:36 | Build | Building 4001 |
| 0:36 | Build | Building 4001 |
| 0:39 | Build | Building 4001 |
| 0:39 | Build | Building 4001 |
| 0:39 | Build | Building 4001 |
| 0:39 | Build | Building 4001 |
| 0:39 | Build | Building 4001 |
| 0:39 | Build | Building 4001 |
| 0:39 | Build | Building 4001 |
| 0:39 | Build | Building 4001 |
| 0:40 | Build | Building 4001 |
| 0:41 | Build | Building 4001 |
| 0:41 | Build | Building 4001 |
| 0:41 | Build | Building 4001 |
| 0:41 | Build | Building 4001 |
| 0:41 | Build | Building 4001 |
| 0:42 | Build | Building 4001 |
| 0:42 | Build | Building 4001 |
| 0:42 | Build | Building 4001 |
| 0:42 | Build | Building 4001 |
| 0:43 | Build | Building 4001 |
| 0:50 | Build | Building 4001 |
| 0:59 | Build | Building 4001 |
| 0:59 | Build | Building 4001 |
| 0:59 | Build | Building 4001 |
| 0:59 | Build | Building 4001 |
| 0:59 | Build | Building 4001 |
| 0:59 | Build | Building 4001 |
| 0:59 | Build | Building 4001 |
| 0:59 | Build | Building 4001 |
| 1:03 | Build | Building 4001 |
| 1:03 | Build | Building 4001 |
| 1:04 | Build | Building 4001 |
| 1:04 | Build | Building 4001 |
| 1:04 | Build | Building 4001 |
| 1:04 | Build | Building 4001 |
| 1:04 | Build | Building 4001 |
| 1:04 | Build | Building 4001 |
| 1:09 | Build | Building 4001 |
| 1:09 | Build | Building 4001 |
| 1:09 | Build | Building 4001 |
| 1:09 | Build | Building 4001 |
| 1:09 | Build | Building 4001 |
| 1:09 | Build | Building 4001 |
| 1:09 | Build | Building 4001 |
| 1:09 | Build | Building 4001 |
| 1:10 | Build | Building 4001 |
| 1:10 | Build | Building 4001 |
| 1:10 | Build | Building 4001 |
| 1:10 | Build | Building 4001 |
| 1:10 | Build | Building 4001 |
| 1:10 | Build | Building 4001 |
| 1:10 | Build | Building 4001 |
| 1:10 | Build | Building 4001 |
| 1:11 | Build | Building 4001 |
| 1:11 | Build | Building 4001 |
| 1:11 | Build | Building 4001 |
| 1:11 | Build | Building 4001 |
| 1:11 | Build | Building 4001 |
| 1:11 | Build | Building 4001 |
| 1:11 | Build | Building 4001 |
| 1:11 | Build | Building 4001 |
| 1:12 | Build | Building 4001 |
| 1:12 | Build | Building 4001 |
| 1:12 | Build | Building 4001 |
| 1:12 | Build | Building 4001 |
| 1:12 | Build | Building 4001 |
| 1:12 | Build | Building 4001 |
| 1:12 | Build | Building 4001 |
| 1:12 | Build | Building 4001 |
| 1:13 | Build | Building 4001 |
| 1:13 | Build | Building 4001 |
| 1:13 | Build | Building 4001 |
| 1:13 | Build | Building 4001 |
| 1:13 | Build | Building 4001 |
| 1:13 | Build | Building 4001 |
| 1:13 | Build | Building 4001 |
| 1:13 | Build | Building 4001 |
| 1:14 | Build | Building 4001 |
| 1:14 | Build | Building 4001 |
| 1:14 | Build | Building 4001 |
| 1:14 | Build | Building 4001 |
| 1:14 | Build | Building 4001 |
| 1:14 | Build | Building 4001 |
| 1:14 | Build | Building 4001 |
| 1:14 | Build | Building 4001 |
| 1:15 | Build | Building 4001 |
| 1:15 | Build | Building 4001 |
| 1:15 | Build | Building 4001 |
| 1:15 | Build | Building 4001 |
| 1:15 | Build | Building 4001 |
| 1:15 | Build | Building 4001 |
| 1:15 | Build | Building 4001 |
| 1:15 | Build | Building 4001 |
| 1:15 | Build | Building 4001 |
| 1:15 | Build | Building 4001 |
| 1:16 | Build | Building 4001 |
| 1:16 | Build | Building 4001 |
| 1:16 | Build | Building 4001 |
| 1:16 | Build | Building 4001 |
| 1:16 | Build | Building 4001 |
| 1:16 | Build | Building 4001 |
| 1:16 | Build | Building 4001 |
| 1:17 | Build | Building 4001 |
| 1:17 | Build | Building 4001 |
| 1:17 | Build | Building 4001 |
| 1:17 | Build | Building 4001 |
| 1:17 | Build | Building 4001 |
| 1:17 | Build | Building 4001 |
| 1:17 | Build | Building 4001 |
| 1:30 | Build | Building 4001 |
| 1:30 | Build | Building 4001 |
| 1:30 | Build | Building 4001 |
| 1:30 | Build | Building 4001 |
| 1:30 | Build | Building 4001 |
| 1:30 | Build | Building 4001 |
| 1:30 | Build | Building 4001 |
| 1:30 | Build | Building 4001 |
| 1:30 | Build | Building 4001 |
| 1:31 | Build | Building 4001 |
| 1:32 | Build | Building 4001 |
| 1:32 | Build | Building 4001 |
| 1:32 | Build | Building 4001 |
| 1:32 | Build | Building 4001 |
| 1:32 | Build | Building 4001 |
| 1:33 | Build | Building 4001 |
| 1:33 | Build | Building 4001 |
| 1:33 | Build | Building 4001 |
| 1:33 | Build | Building 4001 |
| 1:33 | Build | Building 4001 |
| 1:33 | Build | Building 4001 |
| 1:33 | Build | Building 4001 |
| 1:33 | Build | Building 4001 |
| 1:33 | Build | Building 4001 |
| 1:33 | Build | Building 4001 |
| 1:33 | Build | Building 4001 |
| 1:34 | Build | Building 4001 |
| 1:34 | Build | Building 4001 |
| 1:34 | Build | Building 4001 |
| 1:34 | Build | Building 4001 |
| 1:34 | Build | Building 4001 |
| 1:34 | Build | Building 4001 |
| 1:34 | Build | Building 4001 |
| 1:34 | Build | Building 4001 |
| 1:34 | Build | Building 4001 |
| 1:34 | Build | Building 4001 |
Build order — jacobfinck
0 actions detected in the replay
Build order — 中国卢氏
56 actions detected in the replay
| 0:45 | Build | Building 4001 |
| 0:51 | Build | Building 4001 |
| 1:06 | Build | Building 4001 |
| 1:16 | Build | Building 4001 |
| 1:18 | Build | Building 4001 |
| 2:20 | Build | Stable |
| 2:27 | Build | Building 4001 |
| 2:30 | Build | Building 4001 |
| 2:34 | Build | Building 4001 |
| 2:39 | Build | Building 4001 |
| 2:43 | Build | Building 4001 |
| 2:50 | Build | Building 4001 |
| 2:57 | Build | Building 4001 |
| 3:07 | Build | Building 4001 |
| 3:16 | Build | Building 4001 |
| 3:20 | Build | Building 4001 |
| 3:25 | Build | Building 4001 |
| 3:41 | Build | Building 4001 |
| 3:47 | Build | Building 4001 |
| 3:53 | Build | Building 4001 |
| 4:04 | Build | Building 4001 |
| 4:13 | Build | Building 4001 |
| 4:21 | Build | Building 4001 |
| 4:34 | Build | Building 4001 |
| 4:42 | Build | Building 4001 |
| 4:49 | Build | Building 4001 |
| 4:55 | Build | Building 4001 |
| 5:03 | Build | Building 4001 |
| 5:14 | Build | Building 4001 |
| 5:22 | Build | Building 4001 |
| 5:48 | Build | Building 4001 |
| 5:51 | Build | Building 4001 |
| 5:59 | Build | Building 4001 |
| 6:05 | Queue | Unit 4100 |
| 6:06 | Queue | Unit 4100 |
| 6:06 | Queue | Unit 4100 |
| 6:06 | Queue | Unit 4100 |
| 6:07 | Queue | Unit 4100 |
| 6:07 | Queue | Unit 4100 |
| 6:07 | Queue | Unit 4100 |
| 6:08 | Queue | Unit 4100 |
| 6:08 | Queue | Unit 4100 |
| 6:38 | Build | Building 4001 |
| 6:45 | Build | Building 4001 |
| 6:49 | Build | Building 4001 |
| 7:00 | Build | Building 4001 |
| 7:07 | Build | Building 4001 |
| 7:13 | Build | Building 4001 |
| 7:15 | Build | Building 4001 |
| 7:16 | Build | Building 4001 |
| 7:17 | Build | Building 4001 |
| 7:18 | Build | Building 4001 |
| 7:19 | Build | Building 4001 |
| 7:20 | Build | Building 4001 |
| 7:25 | Build | Building 4001 |
| 7:36 | Build | Building 4001 |
Build order — PorkFriedRice
108 actions detected in the replay
| 0:28 | Build | Barracks |
| 0:29 | Build | Barracks |
| 0:30 | Build | Barracks |
| 0:31 | Build | Barracks |
| 0:33 | Build | Barracks |
| 0:34 | Build | Barracks |
| 0:41 | Build | Building 4001 |
| 0:44 | Build | Building 4001 |
| 1:09 | Build | Building 4001 |
| 1:12 | Build | Building 4001 |
| 1:22 | Build | Building 4001 |
| 1:25 | Queue | Obuch ×5 |
| 1:25 | Queue | Obuch ×5 |
| 1:25 | Queue | Obuch ×5 |
| 1:26 | Queue | Obuch ×5 |
| 1:26 | Queue | Obuch ×5 |
| 1:26 | Queue | Obuch ×5 |
| 1:27 | Queue | Obuch ×5 |
| 1:27 | Queue | Obuch ×5 |
| 1:27 | Queue | Obuch ×5 |
| 1:28 | Queue | Obuch ×5 |
| 1:28 | Queue | Obuch ×5 |
| 1:28 | Queue | Obuch ×5 |
| 1:29 | Queue | Obuch ×5 |
| 1:29 | Queue | Obuch ×5 |
| 1:29 | Queue | Obuch ×5 |
| 1:30 | Queue | Obuch ×5 |
| 1:30 | Queue | Obuch ×5 |
| 1:30 | Queue | Obuch ×5 |
| 1:36 | Build | Building 4001 |
| 1:37 | Build | Building 4001 |
| 1:38 | Build | Building 4001 |
| 1:39 | Build | Building 4001 |
| 1:41 | Build | Building 4001 |
| 1:42 | Build | Building 4001 |
| 1:44 | Build | Building 4001 |
| 1:46 | Build | Building 4001 |
| 1:49 | Build | Building 4001 |
| 2:25 | Build | Building 4001 |
| 2:28 | Build | Building 4001 |
| 2:57 | Build | Building 4001 |
| 3:00 | Build | Building 4001 |
| 4:11 | Build | Building 4001 |
| 4:12 | Build | Archery Range |
| 4:16 | Build | Stable |
| 4:18 | Build | Building 4001 |
| 4:19 | Build | Building 4001 |
| 4:22 | Build | Building 4001 |
| 4:23 | Build | Building 4001 |
| 4:26 | Queue | Unit 4100 |
| 4:26 | Queue | Unit 4100 |
| 4:34 | Build | Building 4001 |
| 4:38 | Build | Building 4001 |
| 4:48 | Build | Building 4001 |
| 4:56 | Build | Building 4001 |
| 4:58 | Build | Building 4001 |
| 5:17 | Queue | Obuch ×5 |
| 5:17 | Queue | Obuch ×5 |
| 5:17 | Queue | Obuch ×5 |
| 5:17 | Queue | Obuch ×5 |
| 5:18 | Queue | Obuch ×5 |
| 5:18 | Queue | Obuch ×5 |
| 5:18 | Queue | Obuch ×5 |
| 5:19 | Queue | Obuch ×5 |
| 5:19 | Queue | Obuch ×5 |
| 5:19 | Queue | Obuch ×5 |
| 5:19 | Queue | Obuch ×5 |
| 5:24 | Build | Building 4001 |
| 5:33 | Build | Building 4001 |
| 5:35 | Build | Building 4001 |
| 5:52 | Build | Building 4001 |
| 5:58 | Build | Building 4001 |
| 6:00 | Build | Building 4001 |
| 6:02 | Build | Building 4001 |
| 6:04 | Build | Building 4001 |
| 6:06 | Build | Building 4001 |
| 6:09 | Build | Building 4001 |
| 6:13 | Build | Building 4001 |
| 6:20 | Build | Building 4001 |
| 6:21 | Build | Building 4001 |
| 6:23 | Build | Building 4001 |
| 6:24 | Build | Building 4001 |
| 6:31 | Build | Building 4001 |
| 6:47 | Queue | Obuch ×5 |
| 6:47 | Queue | Obuch ×5 |
| 6:47 | Queue | Obuch ×5 |
| 6:48 | Queue | Obuch ×5 |
| 6:48 | Queue | Obuch ×5 |
| 6:48 | Queue | Obuch ×5 |
| 6:48 | Queue | Obuch ×5 |
| 6:56 | Build | Building 4001 |
| 6:58 | Build | Building 4001 |
| 7:08 | Build | Building 4001 |
| 7:27 | Build | Building 4001 |
| 7:36 | Build | Building 4001 |
| 7:45 | Build | Building 4001 |
| 7:48 | Build | Building 4001 |
| 8:04 | Build | Building 4001 |
| 8:11 | Build | Building 4001 |
| 8:19 | Build | Building 4001 |
| 8:21 | Build | Building 4001 |
| 8:31 | Build | Building 4001 |
| 8:32 | Build | Building 4001 |
| 8:44 | Build | Building 4001 |
| 8:45 | Build | Building 4001 |
| 8:47 | Build | Building 4001 |
| 9:13 | Build | Building 4001 |
| 9:14 | Build | Building 4001 |
Match timeline
| 0:28 | PorkFriedRice · first_building Barracks |
| 0:28 | Spicy$p3nce · wall_segment Unknown (4001) x21 |
| 0:30 | the_llamatoast · wall_segment Unknown (4001) x1 |
| 0:31 | the_llamatoast · wall_segment Unknown (4001) x1 |
| 0:32 | gsnwizard999 · wall_segment Unknown (4001) x1 |
| 0:33 | gsnwizard999 · wall_segment Unknown (4001) x1 |
| 0:33 | the_llamatoast · wall_segment Unknown (4001) x6 |
| 0:34 | gsnwizard999 · wall_segment Unknown (4001) x1 |
| 0:34 | 22 · wall_segment Unknown (4001) x1 |
| 0:34 | Spicy$p3nce · wall_segment Unknown (4001) x12 |
| 0:34 | gsnwizard999 · wall_segment Unknown (4001) x1 |
| 0:35 | gsnwizard999 · wall_segment Unknown (4001) x1 |
| 0:35 | FlyingSheep · wall_segment Unknown (4001) x1 |
| 0:35 | the_llamatoast · wall_segment Unknown (4001) x4 |
| 0:35 | 22 · wall_segment Unknown (4001) x1 |
| 0:35 | gsnwizard999 · wall_segment Unknown (4001) x1 |
| 0:36 | FlyingSheep · wall_segment Unknown (4001) x1 |
| 0:36 | gsnwizard999 · wall_segment Unknown (4001) x1 |
| 0:36 | FlyingSheep · wall_segment Unknown (4001) x1 |
| 0:36 | FlyingSheep · wall_segment Unknown (4001) x1 |
| 0:36 | FlyingSheep · wall_segment Unknown (4001) x1 |
| 0:36 | FlyingSheep · wall_segment Unknown (4001) x1 |
| 0:36 | gsnwizard999 · wall_segment Unknown (4001) x1 |
| 0:37 | 22 · wall_segment Unknown (4001) x6 |
| 0:37 | gsnwizard999 · wall_segment Unknown (4001) x1 |
| 0:38 | gsnwizard999 · wall_segment Unknown (4001) x1 |
| 0:38 | gsnwizard999 · wall_segment Unknown (4001) x1 |
| 0:39 | 22 · wall_segment Unknown (4001) x7 |
| 0:39 | FlyingSheep · wall_segment Unknown (4001) x1 |
| 0:39 | FlyingSheep · wall_segment Unknown (4001) x1 |
| 0:39 | FlyingSheep · wall_segment Unknown (4001) x1 |
| 0:39 | FlyingSheep · wall_segment Unknown (4001) x1 |
| 0:39 | FlyingSheep · wall_segment Unknown (4001) x1 |
| 0:39 | FlyingSheep · wall_segment Unknown (4001) x1 |
| 0:39 | FlyingSheep · wall_segment Unknown (4001) x1 |
| 0:39 | FlyingSheep · wall_segment Unknown (4001) x1 |
| 0:40 | FlyingSheep · wall_segment Unknown (4001) x1 |
| 0:41 | PorkFriedRice · wall_segment Unknown (4001) x3 |
| 0:41 | FlyingSheep · wall_segment Unknown (4001) x1 |
| 0:41 | FlyingSheep · wall_segment Unknown (4001) x1 |
| 0:41 | gsnwizard999 · wall_segment Unknown (4001) x1 |
| 0:41 | 22 · wall_segment Unknown (4001) x5 |
| 0:41 | FlyingSheep · wall_segment Unknown (4001) x1 |
| 0:41 | FlyingSheep · wall_segment Unknown (4001) x1 |
| 0:41 | FlyingSheep · wall_segment Unknown (4001) x1 |
| 0:42 | FlyingSheep · wall_segment Unknown (4001) x1 |
| 0:42 | FlyingSheep · wall_segment Unknown (4001) x1 |
| 0:42 | FlyingSheep · wall_segment Unknown (4001) x1 |
| 0:42 | FlyingSheep · wall_segment Unknown (4001) x1 |
| 0:42 | gsnwizard999 · wall_segment Unknown (4001) x1 |
| 0:42 | gsnwizard999 · wall_segment Unknown (4001) x1 |
| 0:43 | FlyingSheep · wall_segment Unknown (4001) x1 |
| 0:43 | gsnwizard999 · wall_segment Unknown (4001) x1 |
| 0:43 | gsnwizard999 · wall_segment Unknown (4001) x1 |
| 0:44 | gsnwizard999 · wall_segment Unknown (4001) x1 |
| 0:44 | PorkFriedRice · wall_segment Unknown (4001) x18 |
| 0:44 | 22 · wall_segment Unknown (4001) x4 |
| 0:44 | gsnwizard999 · wall_segment Unknown (4001) x1 |
| 0:45 | 中国卢氏 · wall_segment Unknown (4001) x10 |
| 0:45 | gsnwizard999 · wall_segment Unknown (4001) x1 |
| 0:45 | gsnwizard999 · wall_segment Unknown (4001) x1 |
| 0:46 | gsnwizard999 · wall_segment Unknown (4001) x1 |
| 0:46 | gsnwizard999 · wall_segment Unknown (4001) x1 |
| 0:47 | gsnwizard999 · wall_segment Unknown (4001) x1 |
| 0:47 | 22 · wall_segment Unknown (4001) x8 |
| 0:47 | gsnwizard999 · wall_segment Unknown (4001) x1 |
| 0:48 | gsnwizard999 · wall_segment Unknown (4001) x1 |
| 0:48 | gsnwizard999 · wall_segment Unknown (4001) x1 |
| 0:49 | gsnwizard999 · wall_segment Unknown (4001) x1 |
| 0:49 | gsnwizard999 · wall_segment Unknown (4001) x1 |
| 0:50 | Spicy$p3nce · wall_segment Unknown (4001) x14 |
| 0:50 | gsnwizard999 · wall_segment Unknown (4001) x1 |
| 0:50 | 22 · wall_segment Unknown (4001) x2 |
| 0:50 | FlyingSheep · wall_segment Unknown (4001) x1 |
| 0:50 | gsnwizard999 · wall_segment Unknown (4001) x1 |
| 0:51 | 中国卢氏 · wall_segment Unknown (4001) x13 |
| 0:51 | gsnwizard999 · wall_segment Unknown (4001) x1 |
| 0:51 | gsnwizard999 · wall_segment Unknown (4001) x1 |
| 0:52 | gsnwizard999 · wall_segment Unknown (4001) x1 |
| 0:52 | 22 · wall_segment Unknown (4001) x8 |
| 0:53 | gsnwizard999 · wall_segment Unknown (4001) x1 |
| 0:53 | gsnwizard999 · wall_segment Unknown (4001) x1 |
| 0:54 | gsnwizard999 · wall_segment Unknown (4001) x1 |
| 0:54 | gsnwizard999 · wall_segment Unknown (4001) x1 |
| 0:55 | gsnwizard999 · wall_segment Unknown (4001) x1 |
| 0:55 | gsnwizard999 · wall_segment Unknown (4001) x1 |
| 0:56 | gsnwizard999 · wall_segment Unknown (4001) x1 |
| 0:56 | Spicy$p3nce · wall_segment Unknown (4001) x13 |
| 0:56 | gsnwizard999 · wall_segment Unknown (4001) x1 |
| 0:57 | gsnwizard999 · wall_segment Unknown (4001) x1 |
| 0:57 | gsnwizard999 · wall_segment Unknown (4001) x1 |
| 0:58 | gsnwizard999 · wall_segment Unknown (4001) x1 |
| 0:58 | Spicy$p3nce · wall_segment Unknown (4001) x4 |
| 0:58 | gsnwizard999 · wall_segment Unknown (4001) x1 |
| 0:59 | gsnwizard999 · wall_segment Unknown (4001) x1 |
| 0:59 | FlyingSheep · wall_segment Unknown (4001) x1 |
| 0:59 | FlyingSheep · wall_segment Unknown (4001) x1 |
| 0:59 | FlyingSheep · wall_segment Unknown (4001) x1 |
| 0:59 | gsnwizard999 · wall_segment Unknown (4001) x1 |
| 0:59 | FlyingSheep · wall_segment Unknown (4001) x1 |
| 0:59 | FlyingSheep · wall_segment Unknown (4001) x1 |
| 0:59 | FlyingSheep · wall_segment Unknown (4001) x1 |
| 0:59 | FlyingSheep · wall_segment Unknown (4001) x1 |
| 0:59 | FlyingSheep · wall_segment Unknown (4001) x1 |
| 0:59 | gsnwizard999 · wall_segment Unknown (4001) x1 |
| 1:00 | gsnwizard999 · wall_segment Unknown (4001) x1 |
| 1:00 | gsnwizard999 · wall_segment Unknown (4001) x1 |
| 1:01 | gsnwizard999 · wall_segment Unknown (4001) x1 |
| 1:01 | gsnwizard999 · wall_segment Unknown (4001) x1 |
| 1:02 | gsnwizard999 · wall_segment Unknown (4001) x1 |
| 1:02 | gsnwizard999 · wall_segment Unknown (4001) x1 |
| 1:03 | gsnwizard999 · wall_segment Unknown (4001) x1 |
| 1:03 | gsnwizard999 · wall_segment Unknown (4001) x1 |
| 1:03 | FlyingSheep · wall_segment Unknown (4001) x1 |
| 1:03 | FlyingSheep · wall_segment Unknown (4001) x1 |
| 1:04 | gsnwizard999 · wall_segment Unknown (4001) x1 |
| 1:04 | FlyingSheep · wall_segment Unknown (4001) x1 |
| 1:04 | FlyingSheep · wall_segment Unknown (4001) x1 |
| 1:04 | FlyingSheep · wall_segment Unknown (4001) x1 |
| 1:04 | FlyingSheep · wall_segment Unknown (4001) x1 |
| 1:04 | gsnwizard999 · wall_segment Unknown (4001) x1 |
| 1:04 | FlyingSheep · wall_segment Unknown (4001) x1 |
| 1:04 | FlyingSheep · wall_segment Unknown (4001) x1 |
| 1:04 | gsnwizard999 · wall_segment Unknown (4001) x1 |
| 1:05 | gsnwizard999 · wall_segment Unknown (4001) x1 |
| 1:05 | Spicy$p3nce · first_building Stable |
| 1:05 | gsnwizard999 · wall_segment Unknown (4001) x1 |
| 1:06 | gsnwizard999 · wall_segment Unknown (4001) x1 |
| 1:06 | 中国卢氏 · wall_segment Unknown (4001) x23 |
| 1:06 | gsnwizard999 · wall_segment Unknown (4001) x1 |
| 1:07 | gsnwizard999 · wall_segment Unknown (4001) x1 |
| 1:07 | gsnwizard999 · wall_segment Unknown (4001) x1 |
| 1:08 | gsnwizard999 · wall_segment Unknown (4001) x1 |
| 1:08 | gsnwizard999 · wall_segment Unknown (4001) x1 |
| 1:08 | the_llamatoast · wall_segment Unknown (4001) x1 |
| 1:09 | gsnwizard999 · wall_segment Unknown (4001) x1 |
| 1:09 | FlyingSheep · wall_segment Unknown (4001) x1 |
| 1:09 | PorkFriedRice · wall_segment Unknown (4001) x2 |
| 1:09 | gsnwizard999 · wall_segment Unknown (4001) x1 |
| 1:09 | FlyingSheep · wall_segment Unknown (4001) x1 |
| 1:09 | FlyingSheep · wall_segment Unknown (4001) x1 |
| 1:09 | FlyingSheep · wall_segment Unknown (4001) x1 |
| 1:09 | FlyingSheep · wall_segment Unknown (4001) x1 |
| 1:09 | gsnwizard999 · wall_segment Unknown (4001) x2 |
| 1:09 | FlyingSheep · wall_segment Unknown (4001) x1 |
| 1:09 | FlyingSheep · wall_segment Unknown (4001) x1 |
| 1:09 | FlyingSheep · wall_segment Unknown (4001) x1 |
| 1:10 | FlyingSheep · wall_segment Unknown (4001) x1 |
| 1:10 | FlyingSheep · wall_segment Unknown (4001) x1 |
| 1:10 | FlyingSheep · wall_segment Unknown (4001) x1 |
| 1:10 | FlyingSheep · wall_segment Unknown (4001) x1 |
| 1:10 | FlyingSheep · wall_segment Unknown (4001) x1 |
| 1:10 | FlyingSheep · wall_segment Unknown (4001) x1 |
| 1:10 | gsnwizard999 · wall_segment Unknown (4001) x1 |
| 1:10 | FlyingSheep · wall_segment Unknown (4001) x1 |
| 1:10 | FlyingSheep · wall_segment Unknown (4001) x1 |
| 1:11 | Spicy$p3nce · wall_segment Unknown (4001) x3 |
| 1:11 | FlyingSheep · wall_segment Unknown (4001) x1 |
| 1:11 | FlyingSheep · wall_segment Unknown (4001) x1 |
| 1:11 | FlyingSheep · wall_segment Unknown (4001) x1 |
| 1:11 | FlyingSheep · wall_segment Unknown (4001) x1 |
| 1:11 | FlyingSheep · wall_segment Unknown (4001) x1 |
| 1:11 | FlyingSheep · wall_segment Unknown (4001) x1 |
| 1:11 | FlyingSheep · wall_segment Unknown (4001) x1 |
| 1:11 | FlyingSheep · wall_segment Unknown (4001) x1 |
| 1:11 | the_llamatoast · wall_segment Unknown (4001) x2 |
| 1:12 | FlyingSheep · wall_segment Unknown (4001) x1 |
| 1:12 | FlyingSheep · wall_segment Unknown (4001) x1 |
| 1:12 | FlyingSheep · wall_segment Unknown (4001) x1 |
| 1:12 | FlyingSheep · wall_segment Unknown (4001) x1 |
| 1:12 | FlyingSheep · wall_segment Unknown (4001) x1 |
| 1:12 | FlyingSheep · wall_segment Unknown (4001) x1 |
| 1:12 | FlyingSheep · wall_segment Unknown (4001) x1 |
| 1:12 | PorkFriedRice · wall_segment Unknown (4001) x20 |
| 1:12 | FlyingSheep · wall_segment Unknown (4001) x1 |
| 1:13 | FlyingSheep · wall_segment Unknown (4001) x1 |
| 1:13 | FlyingSheep · wall_segment Unknown (4001) x1 |
| 1:13 | FlyingSheep · wall_segment Unknown (4001) x1 |
| 1:13 | FlyingSheep · wall_segment Unknown (4001) x1 |
| 1:13 | FlyingSheep · wall_segment Unknown (4001) x1 |
| 1:13 | FlyingSheep · wall_segment Unknown (4001) x1 |
| 1:13 | FlyingSheep · wall_segment Unknown (4001) x1 |
| 1:13 | FlyingSheep · wall_segment Unknown (4001) x1 |
| 1:14 | FlyingSheep · wall_segment Unknown (4001) x1 |
| 1:14 | FlyingSheep · wall_segment Unknown (4001) x1 |
| 1:14 | FlyingSheep · wall_segment Unknown (4001) x1 |
| 1:14 | FlyingSheep · wall_segment Unknown (4001) x1 |
| 1:14 | FlyingSheep · wall_segment Unknown (4001) x1 |
| 1:14 | FlyingSheep · wall_segment Unknown (4001) x1 |
| 1:14 | FlyingSheep · wall_segment Unknown (4001) x1 |
| 1:14 | FlyingSheep · wall_segment Unknown (4001) x1 |
| 1:15 | FlyingSheep · wall_segment Unknown (4001) x1 |
| 1:15 | FlyingSheep · wall_segment Unknown (4001) x1 |
| 1:15 | FlyingSheep · wall_segment Unknown (4001) x1 |
| 1:15 | FlyingSheep · wall_segment Unknown (4001) x1 |
| 1:15 | gsnwizard999 · wall_segment Unknown (4001) x1 |
| 1:15 | FlyingSheep · wall_segment Unknown (4001) x1 |
| 1:15 | FlyingSheep · wall_segment Unknown (4001) x1 |
| 1:15 | FlyingSheep · wall_segment Unknown (4001) x1 |
| 1:15 | FlyingSheep · wall_segment Unknown (4001) x1 |
| 1:15 | gsnwizard999 · wall_segment Unknown (4001) x2 |
| 1:15 | FlyingSheep · wall_segment Unknown (4001) x1 |
| 1:15 | FlyingSheep · wall_segment Unknown (4001) x1 |
| 1:16 | Spicy$p3nce · wall_segment Unknown (4001) x9 |
| 1:16 | FlyingSheep · wall_segment Unknown (4001) x1 |
| 1:16 | FlyingSheep · wall_segment Unknown (4001) x1 |
| 1:16 | FlyingSheep · wall_segment Unknown (4001) x1 |
| 1:16 | FlyingSheep · wall_segment Unknown (4001) x1 |
| 1:16 | 中国卢氏 · wall_segment Unknown (4001) x24 |
| 1:16 | FlyingSheep · wall_segment Unknown (4001) x1 |
| 1:16 | FlyingSheep · wall_segment Unknown (4001) x1 |
| 1:16 | gsnwizard999 · wall_segment Unknown (4001) x1 |
| 1:16 | gsnwizard999 · wall_segment Unknown (4001) x1 |
| 1:16 | FlyingSheep · wall_segment Unknown (4001) x1 |
| 1:17 | FlyingSheep · wall_segment Unknown (4001) x1 |
| 1:17 | FlyingSheep · wall_segment Unknown (4001) x1 |
| 1:17 | FlyingSheep · wall_segment Unknown (4001) x1 |
| 1:17 | FlyingSheep · wall_segment Unknown (4001) x1 |
| 1:17 | FlyingSheep · wall_segment Unknown (4001) x1 |
| 1:17 | FlyingSheep · wall_segment Unknown (4001) x1 |
| 1:17 | FlyingSheep · wall_segment Unknown (4001) x1 |
| 1:18 | the_llamatoast · wall_segment Unknown (4001) x3 |
| 1:18 | 中国卢氏 · wall_segment Unknown (4001) x6 |
| 1:20 | gsnwizard999 · wall_segment Unknown (4001) x1 |
| 1:20 | 22 · first_building Stable |
| 1:20 | gsnwizard999 · wall_segment Unknown (4001) x1 |
| 1:20 | the_llamatoast · wall_segment Unknown (4001) x7 |
| 1:21 | gsnwizard999 · wall_segment Unknown (4001) x1 |
| 1:21 | gsnwizard999 · wall_segment Unknown (4001) x1 |
| 1:22 | gsnwizard999 · wall_segment Unknown (4001) x1 |
| 1:22 | the_llamatoast · wall_segment Unknown (4001) x7 |
| 1:22 | gsnwizard999 · wall_segment Unknown (4001) x1 |
| 1:22 | PorkFriedRice · wall_segment Unknown (4001) x20 |
| 1:23 | gsnwizard999 · wall_segment Unknown (4001) x1 |
| 1:24 | gsnwizard999 · wall_segment Unknown (4001) x1 |
| 1:24 | gsnwizard999 · wall_segment Unknown (4001) x1 |
| 1:25 | gsnwizard999 · wall_segment Unknown (4001) x1 |
| 1:26 | gsnwizard999 · wall_segment Unknown (4001) x1 |
| 1:26 | 22 · wall_segment Unknown (4001) x8 |
| 1:26 | gsnwizard999 · wall_segment Unknown (4001) x1 |
| 1:26 | gsnwizard999 · wall_segment Unknown (4001) x1 |
| 1:28 | 22 · wall_segment Unknown (4001) x7 |
| 1:28 | gsnwizard999 · wall_segment Unknown (4001) x8 |
| 1:30 | FlyingSheep · wall_segment Unknown (4001) x1 |
| 1:30 | FlyingSheep · wall_segment Unknown (4001) x1 |
| 1:30 | FlyingSheep · wall_segment Unknown (4001) x1 |
| 1:30 | FlyingSheep · wall_segment Unknown (4001) x1 |
| 1:30 | FlyingSheep · wall_segment Unknown (4001) x1 |
| 1:30 | FlyingSheep · wall_segment Unknown (4001) x1 |
| 1:30 | FlyingSheep · wall_segment Unknown (4001) x1 |
| 1:30 | FlyingSheep · wall_segment Unknown (4001) x1 |
| 1:30 | FlyingSheep · wall_segment Unknown (4001) x1 |
| 1:31 | FlyingSheep · wall_segment Unknown (4001) x1 |
| 1:32 | FlyingSheep · wall_segment Unknown (4001) x1 |
| 1:32 | FlyingSheep · wall_segment Unknown (4001) x1 |
| 1:32 | FlyingSheep · wall_segment Unknown (4001) x1 |
| 1:32 | FlyingSheep · wall_segment Unknown (4001) x1 |
| 1:32 | FlyingSheep · wall_segment Unknown (4001) x1 |
| 1:33 | FlyingSheep · wall_segment Unknown (4001) x1 |
| 1:33 | FlyingSheep · wall_segment Unknown (4001) x1 |
| 1:33 | FlyingSheep · wall_segment Unknown (4001) x1 |
| 1:33 | FlyingSheep · wall_segment Unknown (4001) x1 |
| 1:33 | Spicy$p3nce · wall_segment Unknown (4001) x5 |
| 1:33 | FlyingSheep · wall_segment Unknown (4001) x1 |
| 1:33 | FlyingSheep · wall_segment Unknown (4001) x1 |
| 1:33 | FlyingSheep · wall_segment Unknown (4001) x1 |
| 1:33 | FlyingSheep · wall_segment Unknown (4001) x1 |
| 1:33 | FlyingSheep · wall_segment Unknown (4001) x1 |
| 1:33 | FlyingSheep · wall_segment Unknown (4001) x1 |
| 1:33 | FlyingSheep · wall_segment Unknown (4001) x1 |
| 1:34 | FlyingSheep · wall_segment Unknown (4001) x1 |
| 1:34 | FlyingSheep · wall_segment Unknown (4001) x1 |
| 1:34 | gsnwizard999 · wall_segment Unknown (4001) x1 |
| 1:34 | FlyingSheep · wall_segment Unknown (4001) x1 |
| 1:34 | 22 · wall_segment Unknown (4001) x10 |
| 1:34 | FlyingSheep · wall_segment Unknown (4001) x1 |
| 1:34 | FlyingSheep · wall_segment Unknown (4001) x1 |
| 1:34 | FlyingSheep · wall_segment Unknown (4001) x1 |
| 1:34 | FlyingSheep · wall_segment Unknown (4001) x1 |
| 1:34 | FlyingSheep · wall_segment Unknown (4001) x1 |
| 1:34 | the_llamatoast · wall_segment Unknown (4001) x18 |
| 1:34 | FlyingSheep · wall_segment Unknown (4001) x1 |
| 1:34 | FlyingSheep · wall_segment Unknown (4001) x1 |
| 1:35 | gsnwizard999 · wall_segment Unknown (4001) x1 |
| 1:35 | FlyingSheep · wall_segment Unknown (4001) x1 |
| 1:35 | FlyingSheep · wall_segment Unknown (4001) x1 |
| 1:35 | FlyingSheep · wall_segment Unknown (4001) x1 |
| 1:36 | FlyingSheep · wall_segment Unknown (4001) x1 |
| 1:36 | FlyingSheep · wall_segment Unknown (4001) x1 |
| 1:36 | FlyingSheep · wall_segment Unknown (4001) x1 |
| 1:36 | FlyingSheep · wall_segment Unknown (4001) x1 |
| 1:36 | gsnwizard999 · wall_segment Unknown (4001) x1 |
| 1:36 | FlyingSheep · wall_segment Unknown (4001) x1 |
| 1:36 | FlyingSheep · wall_segment Unknown (4001) x1 |
| 1:36 | PorkFriedRice · wall_segment Unknown (4001) x1 |
| 1:36 | gsnwizard999 · wall_segment Unknown (4001) x1 |
| 1:36 | FlyingSheep · wall_segment Unknown (4001) x1 |
| 1:36 | FlyingSheep · wall_segment Unknown (4001) x1 |
| 1:36 | FlyingSheep · wall_segment Unknown (4001) x1 |
| 1:36 | FlyingSheep · wall_segment Unknown (4001) x1 |
| 1:36 | FlyingSheep · wall_segment Unknown (4001) x1 |
| 1:37 | 22 · wall_segment Unknown (4001) x7 |
| 1:37 | FlyingSheep · wall_segment Unknown (4001) x1 |
| 1:37 | FlyingSheep · wall_segment Unknown (4001) x1 |
| 1:37 | gsnwizard999 · wall_segment Unknown (4001) x1 |
| 1:37 | PorkFriedRice · wall_segment Unknown (4001) x1 |
| 1:37 | FlyingSheep · wall_segment Unknown (4001) x1 |
| 1:37 | FlyingSheep · wall_segment Unknown (4001) x1 |
| 1:37 | FlyingSheep · wall_segment Unknown (4001) x1 |
| 1:37 | FlyingSheep · wall_segment Unknown (4001) x1 |
| 1:37 | FlyingSheep · wall_segment Unknown (4001) x1 |
| 1:37 | FlyingSheep · wall_segment Unknown (4001) x1 |
| 1:37 | FlyingSheep · wall_segment Unknown (4001) x1 |
| 1:37 | FlyingSheep · wall_segment Unknown (4001) x1 |
| 1:38 | gsnwizard999 · wall_segment Unknown (4001) x1 |
| 1:38 | PorkFriedRice · wall_segment Unknown (4001) x1 |
| 1:38 | FlyingSheep · wall_segment Unknown (4001) x1 |
| 1:38 | FlyingSheep · wall_segment Unknown (4001) x1 |
| 1:38 | FlyingSheep · wall_segment Unknown (4001) x1 |
| 1:38 | FlyingSheep · wall_segment Unknown (4001) x1 |
| 1:38 | 22 · wall_segment Unknown (4001) x1 |
| 1:38 | FlyingSheep · wall_segment Unknown (4001) x1 |
| 1:38 | FlyingSheep · wall_segment Unknown (4001) x1 |
| 1:38 | FlyingSheep · wall_segment Unknown (4001) x1 |
| 1:38 | FlyingSheep · wall_segment Unknown (4001) x1 |
| 1:38 | gsnwizard999 · wall_segment Unknown (4001) x1 |
| 1:39 | gsnwizard999 · wall_segment Unknown (4001) x1 |
| 1:39 | FlyingSheep · wall_segment Unknown (4001) x1 |
| 1:39 | FlyingSheep · wall_segment Unknown (4001) x1 |
| 1:39 | FlyingSheep · wall_segment Unknown (4001) x1 |
| 1:39 | FlyingSheep · wall_segment Unknown (4001) x1 |
| 1:39 | FlyingSheep · wall_segment Unknown (4001) x1 |
| 1:39 | PorkFriedRice · wall_segment Unknown (4001) x4 |
| 1:39 | 22 · wall_segment Unknown (4001) x1 |
| 1:39 | FlyingSheep · wall_segment Unknown (4001) x1 |
| 1:39 | FlyingSheep · wall_segment Unknown (4001) x1 |
| 1:39 | FlyingSheep · wall_segment Unknown (4001) x1 |
| 1:39 | gsnwizard999 · wall_segment Unknown (4001) x1 |
| 1:40 | gsnwizard999 · wall_segment Unknown (4001) x1 |
| 1:41 | gsnwizard999 · wall_segment Unknown (4001) x1 |
| 1:41 | PorkFriedRice · wall_segment Unknown (4001) x6 |
| 1:41 | gsnwizard999 · wall_segment Unknown (4001) x1 |
| 1:42 | gsnwizard999 · wall_segment Unknown (4001) x1 |
| 1:42 | Spicy$p3nce · wall_segment Unknown (4001) x5 |
| 1:42 | gsnwizard999 · wall_segment Unknown (4001) x1 |
| 1:42 | PorkFriedRice · wall_segment Unknown (4001) x7 |
| 1:43 | 22 · wall_segment Unknown (4001) x26 |
| 1:43 | gsnwizard999 · wall_segment Unknown (4001) x1 |
| 1:44 | gsnwizard999 · wall_segment Unknown (4001) x1 |
| 1:44 | gsnwizard999 · wall_segment Unknown (4001) x1 |
| 1:44 | PorkFriedRice · wall_segment Unknown (4001) x6 |
| 1:45 | gsnwizard999 · wall_segment Unknown (4001) x1 |
| 1:45 | Spicy$p3nce · wall_segment Unknown (4001) x8 |
| 1:46 | gsnwizard999 · wall_segment Unknown (4001) x1 |
| 1:46 | PorkFriedRice · wall_segment Unknown (4001) x7 |
| 1:46 | gsnwizard999 · wall_segment Unknown (4001) x1 |
| 1:48 | gsnwizard999 · wall_segment Unknown (4001) x1 |
| 1:49 | Spicy$p3nce · wall_segment Unknown (4001) x7 |
| 1:49 | PorkFriedRice · wall_segment Unknown (4001) x27 |
| 1:50 | gsnwizard999 · wall_segment Unknown (4001) x3 |
| 1:52 | the_llamatoast · wall_segment Unknown (4001) x3 |
| 1:54 | gsnwizard999 · wall_segment Unknown (4001) x30 |
| 1:54 | Spicy$p3nce · wall_segment Unknown (4001) x4 |
| 1:54 | the_llamatoast · wall_segment Unknown (4001) x18 |
| 1:56 | Spicy$p3nce · wall_segment Unknown (4001) x5 |
| 1:58 | the_llamatoast · wall_segment Unknown (4001) x18 |
| 2:00 | the_llamatoast · wall_segment Unknown (4001) x18 |
| 2:00 | Spicy$p3nce · wall_segment Unknown (4001) x5 |
| 2:03 | the_llamatoast · wall_segment Unknown (4001) x18 |
| 2:06 | Spicy$p3nce · wall_segment Unknown (4001) x14 |
| 2:12 | Spicy$p3nce · wall_segment Unknown (4001) x2 |
| 2:14 | 22 · wall_segment Unknown (4001) x6 |
| 2:17 | 22 · wall_segment Unknown (4001) x8 |
| 2:18 | 22 · wall_segment Unknown (4001) x1 |
| 2:20 | 中国卢氏 · first_building Stable |
| 2:21 | 22 · wall_segment Unknown (4001) x4 |
| 2:23 | Spicy$p3nce · wall_segment Unknown (4001) x7 |
| 2:24 | 22 · wall_segment Unknown (4001) x5 |
| 2:25 | PorkFriedRice · wall_segment Unknown (4001) x3 |
| 2:27 | 中国卢氏 · wall_segment Unknown (4001) x3 |
| 2:27 | 22 · wall_segment Unknown (4001) x7 |
| 2:28 | PorkFriedRice · wall_segment Unknown (4001) x30 |
| 2:29 | 22 · wall_segment Unknown (4001) x6 |
| 2:30 | 中国卢氏 · wall_segment Unknown (4001) x3 |
| 2:32 | gsnwizard999 · wall_segment Unknown (4001) x4 |
| 2:34 | Spicy$p3nce · wall_segment Unknown (4001) x20 |
| 2:34 | 中国卢氏 · wall_segment Unknown (4001) x3 |
| 2:37 | gsnwizard999 · wall_segment Unknown (4001) x1 |
| 2:39 | 中国卢氏 · wall_segment Unknown (4001) x6 |
| 2:39 | gsnwizard999 · wall_segment Unknown (4001) x7 |
| 2:40 | FlyingSheep · wall_segment Unknown (4001) x1 |
| 2:41 | 22 · wall_segment Unknown (4001) x8 |
| 2:43 | 中国卢氏 · wall_segment Unknown (4001) x6 |
| 2:44 | FlyingSheep · wall_segment Unknown (4001) x1 |
| 2:45 | FlyingSheep · wall_segment Unknown (4001) x1 |
| 2:45 | FlyingSheep · wall_segment Unknown (4001) x1 |
| 2:45 | FlyingSheep · wall_segment Unknown (4001) x1 |
| 2:45 | FlyingSheep · wall_segment Unknown (4001) x1 |
| 2:45 | FlyingSheep · wall_segment Unknown (4001) x1 |
| 2:45 | FlyingSheep · wall_segment Unknown (4001) x1 |
| 2:45 | FlyingSheep · wall_segment Unknown (4001) x1 |
| 2:46 | FlyingSheep · wall_segment Unknown (4001) x1 |
| 2:46 | FlyingSheep · wall_segment Unknown (4001) x1 |
| 2:46 | FlyingSheep · wall_segment Unknown (4001) x1 |
| 2:46 | FlyingSheep · wall_segment Unknown (4001) x1 |
| 2:46 | FlyingSheep · wall_segment Unknown (4001) x1 |
| 2:46 | FlyingSheep · wall_segment Unknown (4001) x1 |
| 2:46 | FlyingSheep · wall_segment Unknown (4001) x1 |
| 2:47 | FlyingSheep · wall_segment Unknown (4001) x1 |
| 2:47 | FlyingSheep · wall_segment Unknown (4001) x1 |
| 2:47 | FlyingSheep · wall_segment Unknown (4001) x1 |
| 2:47 | FlyingSheep · wall_segment Unknown (4001) x1 |
| 2:47 | FlyingSheep · wall_segment Unknown (4001) x1 |
| 2:47 | FlyingSheep · wall_segment Unknown (4001) x1 |
| 2:47 | FlyingSheep · wall_segment Unknown (4001) x1 |
| 2:48 | FlyingSheep · wall_segment Unknown (4001) x1 |
| 2:48 | FlyingSheep · wall_segment Unknown (4001) x1 |
| 2:49 | FlyingSheep · wall_segment Unknown (4001) x1 |
| 2:49 | FlyingSheep · wall_segment Unknown (4001) x1 |
| 2:49 | FlyingSheep · wall_segment Unknown (4001) x1 |
| 2:49 | FlyingSheep · wall_segment Unknown (4001) x1 |
| 2:49 | FlyingSheep · wall_segment Unknown (4001) x1 |
| 2:49 | FlyingSheep · wall_segment Unknown (4001) x1 |
| 2:49 | FlyingSheep · wall_segment Unknown (4001) x1 |
| 2:49 | FlyingSheep · wall_segment Unknown (4001) x1 |
| 2:50 | 中国卢氏 · wall_segment Unknown (4001) x3 |
| 2:50 | FlyingSheep · wall_segment Unknown (4001) x1 |
| 2:50 | FlyingSheep · wall_segment Unknown (4001) x1 |
| 2:50 | gsnwizard999 · wall_segment Unknown (4001) x1 |
| 2:50 | FlyingSheep · wall_segment Unknown (4001) x1 |
| 2:50 | FlyingSheep · wall_segment Unknown (4001) x1 |
| 2:50 | FlyingSheep · wall_segment Unknown (4001) x1 |
| 2:50 | FlyingSheep · wall_segment Unknown (4001) x1 |
| 2:51 | FlyingSheep · wall_segment Unknown (4001) x1 |
| 2:51 | FlyingSheep · wall_segment Unknown (4001) x1 |
| 2:51 | gsnwizard999 · wall_segment Unknown (4001) x1 |
| 2:52 | gsnwizard999 · wall_segment Unknown (4001) x1 |
| 2:53 | gsnwizard999 · wall_segment Unknown (4001) x1 |
| 2:53 | gsnwizard999 · wall_segment Unknown (4001) x1 |
| 2:54 | gsnwizard999 · wall_segment Unknown (4001) x1 |
| 2:54 | FlyingSheep · first_building Stable |
| 2:55 | gsnwizard999 · wall_segment Unknown (4001) x1 |
| 2:55 | gsnwizard999 · wall_segment Unknown (4001) x1 |
| 2:56 | Spicy$p3nce · wall_segment Unknown (4001) x2 |
| 2:56 | gsnwizard999 · wall_segment Unknown (4001) x1 |
| 2:57 | gsnwizard999 · wall_segment Unknown (4001) x1 |
| 2:57 | 中国卢氏 · wall_segment Unknown (4001) x2 |
| 2:57 | gsnwizard999 · wall_segment Unknown (4001) x1 |
| 2:57 | PorkFriedRice · wall_segment Unknown (4001) x30 |
| 2:58 | gsnwizard999 · wall_segment Unknown (4001) x1 |
| 2:58 | gsnwizard999 · wall_segment Unknown (4001) x1 |
| 2:58 | Spicy$p3nce · wall_segment Unknown (4001) x5 |
| 2:59 | gsnwizard999 · wall_segment Unknown (4001) x1 |
| 2:59 | gsnwizard999 · wall_segment Unknown (4001) x1 |
| 3:00 | gsnwizard999 · wall_segment Unknown (4001) x1 |
| 3:00 | PorkFriedRice · wall_segment Unknown (4001) x30 |
| 3:00 | gsnwizard999 · wall_segment Unknown (4001) x1 |
| 3:01 | gsnwizard999 · wall_segment Unknown (4001) x1 |
| 3:02 | gsnwizard999 · wall_segment Unknown (4001) x1 |
| 3:02 | Spicy$p3nce · wall_segment Unknown (4001) x7 |
| 3:02 | gsnwizard999 · wall_segment Unknown (4001) x1 |
| 3:02 | gsnwizard999 · wall_segment Unknown (4001) x1 |
| 3:03 | gsnwizard999 · wall_segment Unknown (4001) x1 |
| 3:03 | gsnwizard999 · wall_segment Unknown (4001) x1 |
| 3:04 | gsnwizard999 · wall_segment Unknown (4001) x1 |
| 3:05 | gsnwizard999 · wall_segment Unknown (4001) x2 |
| 3:05 | gsnwizard999 · wall_segment Unknown (4001) x1 |
| 3:05 | gsnwizard999 · wall_segment Unknown (4001) x1 |
| 3:07 | 中国卢氏 · wall_segment Unknown (4001) x7 |
| 3:10 | gsnwizard999 · wall_segment Unknown (4001) x1 |
| 3:11 | gsnwizard999 · wall_segment Unknown (4001) x1 |
| 3:11 | gsnwizard999 · wall_segment Unknown (4001) x1 |
| 3:11 | gsnwizard999 · wall_segment Unknown (4001) x1 |
| 3:12 | gsnwizard999 · wall_segment Unknown (4001) x1 |
| 3:13 | gsnwizard999 · wall_segment Unknown (4001) x1 |
| 3:13 | gsnwizard999 · wall_segment Unknown (4001) x1 |
| 3:14 | gsnwizard999 · wall_segment Unknown (4001) x1 |
| 3:14 | gsnwizard999 · wall_segment Unknown (4001) x1 |
| 3:15 | gsnwizard999 · wall_segment Unknown (4001) x1 |
| 3:15 | gsnwizard999 · wall_segment Unknown (4001) x1 |
| 3:15 | gsnwizard999 · wall_segment Unknown (4001) x1 |
| 3:16 | 中国卢氏 · wall_segment Unknown (4001) x13 |
| 3:16 | gsnwizard999 · wall_segment Unknown (4001) x1 |
| 3:17 | gsnwizard999 · wall_segment Unknown (4001) x1 |
| 3:17 | FlyingSheep · wall_segment Unknown (4001) x1 |
| 3:17 | gsnwizard999 · wall_segment Unknown (4001) x1 |
| 3:17 | gsnwizard999 · wall_segment Unknown (4001) x1 |
| 3:18 | gsnwizard999 · wall_segment Unknown (4001) x1 |
| 3:18 | FlyingSheep · wall_segment Unknown (4001) x1 |
| 3:19 | gsnwizard999 · wall_segment Unknown (4001) x1 |
| 3:19 | FlyingSheep · wall_segment Unknown (4001) x1 |
| 3:19 | FlyingSheep · wall_segment Unknown (4001) x1 |
| 3:19 | FlyingSheep · wall_segment Unknown (4001) x1 |
| 3:19 | FlyingSheep · wall_segment Unknown (4001) x1 |
| 3:19 | gsnwizard999 · wall_segment Unknown (4001) x1 |
| 3:19 | FlyingSheep · wall_segment Unknown (4001) x1 |
| 3:19 | FlyingSheep · wall_segment Unknown (4001) x1 |
| 3:19 | FlyingSheep · wall_segment Unknown (4001) x1 |
| 3:19 | FlyingSheep · wall_segment Unknown (4001) x1 |
| 3:20 | FlyingSheep · wall_segment Unknown (4001) x1 |
| 3:20 | FlyingSheep · wall_segment Unknown (4001) x1 |
| 3:20 | FlyingSheep · wall_segment Unknown (4001) x1 |
| 3:20 | FlyingSheep · wall_segment Unknown (4001) x1 |
| 3:20 | FlyingSheep · wall_segment Unknown (4001) x1 |
| 3:20 | FlyingSheep · wall_segment Unknown (4001) x1 |
| 3:20 | FlyingSheep · wall_segment Unknown (4001) x1 |
| 3:20 | the_llamatoast · wall_segment Unknown (4001) x18 |
| 3:20 | 中国卢氏 · wall_segment Unknown (4001) x9 |
| 3:21 | FlyingSheep · wall_segment Unknown (4001) x1 |
| 3:21 | FlyingSheep · wall_segment Unknown (4001) x1 |
| 3:21 | FlyingSheep · wall_segment Unknown (4001) x1 |
| 3:21 | FlyingSheep · wall_segment Unknown (4001) x1 |
| 3:21 | FlyingSheep · wall_segment Unknown (4001) x1 |
| 3:21 | FlyingSheep · wall_segment Unknown (4001) x1 |
| 3:21 | FlyingSheep · wall_segment Unknown (4001) x1 |
| 3:21 | FlyingSheep · wall_segment Unknown (4001) x1 |
| 3:22 | FlyingSheep · wall_segment Unknown (4001) x1 |
| 3:22 | FlyingSheep · wall_segment Unknown (4001) x1 |
| 3:22 | FlyingSheep · wall_segment Unknown (4001) x1 |
| 3:22 | FlyingSheep · wall_segment Unknown (4001) x1 |
| 3:22 | FlyingSheep · wall_segment Unknown (4001) x1 |
| 3:22 | FlyingSheep · wall_segment Unknown (4001) x1 |
| 3:22 | FlyingSheep · wall_segment Unknown (4001) x1 |
| 3:22 | Spicy$p3nce · wall_segment Unknown (4001) x12 |
| 3:22 | FlyingSheep · wall_segment Unknown (4001) x1 |
| 3:22 | FlyingSheep · wall_segment Unknown (4001) x1 |
| 3:22 | FlyingSheep · wall_segment Unknown (4001) x1 |
| 3:23 | FlyingSheep · wall_segment Unknown (4001) x1 |
| 3:23 | FlyingSheep · wall_segment Unknown (4001) x1 |
| 3:23 | FlyingSheep · wall_segment Unknown (4001) x1 |
| 3:23 | FlyingSheep · wall_segment Unknown (4001) x1 |
| 3:23 | FlyingSheep · wall_segment Unknown (4001) x1 |
| 3:23 | FlyingSheep · wall_segment Unknown (4001) x1 |
| 3:24 | gsnwizard999 · wall_segment Unknown (4001) x1 |
| 3:24 | gsnwizard999 · wall_segment Unknown (4001) x1 |
| 3:25 | gsnwizard999 · wall_segment Unknown (4001) x1 |
| 3:25 | 中国卢氏 · wall_segment Unknown (4001) x8 |
| 3:25 | gsnwizard999 · wall_segment Unknown (4001) x1 |
| 3:26 | 22 · wall_segment Unknown (4001) x4 |
| 3:26 | gsnwizard999 · wall_segment Unknown (4001) x1 |
| 3:26 | gsnwizard999 · wall_segment Unknown (4001) x1 |
| 3:27 | gsnwizard999 · wall_segment Unknown (4001) x2 |
| 3:27 | gsnwizard999 · wall_segment Unknown (4001) x1 |
| 3:28 | gsnwizard999 · wall_segment Unknown (4001) x1 |
| 3:29 | 22 · wall_segment Unknown (4001) x16 |
| 3:31 | Spicy$p3nce · wall_segment Unknown (4001) x30 |
| 3:31 | 22 · wall_segment Unknown (4001) x1 |
| 3:31 | the_llamatoast · wall_segment Unknown (4001) x13 |
| 3:32 | gsnwizard999 · wall_segment Unknown (4001) x1 |
| 3:32 | 22 · wall_segment Unknown (4001) x1 |
| 3:32 | gsnwizard999 · wall_segment Unknown (4001) x1 |
| 3:33 | gsnwizard999 · wall_segment Unknown (4001) x1 |
| 3:33 | gsnwizard999 · wall_segment Unknown (4001) x1 |
| 3:34 | 22 · wall_segment Unknown (4001) x17 |
| 3:34 | FlyingSheep · wall_segment Unknown (4001) x1 |
| 3:34 | FlyingSheep · wall_segment Unknown (4001) x1 |
| 3:34 | FlyingSheep · wall_segment Unknown (4001) x1 |
| 3:34 | FlyingSheep · wall_segment Unknown (4001) x1 |
| 3:34 | FlyingSheep · wall_segment Unknown (4001) x1 |
| 3:34 | FlyingSheep · wall_segment Unknown (4001) x1 |
| 3:34 | FlyingSheep · wall_segment Unknown (4001) x1 |
| 3:35 | FlyingSheep · wall_segment Unknown (4001) x1 |
| 3:36 | gsnwizard999 · wall_segment Unknown (4001) x27 |
| 3:36 | 22 · wall_segment Unknown (4001) x3 |
| 3:38 | FlyingSheep · wall_segment Unknown (4001) x1 |
| 3:38 | FlyingSheep · wall_segment Unknown (4001) x1 |
| 3:38 | FlyingSheep · wall_segment Unknown (4001) x1 |
| 3:38 | FlyingSheep · wall_segment Unknown (4001) x1 |
| 3:38 | FlyingSheep · wall_segment Unknown (4001) x1 |
| 3:38 | FlyingSheep · wall_segment Unknown (4001) x1 |
| 3:38 | FlyingSheep · wall_segment Unknown (4001) x1 |
| 3:38 | FlyingSheep · wall_segment Unknown (4001) x1 |
| 3:38 | the_llamatoast · wall_segment Unknown (4001) x1 |
| 3:39 | FlyingSheep · wall_segment Unknown (4001) x1 |
| 3:39 | FlyingSheep · wall_segment Unknown (4001) x1 |
| 3:39 | FlyingSheep · wall_segment Unknown (4001) x1 |
| 3:39 | FlyingSheep · wall_segment Unknown (4001) x1 |
| 3:39 | FlyingSheep · wall_segment Unknown (4001) x1 |
| 3:39 | FlyingSheep · wall_segment Unknown (4001) x1 |
| 3:39 | FlyingSheep · wall_segment Unknown (4001) x1 |
| 3:40 | FlyingSheep · wall_segment Unknown (4001) x1 |
| 3:40 | FlyingSheep · wall_segment Unknown (4001) x1 |
| 3:40 | FlyingSheep · wall_segment Unknown (4001) x1 |
| 3:40 | FlyingSheep · wall_segment Unknown (4001) x1 |
| 3:40 | FlyingSheep · wall_segment Unknown (4001) x1 |
| 3:40 | FlyingSheep · wall_segment Unknown (4001) x1 |
| 3:40 | FlyingSheep · wall_segment Unknown (4001) x1 |
| 3:40 | FlyingSheep · wall_segment Unknown (4001) x1 |
| 3:40 | FlyingSheep · wall_segment Unknown (4001) x1 |
| 3:40 | FlyingSheep · wall_segment Unknown (4001) x1 |
| 3:41 | FlyingSheep · wall_segment Unknown (4001) x1 |
| 3:41 | the_llamatoast · wall_segment Unknown (4001) x10 |
| 3:41 | 中国卢氏 · wall_segment Unknown (4001) x7 |
| 3:42 | FlyingSheep · wall_segment Unknown (4001) x1 |
| 3:42 | FlyingSheep · wall_segment Unknown (4001) x1 |
| 3:42 | FlyingSheep · wall_segment Unknown (4001) x1 |
| 3:42 | FlyingSheep · wall_segment Unknown (4001) x1 |
| 3:42 | FlyingSheep · wall_segment Unknown (4001) x1 |
| 3:42 | FlyingSheep · wall_segment Unknown (4001) x1 |
| 3:42 | FlyingSheep · wall_segment Unknown (4001) x1 |
| 3:42 | FlyingSheep · wall_segment Unknown (4001) x1 |
| 3:42 | FlyingSheep · wall_segment Unknown (4001) x1 |
| 3:42 | FlyingSheep · wall_segment Unknown (4001) x1 |
| 3:43 | FlyingSheep · wall_segment Unknown (4001) x1 |
| 3:43 | FlyingSheep · wall_segment Unknown (4001) x1 |
| 3:43 | FlyingSheep · wall_segment Unknown (4001) x1 |
| 3:43 | FlyingSheep · wall_segment Unknown (4001) x1 |
| 3:43 | FlyingSheep · wall_segment Unknown (4001) x1 |
| 3:43 | FlyingSheep · wall_segment Unknown (4001) x1 |
| 3:43 | FlyingSheep · wall_segment Unknown (4001) x1 |
| 3:43 | FlyingSheep · wall_segment Unknown (4001) x1 |
| 3:44 | FlyingSheep · wall_segment Unknown (4001) x1 |
| 3:44 | FlyingSheep · wall_segment Unknown (4001) x1 |
| 3:44 | FlyingSheep · wall_segment Unknown (4001) x1 |
| 3:44 | FlyingSheep · wall_segment Unknown (4001) x1 |
| 3:44 | FlyingSheep · wall_segment Unknown (4001) x1 |
| 3:44 | FlyingSheep · wall_segment Unknown (4001) x1 |
| 3:44 | FlyingSheep · wall_segment Unknown (4001) x1 |
| 3:44 | FlyingSheep · wall_segment Unknown (4001) x1 |
| 3:45 | the_llamatoast · wall_segment Unknown (4001) x15 |
| 3:47 | 中国卢氏 · wall_segment Unknown (4001) x6 |
| 3:51 | Spicy$p3nce · wall_segment Unknown (4001) x17 |
| 3:53 | 中国卢氏 · wall_segment Unknown (4001) x2 |
| 3:54 | FlyingSheep · wall_segment Unknown (4001) x1 |
| 3:54 | FlyingSheep · wall_segment Unknown (4001) x1 |
| 3:54 | FlyingSheep · wall_segment Unknown (4001) x1 |
| 3:54 | FlyingSheep · wall_segment Unknown (4001) x1 |
| 3:54 | FlyingSheep · wall_segment Unknown (4001) x1 |
| 3:54 | FlyingSheep · wall_segment Unknown (4001) x1 |
| 3:54 | FlyingSheep · wall_segment Unknown (4001) x1 |
| 3:54 | FlyingSheep · wall_segment Unknown (4001) x1 |
| 3:55 | FlyingSheep · wall_segment Unknown (4001) x1 |
| 3:55 | FlyingSheep · wall_segment Unknown (4001) x1 |
| 3:55 | Spicy$p3nce · wall_segment Unknown (4001) x29 |
| 3:55 | FlyingSheep · wall_segment Unknown (4001) x1 |
| 3:55 | FlyingSheep · wall_segment Unknown (4001) x1 |
| 3:55 | FlyingSheep · wall_segment Unknown (4001) x1 |
| 3:55 | FlyingSheep · wall_segment Unknown (4001) x1 |
| 3:55 | FlyingSheep · wall_segment Unknown (4001) x1 |
| 3:55 | FlyingSheep · wall_segment Unknown (4001) x1 |
| 3:56 | FlyingSheep · wall_segment Unknown (4001) x1 |
| 3:56 | FlyingSheep · wall_segment Unknown (4001) x1 |
| 3:56 | FlyingSheep · wall_segment Unknown (4001) x1 |
| 3:56 | FlyingSheep · wall_segment Unknown (4001) x1 |
| 3:56 | FlyingSheep · wall_segment Unknown (4001) x1 |
| 3:56 | FlyingSheep · wall_segment Unknown (4001) x1 |
| 3:56 | FlyingSheep · wall_segment Unknown (4001) x1 |
| 3:56 | FlyingSheep · wall_segment Unknown (4001) x1 |
| 3:57 | FlyingSheep · wall_segment Unknown (4001) x1 |
| 3:57 | FlyingSheep · wall_segment Unknown (4001) x1 |
| 3:57 | FlyingSheep · wall_segment Unknown (4001) x1 |
| 3:57 | FlyingSheep · wall_segment Unknown (4001) x1 |
| 3:57 | FlyingSheep · wall_segment Unknown (4001) x1 |
| 3:57 | FlyingSheep · wall_segment Unknown (4001) x1 |
| 3:57 | FlyingSheep · wall_segment Unknown (4001) x1 |
| 3:57 | FlyingSheep · wall_segment Unknown (4001) x1 |
| 3:58 | FlyingSheep · wall_segment Unknown (4001) x1 |
| 3:58 | FlyingSheep · wall_segment Unknown (4001) x1 |
| 3:58 | FlyingSheep · wall_segment Unknown (4001) x1 |
| 3:58 | FlyingSheep · wall_segment Unknown (4001) x1 |
| 3:58 | FlyingSheep · wall_segment Unknown (4001) x1 |
| 3:58 | FlyingSheep · wall_segment Unknown (4001) x1 |
| 3:58 | FlyingSheep · wall_segment Unknown (4001) x1 |
| 3:58 | FlyingSheep · wall_segment Unknown (4001) x1 |
| 3:59 | FlyingSheep · wall_segment Unknown (4001) x1 |
| 3:59 | FlyingSheep · wall_segment Unknown (4001) x1 |
| 3:59 | FlyingSheep · wall_segment Unknown (4001) x1 |
| 3:59 | FlyingSheep · wall_segment Unknown (4001) x1 |
| 3:59 | FlyingSheep · wall_segment Unknown (4001) x1 |
| 3:59 | FlyingSheep · wall_segment Unknown (4001) x1 |
| 3:59 | FlyingSheep · wall_segment Unknown (4001) x1 |
| 3:59 | FlyingSheep · wall_segment Unknown (4001) x1 |
| 4:00 | the_llamatoast · wall_segment Unknown (4001) x25 |
| 4:04 | 中国卢氏 · wall_segment Unknown (4001) x18 |
| 4:05 | FlyingSheep · wall_segment Unknown (4001) x1 |
| 4:05 | FlyingSheep · wall_segment Unknown (4001) x1 |
| 4:05 | FlyingSheep · wall_segment Unknown (4001) x1 |
| 4:05 | FlyingSheep · wall_segment Unknown (4001) x1 |
| 4:05 | FlyingSheep · wall_segment Unknown (4001) x1 |
| 4:05 | FlyingSheep · wall_segment Unknown (4001) x1 |
| 4:06 | FlyingSheep · wall_segment Unknown (4001) x1 |
| 4:06 | FlyingSheep · wall_segment Unknown (4001) x1 |
| 4:08 | Spicy$p3nce · wall_segment Unknown (4001) x1 |
| 4:09 | Spicy$p3nce · wall_segment Unknown (4001) x1 |
| 4:10 | FlyingSheep · wall_segment Unknown (4001) x1 |
| 4:10 | FlyingSheep · wall_segment Unknown (4001) x1 |
| 4:10 | FlyingSheep · wall_segment Unknown (4001) x1 |
| 4:10 | FlyingSheep · wall_segment Unknown (4001) x1 |
| 4:10 | gsnwizard999 · wall_segment Unknown (4001) x11 |
| 4:10 | Spicy$p3nce · wall_segment Unknown (4001) x1 |
| 4:10 | FlyingSheep · wall_segment Unknown (4001) x1 |
| 4:10 | FlyingSheep · wall_segment Unknown (4001) x1 |
| 4:10 | FlyingSheep · wall_segment Unknown (4001) x1 |
| 4:10 | FlyingSheep · wall_segment Unknown (4001) x1 |
| 4:10 | FlyingSheep · wall_segment Unknown (4001) x1 |
| 4:10 | FlyingSheep · wall_segment Unknown (4001) x1 |
| 4:11 | Spicy$p3nce · wall_segment Unknown (4001) x2 |
| 4:11 | PorkFriedRice · wall_segment Unknown (4001) x1 |
| 4:12 | 22 · wall_segment Unknown (4001) x12 |
| 4:12 | Spicy$p3nce · wall_segment Unknown (4001) x1 |
| 4:12 | PorkFriedRice · first_building Archery Range |
| 4:13 | 中国卢氏 · wall_segment Unknown (4001) x10 |
| 4:13 | Spicy$p3nce · wall_segment Unknown (4001) x3 |
| 4:14 | Spicy$p3nce · wall_segment Unknown (4001) x1 |
| 4:16 | Spicy$p3nce · wall_segment Unknown (4001) x2 |
| 4:16 | 22 · wall_segment Unknown (4001) x9 |
| 4:16 | PorkFriedRice · first_building Stable |
| 4:17 | FlyingSheep · wall_segment Unknown (4001) x1 |
| 4:17 | FlyingSheep · wall_segment Unknown (4001) x1 |
| 4:17 | FlyingSheep · wall_segment Unknown (4001) x1 |
| 4:17 | FlyingSheep · wall_segment Unknown (4001) x1 |
| 4:17 | 22 · wall_segment Unknown (4001) x2 |
| 4:17 | FlyingSheep · wall_segment Unknown (4001) x1 |
| 4:17 | FlyingSheep · wall_segment Unknown (4001) x1 |
| 4:17 | FlyingSheep · wall_segment Unknown (4001) x1 |
| 4:17 | FlyingSheep · wall_segment Unknown (4001) x1 |
| 4:17 | FlyingSheep · wall_segment Unknown (4001) x1 |
| 4:17 | FlyingSheep · wall_segment Unknown (4001) x1 |
| 4:18 | FlyingSheep · wall_segment Unknown (4001) x1 |
| 4:18 | FlyingSheep · wall_segment Unknown (4001) x1 |
| 4:18 | PorkFriedRice · wall_segment Unknown (4001) x4 |
| 4:19 | FlyingSheep · wall_segment Unknown (4001) x1 |
| 4:19 | FlyingSheep · wall_segment Unknown (4001) x1 |
| 4:19 | FlyingSheep · wall_segment Unknown (4001) x1 |
| 4:19 | FlyingSheep · wall_segment Unknown (4001) x1 |
| 4:19 | 22 · wall_segment Unknown (4001) x9 |
| 4:19 | FlyingSheep · wall_segment Unknown (4001) x1 |
| 4:19 | FlyingSheep · wall_segment Unknown (4001) x1 |
| 4:19 | PorkFriedRice · wall_segment Unknown (4001) x7 |
| 4:20 | FlyingSheep · wall_segment Unknown (4001) x1 |
| 4:20 | FlyingSheep · wall_segment Unknown (4001) x1 |
| 4:20 | FlyingSheep · wall_segment Unknown (4001) x1 |
| 4:20 | FlyingSheep · wall_segment Unknown (4001) x1 |
| 4:20 | FlyingSheep · wall_segment Unknown (4001) x1 |
| 4:20 | FlyingSheep · wall_segment Unknown (4001) x1 |
| 4:20 | FlyingSheep · wall_segment Unknown (4001) x1 |
| 4:20 | FlyingSheep · wall_segment Unknown (4001) x1 |
| 4:21 | FlyingSheep · wall_segment Unknown (4001) x1 |
| 4:21 | FlyingSheep · wall_segment Unknown (4001) x1 |
| 4:21 | FlyingSheep · wall_segment Unknown (4001) x1 |
| 4:21 | FlyingSheep · wall_segment Unknown (4001) x1 |
| 4:21 | FlyingSheep · wall_segment Unknown (4001) x1 |
| 4:21 | FlyingSheep · wall_segment Unknown (4001) x1 |
| 4:21 | FlyingSheep · wall_segment Unknown (4001) x1 |
| 4:21 | FlyingSheep · wall_segment Unknown (4001) x1 |
| 4:21 | FlyingSheep · wall_segment Unknown (4001) x1 |
| 4:21 | FlyingSheep · wall_segment Unknown (4001) x1 |
| 4:21 | FlyingSheep · wall_segment Unknown (4001) x1 |
| 4:21 | FlyingSheep · wall_segment Unknown (4001) x1 |
| 4:21 | 中国卢氏 · wall_segment Unknown (4001) x11 |
| 4:22 | FlyingSheep · wall_segment Unknown (4001) x1 |
| 4:22 | FlyingSheep · wall_segment Unknown (4001) x1 |
| 4:22 | FlyingSheep · wall_segment Unknown (4001) x1 |
| 4:22 | FlyingSheep · wall_segment Unknown (4001) x1 |
| 4:22 | FlyingSheep · wall_segment Unknown (4001) x1 |
| 4:22 | FlyingSheep · wall_segment Unknown (4001) x1 |
| 4:22 | PorkFriedRice · wall_segment Unknown (4001) x4 |
| 4:22 | FlyingSheep · wall_segment Unknown (4001) x1 |
| 4:22 | FlyingSheep · wall_segment Unknown (4001) x1 |
| 4:22 | FlyingSheep · wall_segment Unknown (4001) x1 |
| 4:22 | FlyingSheep · wall_segment Unknown (4001) x1 |
| 4:22 | FlyingSheep · wall_segment Unknown (4001) x1 |
| 4:23 | FlyingSheep · wall_segment Unknown (4001) x1 |
| 4:23 | 22 · wall_segment Unknown (4001) x12 |
| 4:23 | FlyingSheep · wall_segment Unknown (4001) x1 |
| 4:23 | FlyingSheep · wall_segment Unknown (4001) x1 |
| 4:23 | gsnwizard999 · wall_segment Unknown (4001) x1 |
| 4:23 | FlyingSheep · wall_segment Unknown (4001) x1 |
| 4:23 | FlyingSheep · wall_segment Unknown (4001) x1 |
| 4:23 | FlyingSheep · wall_segment Unknown (4001) x1 |
| 4:23 | FlyingSheep · wall_segment Unknown (4001) x1 |
| 4:23 | FlyingSheep · wall_segment Unknown (4001) x1 |
| 4:23 | FlyingSheep · wall_segment Unknown (4001) x1 |
| 4:23 | PorkFriedRice · wall_segment Unknown (4001) x7 |
| 4:24 | FlyingSheep · wall_segment Unknown (4001) x1 |
| 4:24 | FlyingSheep · wall_segment Unknown (4001) x1 |
| 4:24 | FlyingSheep · wall_segment Unknown (4001) x1 |
| 4:24 | FlyingSheep · wall_segment Unknown (4001) x1 |
| 4:24 | gsnwizard999 · wall_segment Unknown (4001) x1 |
| 4:24 | FlyingSheep · wall_segment Unknown (4001) x1 |
| 4:24 | FlyingSheep · wall_segment Unknown (4001) x1 |
| 4:24 | FlyingSheep · wall_segment Unknown (4001) x1 |
| 4:24 | FlyingSheep · wall_segment Unknown (4001) x1 |
| 4:25 | FlyingSheep · wall_segment Unknown (4001) x1 |
| 4:25 | FlyingSheep · wall_segment Unknown (4001) x1 |
| 4:25 | FlyingSheep · wall_segment Unknown (4001) x1 |
| 4:25 | FlyingSheep · wall_segment Unknown (4001) x1 |
| 4:25 | gsnwizard999 · wall_segment Unknown (4001) x1 |
| 4:25 | FlyingSheep · wall_segment Unknown (4001) x1 |
| 4:25 | FlyingSheep · wall_segment Unknown (4001) x1 |
| 4:25 | FlyingSheep · wall_segment Unknown (4001) x1 |
| 4:25 | FlyingSheep · wall_segment Unknown (4001) x1 |
| 4:25 | FlyingSheep · wall_segment Unknown (4001) x1 |
| 4:25 | FlyingSheep · wall_segment Unknown (4001) x1 |
| 4:26 | gsnwizard999 · wall_segment Unknown (4001) x2 |
| 4:26 | FlyingSheep · wall_segment Unknown (4001) x1 |
| 4:26 | FlyingSheep · wall_segment Unknown (4001) x1 |
| 4:26 | FlyingSheep · wall_segment Unknown (4001) x1 |
| 4:26 | FlyingSheep · wall_segment Unknown (4001) x1 |
| 4:26 | gsnwizard999 · wall_segment Unknown (4001) x1 |
| 4:26 | FlyingSheep · wall_segment Unknown (4001) x1 |
| 4:26 | FlyingSheep · wall_segment Unknown (4001) x1 |
| 4:27 | gsnwizard999 · wall_segment Unknown (4001) x1 |
| 4:27 | 22 · wall_segment Unknown (4001) x10 |
| 4:28 | gsnwizard999 · wall_segment Unknown (4001) x1 |
| 4:28 | gsnwizard999 · wall_segment Unknown (4001) x1 |
| 4:29 | gsnwizard999 · wall_segment Unknown (4001) x1 |
| 4:30 | FlyingSheep · wall_segment Unknown (4001) x1 |
| 4:30 | FlyingSheep · wall_segment Unknown (4001) x1 |
| 4:30 | FlyingSheep · wall_segment Unknown (4001) x1 |
| 4:30 | FlyingSheep · wall_segment Unknown (4001) x1 |
| 4:30 | FlyingSheep · wall_segment Unknown (4001) x1 |
| 4:30 | FlyingSheep · wall_segment Unknown (4001) x1 |
| 4:30 | FlyingSheep · wall_segment Unknown (4001) x1 |
| 4:30 | 22 · wall_segment Unknown (4001) x8 |
| 4:30 | FlyingSheep · wall_segment Unknown (4001) x1 |
| 4:30 | FlyingSheep · wall_segment Unknown (4001) x1 |
| 4:30 | FlyingSheep · wall_segment Unknown (4001) x1 |
| 4:32 | gsnwizard999 · wall_segment Unknown (4001) x11 |
| 4:34 | 中国卢氏 · wall_segment Unknown (4001) x5 |
| 4:34 | PorkFriedRice · wall_segment Unknown (4001) x2 |
| 4:36 | Spicy$p3nce · wall_segment Unknown (4001) x1 |
| 4:37 | Spicy$p3nce · wall_segment Unknown (4001) x4 |
| 4:38 | PorkFriedRice · wall_segment Unknown (4001) x11 |
| 4:38 | gsnwizard999 · wall_segment Unknown (4001) x6 |
| 4:40 | Spicy$p3nce · wall_segment Unknown (4001) x3 |
| 4:41 | the_llamatoast · wall_segment Unknown (4001) x11 |
| 4:41 | gsnwizard999 · wall_segment Unknown (4001) x1 |
| 4:41 | Spicy$p3nce · wall_segment Unknown (4001) x2 |
| 4:42 | gsnwizard999 · wall_segment Unknown (4001) x1 |
| 4:42 | 中国卢氏 · wall_segment Unknown (4001) x7 |
| 4:43 | gsnwizard999 · wall_segment Unknown (4001) x1 |
| 4:44 | gsnwizard999 · wall_segment Unknown (4001) x1 |
| 4:44 | Spicy$p3nce · wall_segment Unknown (4001) x9 |
| 4:44 | gsnwizard999 · wall_segment Unknown (4001) x1 |
| 4:45 | gsnwizard999 · wall_segment Unknown (4001) x1 |
| 4:45 | Spicy$p3nce · wall_segment Unknown (4001) x2 |
| 4:46 | gsnwizard999 · wall_segment Unknown (4001) x1 |
| 4:46 | gsnwizard999 · wall_segment Unknown (4001) x1 |
| 4:47 | gsnwizard999 · wall_segment Unknown (4001) x1 |
| 4:47 | gsnwizard999 · wall_segment Unknown (4001) x1 |
| 4:48 | gsnwizard999 · wall_segment Unknown (4001) x1 |
| 4:48 | gsnwizard999 · wall_segment Unknown (4001) x1 |
| 4:48 | PorkFriedRice · wall_segment Unknown (4001) x4 |
| 4:49 | 中国卢氏 · wall_segment Unknown (4001) x10 |
| 4:53 | gsnwizard999 · wall_segment Unknown (4001) x4 |
| 4:54 | gsnwizard999 · wall_segment Unknown (4001) x4 |
| 4:55 | gsnwizard999 · wall_segment Unknown (4001) x1 |
| 4:55 | 中国卢氏 · wall_segment Unknown (4001) x11 |
| 4:56 | PorkFriedRice · wall_segment Unknown (4001) x14 |
| 4:56 | gsnwizard999 · wall_segment Unknown (4001) x1 |
| 4:57 | gsnwizard999 · wall_segment Unknown (4001) x1 |
| 4:57 | 22 · wall_segment Unknown (4001) x9 |
| 4:57 | the_llamatoast · wall_segment Unknown (4001) x11 |
| 4:58 | gsnwizard999 · wall_segment Unknown (4001) x1 |
| 4:58 | gsnwizard999 · wall_segment Unknown (4001) x1 |
| 4:58 | PorkFriedRice · wall_segment Unknown (4001) x11 |
| 4:59 | gsnwizard999 · wall_segment Unknown (4001) x1 |
| 5:00 | gsnwizard999 · wall_segment Unknown (4001) x1 |
| 5:00 | gsnwizard999 · wall_segment Unknown (4001) x1 |
| 5:01 | gsnwizard999 · wall_segment Unknown (4001) x1 |
| 5:02 | gsnwizard999 · wall_segment Unknown (4001) x1 |
| 5:02 | gsnwizard999 · wall_segment Unknown (4001) x1 |
| 5:03 | 中国卢氏 · wall_segment Unknown (4001) x8 |
| 5:03 | gsnwizard999 · wall_segment Unknown (4001) x1 |
| 5:04 | gsnwizard999 · wall_segment Unknown (4001) x1 |
| 5:07 | the_llamatoast · wall_segment Unknown (4001) x10 |
| 5:07 | 22 · wall_segment Unknown (4001) x12 |
| 5:08 | Spicy$p3nce · wall_segment Unknown (4001) x3 |
| 5:09 | 22 · wall_segment Unknown (4001) x2 |
| 5:09 | gsnwizard999 · wall_segment Unknown (4001) x5 |
| 5:11 | Spicy$p3nce · wall_segment Unknown (4001) x10 |
| 5:11 | 22 · wall_segment Unknown (4001) x11 |
| 5:11 | the_llamatoast · wall_segment Unknown (4001) x10 |
| 5:13 | Spicy$p3nce · wall_segment Unknown (4001) x3 |
| 5:14 | gsnwizard999 · wall_segment Unknown (4001) x5 |
| 5:14 | 22 · wall_segment Unknown (4001) x9 |
| 5:14 | 中国卢氏 · wall_segment Unknown (4001) x22 |
| 5:15 | Spicy$p3nce · wall_segment Unknown (4001) x1 |
| 5:16 | 22 · wall_segment Unknown (4001) x9 |
| 5:16 | gsnwizard999 · wall_segment Unknown (4001) x5 |
| 5:16 | Spicy$p3nce · wall_segment Unknown (4001) x1 |
| 5:18 | Spicy$p3nce · wall_segment Unknown (4001) x1 |
| 5:18 | gsnwizard999 · wall_segment Unknown (4001) x5 |
| 5:19 | 22 · wall_segment Unknown (4001) x9 |
| 5:20 | Spicy$p3nce · wall_segment Unknown (4001) x2 |
| 5:20 | gsnwizard999 · wall_segment Unknown (4001) x5 |
| 5:22 | gsnwizard999 · wall_segment Unknown (4001) x5 |
| 5:22 | 中国卢氏 · wall_segment Unknown (4001) x10 |
| 5:22 | Spicy$p3nce · wall_segment Unknown (4001) x1 |
| 5:24 | PorkFriedRice · wall_segment Unknown (4001) x7 |
| 5:24 | Spicy$p3nce · wall_segment Unknown (4001) x3 |
| 5:24 | 22 · wall_segment Unknown (4001) x16 |
| 5:27 | 22 · wall_segment Unknown (4001) x4 |
| 5:28 | the_llamatoast · wall_segment Unknown (4001) x10 |
| 5:33 | the_llamatoast · wall_segment Unknown (4001) x10 |
| 5:33 | PorkFriedRice · wall_segment Unknown (4001) x5 |
| 5:35 | PorkFriedRice · wall_segment Unknown (4001) x14 |
| 5:48 | gsnwizard999 · wall_segment Unknown (4001) x1 |
| 5:48 | 中国卢氏 · wall_segment Unknown (4001) x1 |
| 5:49 | gsnwizard999 · wall_segment Unknown (4001) x1 |
| 5:50 | gsnwizard999 · wall_segment Unknown (4001) x1 |
| 5:51 | gsnwizard999 · wall_segment Unknown (4001) x1 |
| 5:51 | 中国卢氏 · wall_segment Unknown (4001) x2 |
| 5:51 | gsnwizard999 · wall_segment Unknown (4001) x1 |
| 5:52 | PorkFriedRice · wall_segment Unknown (4001) x2 |
| 5:52 | gsnwizard999 · wall_segment Unknown (4001) x1 |
| 5:53 | gsnwizard999 · wall_segment Unknown (4001) x1 |
| 5:53 | gsnwizard999 · wall_segment Unknown (4001) x1 |
| 5:54 | gsnwizard999 · wall_segment Unknown (4001) x1 |
| 5:55 | gsnwizard999 · wall_segment Unknown (4001) x1 |
| 5:56 | gsnwizard999 · wall_segment Unknown (4001) x1 |
| 5:57 | gsnwizard999 · wall_segment Unknown (4001) x1 |
| 5:58 | gsnwizard999 · wall_segment Unknown (4001) x1 |
| 5:58 | PorkFriedRice · wall_segment Unknown (4001) x3 |
| 5:59 | gsnwizard999 · wall_segment Unknown (4001) x1 |
| 5:59 | 中国卢氏 · wall_segment Unknown (4001) x1 |
| 5:59 | gsnwizard999 · wall_segment Unknown (4001) x1 |
| 6:00 | gsnwizard999 · wall_segment Unknown (4001) x1 |
| 6:00 | PorkFriedRice · wall_segment Unknown (4001) x3 |
| 6:01 | gsnwizard999 · wall_segment Unknown (4001) x1 |
| 6:02 | the_llamatoast · wall_segment Unknown (4001) x7 |
| 6:02 | PorkFriedRice · wall_segment Unknown (4001) x3 |
| 6:03 | gsnwizard999 · wall_segment Unknown (4001) x7 |
| 6:04 | PorkFriedRice · wall_segment Unknown (4001) x3 |
| 6:04 | FlyingSheep · wall_segment Unknown (4001) x1 |
| 6:06 | gsnwizard999 · wall_segment Unknown (4001) x1 |
| 6:06 | FlyingSheep · wall_segment Unknown (4001) x1 |
| 6:06 | FlyingSheep · wall_segment Unknown (4001) x1 |
| 6:06 | PorkFriedRice · wall_segment Unknown (4001) x2 |
| 6:07 | FlyingSheep · wall_segment Unknown (4001) x1 |
| 6:07 | FlyingSheep · wall_segment Unknown (4001) x1 |
| 6:07 | FlyingSheep · wall_segment Unknown (4001) x1 |
| 6:07 | FlyingSheep · wall_segment Unknown (4001) x1 |
| 6:07 | FlyingSheep · wall_segment Unknown (4001) x1 |
| 6:07 | FlyingSheep · wall_segment Unknown (4001) x1 |
| 6:07 | FlyingSheep · wall_segment Unknown (4001) x1 |
| 6:07 | FlyingSheep · wall_segment Unknown (4001) x1 |
| 6:07 | FlyingSheep · wall_segment Unknown (4001) x1 |
| 6:08 | FlyingSheep · wall_segment Unknown (4001) x1 |
| 6:08 | FlyingSheep · wall_segment Unknown (4001) x1 |
| 6:08 | FlyingSheep · wall_segment Unknown (4001) x1 |
| 6:08 | FlyingSheep · wall_segment Unknown (4001) x1 |
| 6:08 | FlyingSheep · wall_segment Unknown (4001) x1 |
| 6:08 | gsnwizard999 · wall_segment Unknown (4001) x1 |
| 6:08 | FlyingSheep · wall_segment Unknown (4001) x1 |
| 6:08 | FlyingSheep · wall_segment Unknown (4001) x1 |
| 6:08 | FlyingSheep · wall_segment Unknown (4001) x1 |
| 6:09 | FlyingSheep · wall_segment Unknown (4001) x1 |
| 6:09 | FlyingSheep · wall_segment Unknown (4001) x1 |
| 6:09 | FlyingSheep · wall_segment Unknown (4001) x1 |
| 6:09 | FlyingSheep · wall_segment Unknown (4001) x1 |
| 6:09 | FlyingSheep · wall_segment Unknown (4001) x1 |
| 6:09 | PorkFriedRice · wall_segment Unknown (4001) x3 |
| 6:09 | FlyingSheep · wall_segment Unknown (4001) x1 |
| 6:09 | FlyingSheep · wall_segment Unknown (4001) x1 |
| 6:09 | the_llamatoast · wall_segment Unknown (4001) x1 |
| 6:10 | FlyingSheep · wall_segment Unknown (4001) x1 |
| 6:10 | FlyingSheep · wall_segment Unknown (4001) x1 |
| 6:10 | FlyingSheep · wall_segment Unknown (4001) x1 |
| 6:10 | FlyingSheep · wall_segment Unknown (4001) x1 |
| 6:10 | FlyingSheep · wall_segment Unknown (4001) x1 |
| 6:10 | FlyingSheep · wall_segment Unknown (4001) x1 |
| 6:10 | FlyingSheep · wall_segment Unknown (4001) x1 |
| 6:10 | FlyingSheep · wall_segment Unknown (4001) x1 |
| 6:11 | FlyingSheep · wall_segment Unknown (4001) x1 |
| 6:11 | FlyingSheep · wall_segment Unknown (4001) x1 |
| 6:11 | FlyingSheep · wall_segment Unknown (4001) x1 |
| 6:11 | FlyingSheep · wall_segment Unknown (4001) x1 |
| 6:11 | FlyingSheep · wall_segment Unknown (4001) x1 |
| 6:11 | FlyingSheep · wall_segment Unknown (4001) x1 |
| 6:11 | FlyingSheep · wall_segment Unknown (4001) x1 |
| 6:11 | FlyingSheep · wall_segment Unknown (4001) x1 |
| 6:11 | FlyingSheep · wall_segment Unknown (4001) x1 |
| 6:11 | FlyingSheep · wall_segment Unknown (4001) x1 |
| 6:11 | the_llamatoast · wall_segment Unknown (4001) x5 |
| 6:12 | FlyingSheep · wall_segment Unknown (4001) x1 |
| 6:12 | FlyingSheep · wall_segment Unknown (4001) x1 |
| 6:12 | FlyingSheep · wall_segment Unknown (4001) x1 |
| 6:12 | FlyingSheep · wall_segment Unknown (4001) x1 |
| 6:12 | gsnwizard999 · first_building Stable |
| 6:12 | FlyingSheep · wall_segment Unknown (4001) x1 |
| 6:13 | FlyingSheep · wall_segment Unknown (4001) x1 |
| 6:13 | FlyingSheep · wall_segment Unknown (4001) x1 |
| 6:13 | FlyingSheep · wall_segment Unknown (4001) x1 |
| 6:13 | FlyingSheep · wall_segment Unknown (4001) x1 |
| 6:13 | FlyingSheep · wall_segment Unknown (4001) x1 |
| 6:13 | PorkFriedRice · wall_segment Unknown (4001) x3 |
| 6:13 | FlyingSheep · wall_segment Unknown (4001) x1 |
| 6:13 | FlyingSheep · wall_segment Unknown (4001) x1 |
| 6:14 | FlyingSheep · wall_segment Unknown (4001) x1 |
| 6:14 | FlyingSheep · wall_segment Unknown (4001) x1 |
| 6:14 | FlyingSheep · wall_segment Unknown (4001) x1 |
| 6:14 | FlyingSheep · wall_segment Unknown (4001) x1 |
| 6:14 | FlyingSheep · wall_segment Unknown (4001) x1 |
| 6:14 | FlyingSheep · wall_segment Unknown (4001) x1 |
| 6:14 | FlyingSheep · wall_segment Unknown (4001) x1 |
| 6:14 | FlyingSheep · wall_segment Unknown (4001) x1 |
| 6:16 | the_llamatoast · wall_segment Unknown (4001) x6 |
| 6:20 | PorkFriedRice · wall_segment Unknown (4001) x2 |
| 6:21 | PorkFriedRice · wall_segment Unknown (4001) x2 |
| 6:23 | PorkFriedRice · wall_segment Unknown (4001) x5 |
| 6:24 | the_llamatoast · wall_segment Unknown (4001) x7 |
| 6:24 | PorkFriedRice · wall_segment Unknown (4001) x5 |
| 6:31 | Spicy$p3nce · wall_segment Unknown (4001) x5 |
| 6:31 | PorkFriedRice · wall_segment Unknown (4001) x2 |
| 6:32 | 22 · wall_segment Unknown (4001) x2 |
| 6:33 | Spicy$p3nce · wall_segment Unknown (4001) x5 |
| 6:34 | 22 · wall_segment Unknown (4001) x9 |
| 6:36 | Spicy$p3nce · wall_segment Unknown (4001) x7 |
| 6:38 | 22 · wall_segment Unknown (4001) x2 |
| 6:38 | 中国卢氏 · wall_segment Unknown (4001) x13 |
| 6:39 | the_llamatoast · wall_segment Unknown (4001) x1 |
| 6:40 | Spicy$p3nce · wall_segment Unknown (4001) x11 |
| 6:40 | 22 · wall_segment Unknown (4001) x10 |
| 6:43 | 22 · wall_segment Unknown (4001) x9 |
| 6:44 | 22 · wall_segment Unknown (4001) x1 |
| 6:45 | Spicy$p3nce · wall_segment Unknown (4001) x7 |
| 6:45 | 中国卢氏 · wall_segment Unknown (4001) x1 |
| 6:46 | 22 · wall_segment Unknown (4001) x11 |
| 6:47 | 22 · wall_segment Unknown (4001) x1 |
| 6:48 | 22 · wall_segment Unknown (4001) x1 |
| 6:48 | 22 · wall_segment Unknown (4001) x2 |
| 6:49 | 22 · wall_segment Unknown (4001) x1 |
| 6:49 | 中国卢氏 · wall_segment Unknown (4001) x12 |
| 6:51 | 22 · wall_segment Unknown (4001) x10 |
| 6:53 | the_llamatoast · wall_segment Unknown (4001) x1 |
| 6:53 | 22 · wall_segment Unknown (4001) x6 |
| 6:55 | 22 · wall_segment Unknown (4001) x2 |
| 6:56 | the_llamatoast · wall_segment Unknown (4001) x11 |
| 6:56 | PorkFriedRice · wall_segment Unknown (4001) x1 |
| 6:58 | 22 · wall_segment Unknown (4001) x6 |
| 6:58 | PorkFriedRice · wall_segment Unknown (4001) x16 |
| 7:00 | Spicy$p3nce · wall_segment Unknown (4001) x14 |
| 7:00 | 中国卢氏 · wall_segment Unknown (4001) x5 |
| 7:00 | 22 · wall_segment Unknown (4001) x6 |
| 7:01 | 22 · wall_segment Unknown (4001) x1 |
| 7:03 | Spicy$p3nce · wall_segment Unknown (4001) x9 |
| 7:04 | 22 · wall_segment Unknown (4001) x6 |
| 7:07 | 22 · wall_segment Unknown (4001) x5 |
| 7:07 | 中国卢氏 · wall_segment Unknown (4001) x3 |
| 7:08 | PorkFriedRice · wall_segment Unknown (4001) x11 |
| 7:09 | Spicy$p3nce · wall_segment Unknown (4001) x23 |
| 7:13 | 中国卢氏 · wall_segment Unknown (4001) x2 |
| 7:13 | FlyingSheep · wall_segment Unknown (4001) x1 |
| 7:15 | 中国卢氏 · wall_segment Unknown (4001) x2 |
| 7:16 | FlyingSheep · wall_segment Unknown (4001) x1 |
| 7:16 | FlyingSheep · wall_segment Unknown (4001) x1 |
| 7:16 | FlyingSheep · wall_segment Unknown (4001) x1 |
| 7:16 | FlyingSheep · wall_segment Unknown (4001) x1 |
| 7:16 | FlyingSheep · wall_segment Unknown (4001) x1 |
| 7:16 | FlyingSheep · wall_segment Unknown (4001) x1 |
| 7:16 | FlyingSheep · wall_segment Unknown (4001) x1 |
| 7:16 | FlyingSheep · wall_segment Unknown (4001) x1 |
| 7:16 | 中国卢氏 · wall_segment Unknown (4001) x1 |
| 7:17 | FlyingSheep · wall_segment Unknown (4001) x1 |
| 7:17 | FlyingSheep · wall_segment Unknown (4001) x1 |
| 7:17 | FlyingSheep · wall_segment Unknown (4001) x1 |
| 7:17 | FlyingSheep · wall_segment Unknown (4001) x1 |
| 7:17 | FlyingSheep · wall_segment Unknown (4001) x1 |
| 7:17 | FlyingSheep · wall_segment Unknown (4001) x1 |
| 7:17 | FlyingSheep · wall_segment Unknown (4001) x1 |
| 7:17 | FlyingSheep · wall_segment Unknown (4001) x1 |
| 7:17 | 中国卢氏 · wall_segment Unknown (4001) x1 |
| 7:18 | FlyingSheep · wall_segment Unknown (4001) x1 |
| 7:18 | FlyingSheep · wall_segment Unknown (4001) x1 |
| 7:18 | FlyingSheep · wall_segment Unknown (4001) x1 |
| 7:18 | FlyingSheep · wall_segment Unknown (4001) x1 |
| 7:18 | 中国卢氏 · wall_segment Unknown (4001) x1 |
| 7:18 | FlyingSheep · wall_segment Unknown (4001) x1 |
| 7:18 | FlyingSheep · wall_segment Unknown (4001) x1 |
| 7:18 | FlyingSheep · wall_segment Unknown (4001) x1 |
| 7:18 | FlyingSheep · wall_segment Unknown (4001) x1 |
| 7:19 | FlyingSheep · wall_segment Unknown (4001) x1 |
| 7:19 | FlyingSheep · wall_segment Unknown (4001) x1 |
| 7:19 | FlyingSheep · wall_segment Unknown (4001) x1 |
| 7:19 | FlyingSheep · wall_segment Unknown (4001) x1 |
| 7:19 | FlyingSheep · wall_segment Unknown (4001) x1 |
| 7:19 | 中国卢氏 · wall_segment Unknown (4001) x2 |
| 7:19 | FlyingSheep · wall_segment Unknown (4001) x1 |
| 7:19 | FlyingSheep · wall_segment Unknown (4001) x1 |
| 7:19 | FlyingSheep · wall_segment Unknown (4001) x1 |
| 7:20 | FlyingSheep · wall_segment Unknown (4001) x1 |
| 7:20 | FlyingSheep · wall_segment Unknown (4001) x1 |
| 7:20 | FlyingSheep · wall_segment Unknown (4001) x1 |
| 7:20 | FlyingSheep · wall_segment Unknown (4001) x1 |
| 7:20 | FlyingSheep · wall_segment Unknown (4001) x1 |
| 7:20 | FlyingSheep · wall_segment Unknown (4001) x1 |
| 7:20 | FlyingSheep · wall_segment Unknown (4001) x1 |
| 7:20 | FlyingSheep · wall_segment Unknown (4001) x1 |
| 7:20 | 中国卢氏 · wall_segment Unknown (4001) x1 |
| 7:20 | FlyingSheep · wall_segment Unknown (4001) x1 |
| 7:20 | FlyingSheep · wall_segment Unknown (4001) x1 |
| 7:21 | FlyingSheep · wall_segment Unknown (4001) x1 |
| 7:21 | FlyingSheep · wall_segment Unknown (4001) x1 |
| 7:21 | FlyingSheep · wall_segment Unknown (4001) x1 |
| 7:21 | FlyingSheep · wall_segment Unknown (4001) x1 |
| 7:21 | FlyingSheep · wall_segment Unknown (4001) x1 |
| 7:21 | FlyingSheep · wall_segment Unknown (4001) x1 |
| 7:25 | 中国卢氏 · wall_segment Unknown (4001) x2 |
| 7:27 | PorkFriedRice · wall_segment Unknown (4001) x12 |
| 7:30 | FlyingSheep · wall_segment Unknown (4001) x1 |
| 7:30 | FlyingSheep · wall_segment Unknown (4001) x1 |
| 7:31 | FlyingSheep · wall_segment Unknown (4001) x1 |
| 7:31 | FlyingSheep · wall_segment Unknown (4001) x1 |
| 7:31 | FlyingSheep · wall_segment Unknown (4001) x1 |
| 7:31 | FlyingSheep · wall_segment Unknown (4001) x1 |
| 7:31 | FlyingSheep · wall_segment Unknown (4001) x1 |
| 7:31 | FlyingSheep · wall_segment Unknown (4001) x1 |
| 7:31 | FlyingSheep · wall_segment Unknown (4001) x1 |
| 7:31 | FlyingSheep · wall_segment Unknown (4001) x1 |
| 7:32 | FlyingSheep · wall_segment Unknown (4001) x1 |
| 7:32 | FlyingSheep · wall_segment Unknown (4001) x1 |
| 7:32 | FlyingSheep · wall_segment Unknown (4001) x1 |
| 7:32 | FlyingSheep · wall_segment Unknown (4001) x1 |
| 7:32 | FlyingSheep · wall_segment Unknown (4001) x1 |
| 7:32 | FlyingSheep · wall_segment Unknown (4001) x1 |
| 7:33 | FlyingSheep · wall_segment Unknown (4001) x1 |
| 7:33 | FlyingSheep · wall_segment Unknown (4001) x1 |
| 7:33 | FlyingSheep · wall_segment Unknown (4001) x1 |
| 7:33 | FlyingSheep · wall_segment Unknown (4001) x1 |
| 7:33 | FlyingSheep · wall_segment Unknown (4001) x1 |
| 7:33 | FlyingSheep · wall_segment Unknown (4001) x1 |
| 7:33 | FlyingSheep · wall_segment Unknown (4001) x1 |
| 7:33 | FlyingSheep · wall_segment Unknown (4001) x1 |
| 7:36 | 中国卢氏 · wall_segment Unknown (4001) x3 |
| 7:36 | PorkFriedRice · wall_segment Unknown (4001) x4 |
| 7:44 | Spicy$p3nce · wall_segment Unknown (4001) x5 |
| 7:45 | PorkFriedRice · wall_segment Unknown (4001) x2 |
| 7:46 | Spicy$p3nce · wall_segment Unknown (4001) x6 |
| 7:48 | PorkFriedRice · wall_segment Unknown (4001) x18 |
| 7:50 | FlyingSheep · wall_segment Unknown (4001) x1 |
| 7:50 | FlyingSheep · wall_segment Unknown (4001) x1 |
| 7:50 | FlyingSheep · wall_segment Unknown (4001) x1 |
| 7:50 | FlyingSheep · wall_segment Unknown (4001) x1 |
| 7:50 | FlyingSheep · wall_segment Unknown (4001) x1 |
| 7:50 | FlyingSheep · wall_segment Unknown (4001) x1 |
| 7:50 | FlyingSheep · wall_segment Unknown (4001) x1 |
| 7:50 | FlyingSheep · wall_segment Unknown (4001) x1 |
| 7:51 | FlyingSheep · wall_segment Unknown (4001) x1 |
| 7:51 | FlyingSheep · wall_segment Unknown (4001) x1 |
| 7:51 | FlyingSheep · wall_segment Unknown (4001) x1 |
| 7:51 | FlyingSheep · wall_segment Unknown (4001) x1 |
| 7:51 | FlyingSheep · wall_segment Unknown (4001) x1 |
| 7:51 | FlyingSheep · wall_segment Unknown (4001) x1 |
| 7:51 | FlyingSheep · wall_segment Unknown (4001) x1 |
| 7:51 | FlyingSheep · wall_segment Unknown (4001) x1 |
| 7:53 | FlyingSheep · wall_segment Unknown (4001) x1 |
| 7:53 | FlyingSheep · wall_segment Unknown (4001) x1 |
| 7:53 | FlyingSheep · wall_segment Unknown (4001) x1 |
| 7:53 | FlyingSheep · wall_segment Unknown (4001) x1 |
| 7:53 | FlyingSheep · wall_segment Unknown (4001) x1 |
| 7:53 | FlyingSheep · wall_segment Unknown (4001) x1 |
| 7:53 | FlyingSheep · wall_segment Unknown (4001) x1 |
| 7:53 | FlyingSheep · wall_segment Unknown (4001) x1 |
| 7:53 | FlyingSheep · wall_segment Unknown (4001) x1 |
| 7:53 | FlyingSheep · wall_segment Unknown (4001) x1 |
| 7:54 | FlyingSheep · wall_segment Unknown (4001) x1 |
| 7:54 | FlyingSheep · wall_segment Unknown (4001) x1 |
| 7:54 | FlyingSheep · wall_segment Unknown (4001) x1 |
| 7:54 | FlyingSheep · wall_segment Unknown (4001) x1 |
| 7:54 | FlyingSheep · wall_segment Unknown (4001) x1 |
| 7:54 | FlyingSheep · wall_segment Unknown (4001) x1 |
| 7:54 | FlyingSheep · wall_segment Unknown (4001) x1 |
| 7:54 | FlyingSheep · wall_segment Unknown (4001) x1 |
| 7:57 | FlyingSheep · wall_segment Unknown (4001) x1 |
| 7:57 | FlyingSheep · wall_segment Unknown (4001) x1 |
| 7:57 | FlyingSheep · wall_segment Unknown (4001) x1 |
| 7:57 | FlyingSheep · wall_segment Unknown (4001) x1 |
| 7:57 | FlyingSheep · wall_segment Unknown (4001) x1 |
| 7:57 | FlyingSheep · wall_segment Unknown (4001) x1 |
| 7:57 | FlyingSheep · wall_segment Unknown (4001) x1 |
| 7:58 | FlyingSheep · wall_segment Unknown (4001) x1 |
| 7:59 | FlyingSheep · wall_segment Unknown (4001) x1 |
| 7:59 | FlyingSheep · wall_segment Unknown (4001) x1 |
| 7:59 | FlyingSheep · wall_segment Unknown (4001) x1 |
| 7:59 | FlyingSheep · wall_segment Unknown (4001) x1 |
| 7:59 | FlyingSheep · wall_segment Unknown (4001) x1 |
| 7:59 | Spicy$p3nce · wall_segment Unknown (4001) x22 |
| 7:59 | FlyingSheep · wall_segment Unknown (4001) x1 |
| 7:59 | FlyingSheep · wall_segment Unknown (4001) x1 |
| 7:59 | FlyingSheep · wall_segment Unknown (4001) x1 |
| 8:00 | FlyingSheep · wall_segment Unknown (4001) x1 |
| 8:00 | FlyingSheep · wall_segment Unknown (4001) x1 |
| 8:00 | FlyingSheep · wall_segment Unknown (4001) x1 |
| 8:00 | FlyingSheep · wall_segment Unknown (4001) x1 |
| 8:00 | FlyingSheep · wall_segment Unknown (4001) x1 |
| 8:00 | FlyingSheep · wall_segment Unknown (4001) x1 |
| 8:00 | FlyingSheep · wall_segment Unknown (4001) x1 |
| 8:00 | FlyingSheep · wall_segment Unknown (4001) x1 |
| 8:04 | PorkFriedRice · wall_segment Unknown (4001) x8 |
| 8:07 | the_llamatoast · wall_segment Unknown (4001) x1 |
| 8:09 | the_llamatoast · wall_segment Unknown (4001) x2 |
| 8:10 | the_llamatoast · wall_segment Unknown (4001) x12 |
| 8:11 | PorkFriedRice · wall_segment Unknown (4001) x5 |
| 8:11 | Spicy$p3nce · wall_segment Unknown (4001) x1 |
| 8:12 | FlyingSheep · wall_segment Unknown (4001) x1 |
| 8:12 | FlyingSheep · wall_segment Unknown (4001) x1 |
| 8:12 | FlyingSheep · wall_segment Unknown (4001) x1 |
| 8:12 | FlyingSheep · wall_segment Unknown (4001) x1 |
| 8:12 | FlyingSheep · wall_segment Unknown (4001) x1 |
| 8:12 | FlyingSheep · wall_segment Unknown (4001) x1 |
| 8:13 | FlyingSheep · wall_segment Unknown (4001) x1 |
| 8:13 | FlyingSheep · wall_segment Unknown (4001) x1 |
| 8:13 | Spicy$p3nce · wall_segment Unknown (4001) x3 |
| 8:13 | FlyingSheep · wall_segment Unknown (4001) x1 |
| 8:14 | FlyingSheep · wall_segment Unknown (4001) x1 |
| 8:14 | FlyingSheep · wall_segment Unknown (4001) x1 |
| 8:14 | FlyingSheep · wall_segment Unknown (4001) x1 |
| 8:14 | FlyingSheep · wall_segment Unknown (4001) x1 |
| 8:14 | the_llamatoast · wall_segment Unknown (4001) x32 |
| 8:14 | FlyingSheep · wall_segment Unknown (4001) x1 |
| 8:14 | FlyingSheep · wall_segment Unknown (4001) x1 |
| 8:14 | FlyingSheep · wall_segment Unknown (4001) x1 |
| 8:15 | Spicy$p3nce · wall_segment Unknown (4001) x6 |
| 8:18 | Spicy$p3nce · wall_segment Unknown (4001) x3 |
| 8:19 | PorkFriedRice · wall_segment Unknown (4001) x3 |
| 8:20 | FlyingSheep · wall_segment Unknown (4001) x1 |
| 8:20 | FlyingSheep · wall_segment Unknown (4001) x1 |
| 8:20 | FlyingSheep · wall_segment Unknown (4001) x1 |
| 8:20 | FlyingSheep · wall_segment Unknown (4001) x1 |
| 8:20 | FlyingSheep · wall_segment Unknown (4001) x1 |
| 8:20 | FlyingSheep · wall_segment Unknown (4001) x1 |
| 8:20 | FlyingSheep · wall_segment Unknown (4001) x1 |
| 8:20 | FlyingSheep · wall_segment Unknown (4001) x1 |
| 8:21 | FlyingSheep · wall_segment Unknown (4001) x1 |
| 8:21 | FlyingSheep · wall_segment Unknown (4001) x1 |
| 8:21 | FlyingSheep · wall_segment Unknown (4001) x1 |
| 8:21 | FlyingSheep · wall_segment Unknown (4001) x1 |
| 8:21 | FlyingSheep · wall_segment Unknown (4001) x1 |
| 8:21 | FlyingSheep · wall_segment Unknown (4001) x1 |
| 8:21 | FlyingSheep · wall_segment Unknown (4001) x1 |
| 8:21 | FlyingSheep · wall_segment Unknown (4001) x1 |
| 8:21 | PorkFriedRice · wall_segment Unknown (4001) x7 |
| 8:25 | Spicy$p3nce · wall_segment Unknown (4001) x9 |
| 8:29 | FlyingSheep · wall_segment Unknown (4001) x1 |
| 8:29 | FlyingSheep · wall_segment Unknown (4001) x1 |
| 8:29 | FlyingSheep · wall_segment Unknown (4001) x1 |
| 8:29 | FlyingSheep · wall_segment Unknown (4001) x1 |
| 8:29 | FlyingSheep · wall_segment Unknown (4001) x1 |
| 8:30 | FlyingSheep · wall_segment Unknown (4001) x1 |
| 8:30 | FlyingSheep · wall_segment Unknown (4001) x1 |
| 8:30 | FlyingSheep · wall_segment Unknown (4001) x1 |
| 8:30 | FlyingSheep · wall_segment Unknown (4001) x1 |
| 8:30 | FlyingSheep · wall_segment Unknown (4001) x1 |
| 8:31 | FlyingSheep · wall_segment Unknown (4001) x1 |
| 8:31 | FlyingSheep · wall_segment Unknown (4001) x1 |
| 8:31 | FlyingSheep · wall_segment Unknown (4001) x1 |
| 8:31 | FlyingSheep · wall_segment Unknown (4001) x1 |
| 8:31 | FlyingSheep · wall_segment Unknown (4001) x1 |
| 8:31 | FlyingSheep · wall_segment Unknown (4001) x1 |
| 8:31 | PorkFriedRice · wall_segment Unknown (4001) x3 |
| 8:32 | PorkFriedRice · wall_segment Unknown (4001) x6 |
| 8:33 | Spicy$p3nce · wall_segment Unknown (4001) x8 |
| 8:33 | FlyingSheep · wall_segment Unknown (4001) x1 |
| 8:33 | FlyingSheep · wall_segment Unknown (4001) x1 |
| 8:33 | FlyingSheep · wall_segment Unknown (4001) x1 |
| 8:33 | FlyingSheep · wall_segment Unknown (4001) x1 |
| 8:34 | FlyingSheep · wall_segment Unknown (4001) x1 |
| 8:34 | FlyingSheep · wall_segment Unknown (4001) x1 |
| 8:34 | FlyingSheep · wall_segment Unknown (4001) x1 |
| 8:34 | FlyingSheep · wall_segment Unknown (4001) x1 |
| 8:34 | FlyingSheep · wall_segment Unknown (4001) x1 |
| 8:34 | FlyingSheep · wall_segment Unknown (4001) x1 |
| 8:36 | Spicy$p3nce · wall_segment Unknown (4001) x3 |
| 8:42 | Spicy$p3nce · wall_segment Unknown (4001) x7 |
| 8:44 | PorkFriedRice · wall_segment Unknown (4001) x1 |
| 8:45 | PorkFriedRice · wall_segment Unknown (4001) x4 |
| 8:46 | Spicy$p3nce · wall_segment Unknown (4001) x6 |
| 8:46 | FlyingSheep · wall_segment Unknown (4001) x1 |
| 8:47 | FlyingSheep · wall_segment Unknown (4001) x1 |
| 8:47 | FlyingSheep · wall_segment Unknown (4001) x1 |
| 8:47 | FlyingSheep · wall_segment Unknown (4001) x1 |
| 8:47 | FlyingSheep · wall_segment Unknown (4001) x1 |
| 8:47 | FlyingSheep · wall_segment Unknown (4001) x1 |
| 8:47 | FlyingSheep · wall_segment Unknown (4001) x1 |
| 8:47 | FlyingSheep · wall_segment Unknown (4001) x1 |
| 8:47 | PorkFriedRice · wall_segment Unknown (4001) x3 |
| 8:48 | FlyingSheep · wall_segment Unknown (4001) x1 |
| 8:48 | FlyingSheep · wall_segment Unknown (4001) x1 |
| 8:48 | FlyingSheep · wall_segment Unknown (4001) x1 |
| 8:48 | FlyingSheep · wall_segment Unknown (4001) x1 |
| 8:48 | FlyingSheep · wall_segment Unknown (4001) x1 |
| 8:48 | FlyingSheep · wall_segment Unknown (4001) x1 |
| 8:48 | FlyingSheep · wall_segment Unknown (4001) x1 |
| 8:48 | FlyingSheep · wall_segment Unknown (4001) x1 |
| 8:50 | Spicy$p3nce · wall_segment Unknown (4001) x7 |
| 8:50 | FlyingSheep · wall_segment Unknown (4001) x1 |
| 8:50 | FlyingSheep · wall_segment Unknown (4001) x1 |
| 8:50 | FlyingSheep · wall_segment Unknown (4001) x1 |
| 8:50 | FlyingSheep · wall_segment Unknown (4001) x1 |
| 8:50 | FlyingSheep · wall_segment Unknown (4001) x1 |
| 8:50 | FlyingSheep · wall_segment Unknown (4001) x1 |
| 8:50 | FlyingSheep · wall_segment Unknown (4001) x1 |
| 8:50 | FlyingSheep · wall_segment Unknown (4001) x1 |
| 8:53 | FlyingSheep · wall_segment Unknown (4001) x1 |
| 8:53 | FlyingSheep · wall_segment Unknown (4001) x1 |
| 8:53 | FlyingSheep · wall_segment Unknown (4001) x1 |
| 8:53 | FlyingSheep · wall_segment Unknown (4001) x1 |
| 8:53 | FlyingSheep · wall_segment Unknown (4001) x1 |
| 8:53 | FlyingSheep · wall_segment Unknown (4001) x1 |
| 8:53 | FlyingSheep · wall_segment Unknown (4001) x1 |
| 8:53 | FlyingSheep · wall_segment Unknown (4001) x1 |
| 9:00 | FlyingSheep · wall_segment Unknown (4001) x1 |
| 9:00 | FlyingSheep · wall_segment Unknown (4001) x1 |
| 9:00 | FlyingSheep · wall_segment Unknown (4001) x1 |
| 9:00 | FlyingSheep · wall_segment Unknown (4001) x1 |
| 9:00 | FlyingSheep · wall_segment Unknown (4001) x1 |
| 9:00 | FlyingSheep · wall_segment Unknown (4001) x1 |
| 9:00 | FlyingSheep · wall_segment Unknown (4001) x1 |
| 9:00 | FlyingSheep · wall_segment Unknown (4001) x1 |
| 9:00 | FlyingSheep · wall_segment Unknown (4001) x1 |
| 9:00 | FlyingSheep · wall_segment Unknown (4001) x1 |
| 9:02 | FlyingSheep · wall_segment Unknown (4001) x1 |
| 9:02 | FlyingSheep · wall_segment Unknown (4001) x1 |
| 9:02 | FlyingSheep · wall_segment Unknown (4001) x1 |
| 9:02 | FlyingSheep · wall_segment Unknown (4001) x1 |
| 9:03 | FlyingSheep · wall_segment Unknown (4001) x1 |
| 9:03 | FlyingSheep · wall_segment Unknown (4001) x1 |
| 9:03 | FlyingSheep · wall_segment Unknown (4001) x1 |
| 9:03 | FlyingSheep · wall_segment Unknown (4001) x1 |
| 9:03 | FlyingSheep · wall_segment Unknown (4001) x1 |
| 9:03 | FlyingSheep · wall_segment Unknown (4001) x1 |
| 9:09 | Spicy$p3nce · wall_segment Unknown (4001) x7 |
| 9:12 | Spicy$p3nce · wall_segment Unknown (4001) x5 |
| 9:13 | PorkFriedRice · wall_segment Unknown (4001) x1 |
| 9:14 | PorkFriedRice · wall_segment Unknown (4001) x4 |
| 9:16 | the_llamatoast · wall_segment Unknown (4001) x12 |
| 9:16 | Spicy$p3nce · wall_segment Unknown (4001) x10 |
| 9:23 | Spicy$p3nce · wall_segment Unknown (4001) x14 |
| 9:25 | Spicy$p3nce · wall_segment Unknown (4001) x6 |
| 9:29 | the_llamatoast · wall_segment Unknown (4001) x12 |
| 9:31 | the_llamatoast · wall_segment Unknown (4001) x12 |
| 9:34 | FlyingSheep · wall_segment Unknown (4001) x1 |
| 9:37 | FlyingSheep · wall_segment Unknown (4001) x1 |
| 9:37 | FlyingSheep · wall_segment Unknown (4001) x1 |
| 9:38 | FlyingSheep · wall_segment Unknown (4001) x1 |
| 9:38 | FlyingSheep · wall_segment Unknown (4001) x1 |
| 9:38 | FlyingSheep · wall_segment Unknown (4001) x1 |
| 9:38 | FlyingSheep · wall_segment Unknown (4001) x1 |
| 9:38 | FlyingSheep · wall_segment Unknown (4001) x1 |
| 9:38 | FlyingSheep · wall_segment Unknown (4001) x1 |
| 9:38 | FlyingSheep · wall_segment Unknown (4001) x1 |
| 9:38 | FlyingSheep · wall_segment Unknown (4001) x1 |
| 9:38 | FlyingSheep · wall_segment Unknown (4001) x1 |
| 9:38 | FlyingSheep · wall_segment Unknown (4001) x1 |
| 9:39 | FlyingSheep · wall_segment Unknown (4001) x1 |
| 9:39 | FlyingSheep · wall_segment Unknown (4001) x1 |
| 9:39 | FlyingSheep · wall_segment Unknown (4001) x1 |
| 9:39 | FlyingSheep · wall_segment Unknown (4001) x1 |
| 9:39 | FlyingSheep · wall_segment Unknown (4001) x1 |
| 9:39 | FlyingSheep · wall_segment Unknown (4001) x1 |
| 9:39 | FlyingSheep · wall_segment Unknown (4001) x1 |
| 9:39 | FlyingSheep · wall_segment Unknown (4001) x1 |
| 9:39 | FlyingSheep · wall_segment Unknown (4001) x1 |
| 9:40 | FlyingSheep · wall_segment Unknown (4001) x1 |
| 9:40 | FlyingSheep · wall_segment Unknown (4001) x1 |
| 9:40 | FlyingSheep · wall_segment Unknown (4001) x1 |
| 9:40 | FlyingSheep · wall_segment Unknown (4001) x1 |
| 9:40 | FlyingSheep · wall_segment Unknown (4001) x1 |
| 9:40 | FlyingSheep · wall_segment Unknown (4001) x1 |
| 9:40 | FlyingSheep · wall_segment Unknown (4001) x1 |
| 9:40 | FlyingSheep · wall_segment Unknown (4001) x1 |
| 9:40 | FlyingSheep · wall_segment Unknown (4001) x1 |
| 9:40 | FlyingSheep · wall_segment Unknown (4001) x1 |
| 9:41 | FlyingSheep · wall_segment Unknown (4001) x1 |
| 9:41 | FlyingSheep · wall_segment Unknown (4001) x1 |
| 9:41 | FlyingSheep · wall_segment Unknown (4001) x1 |
| 9:41 | FlyingSheep · wall_segment Unknown (4001) x1 |
| 9:41 | FlyingSheep · wall_segment Unknown (4001) x1 |
| 9:41 | FlyingSheep · wall_segment Unknown (4001) x1 |
| 9:41 | FlyingSheep · wall_segment Unknown (4001) x1 |
| 9:41 | FlyingSheep · wall_segment Unknown (4001) x1 |
| 9:41 | FlyingSheep · wall_segment Unknown (4001) x1 |
| 9:49 | FlyingSheep · wall_segment Unknown (4001) x1 |
| 9:51 | FlyingSheep · wall_segment Unknown (4001) x1 |
| 9:52 | FlyingSheep · wall_segment Unknown (4001) x1 |
| 9:52 | FlyingSheep · wall_segment Unknown (4001) x1 |
| 9:52 | FlyingSheep · wall_segment Unknown (4001) x1 |
| 9:52 | FlyingSheep · wall_segment Unknown (4001) x1 |
| 9:52 | FlyingSheep · wall_segment Unknown (4001) x1 |
| 9:52 | FlyingSheep · wall_segment Unknown (4001) x1 |
| 9:52 | FlyingSheep · wall_segment Unknown (4001) x1 |
| 9:52 | FlyingSheep · wall_segment Unknown (4001) x1 |
| 9:52 | FlyingSheep · wall_segment Unknown (4001) x1 |
| 9:52 | FlyingSheep · wall_segment Unknown (4001) x1 |
| 9:53 | FlyingSheep · wall_segment Unknown (4001) x1 |
| 9:53 | FlyingSheep · wall_segment Unknown (4001) x1 |
| 9:53 | FlyingSheep · wall_segment Unknown (4001) x1 |
| 9:53 | FlyingSheep · wall_segment Unknown (4001) x1 |
| 9:53 | FlyingSheep · wall_segment Unknown (4001) x1 |
| 9:53 | FlyingSheep · wall_segment Unknown (4001) x1 |
| 9:53 | FlyingSheep · wall_segment Unknown (4001) x1 |
| 9:54 | FlyingSheep · wall_segment Unknown (4001) x1 |
| 9:54 | FlyingSheep · wall_segment Unknown (4001) x1 |
| 9:54 | FlyingSheep · wall_segment Unknown (4001) x1 |
| 9:54 | FlyingSheep · wall_segment Unknown (4001) x1 |
| 9:54 | FlyingSheep · wall_segment Unknown (4001) x1 |
| 9:54 | FlyingSheep · wall_segment Unknown (4001) x1 |
| 9:54 | FlyingSheep · wall_segment Unknown (4001) x1 |
| 9:54 | FlyingSheep · wall_segment Unknown (4001) x1 |
| 9:54 | FlyingSheep · wall_segment Unknown (4001) x1 |
| 9:55 | FlyingSheep · wall_segment Unknown (4001) x1 |
| 9:55 | FlyingSheep · wall_segment Unknown (4001) x1 |
| 9:55 | FlyingSheep · wall_segment Unknown (4001) x1 |
| 9:55 | FlyingSheep · wall_segment Unknown (4001) x1 |
| 9:55 | FlyingSheep · wall_segment Unknown (4001) x1 |
| 9:57 | FlyingSheep · wall_segment Unknown (4001) x1 |
| 9:57 | FlyingSheep · wall_segment Unknown (4001) x1 |
| 9:57 | FlyingSheep · wall_segment Unknown (4001) x1 |
| 9:57 | FlyingSheep · wall_segment Unknown (4001) x1 |
| 9:57 | FlyingSheep · wall_segment Unknown (4001) x1 |
| 9:57 | FlyingSheep · wall_segment Unknown (4001) x1 |
| 9:57 | FlyingSheep · wall_segment Unknown (4001) x1 |
| 9:57 | FlyingSheep · wall_segment Unknown (4001) x1 |
| 9:58 | FlyingSheep · wall_segment Unknown (4001) x1 |
| 9:58 | FlyingSheep · wall_segment Unknown (4001) x1 |
| 9:58 | FlyingSheep · wall_segment Unknown (4001) x1 |
| 9:58 | FlyingSheep · wall_segment Unknown (4001) x1 |
| 9:59 | FlyingSheep · wall_segment Unknown (4001) x1 |
| 9:59 | FlyingSheep · wall_segment Unknown (4001) x1 |
| 9:59 | FlyingSheep · wall_segment Unknown (4001) x1 |
| 9:59 | FlyingSheep · wall_segment Unknown (4001) x1 |
| 9:59 | FlyingSheep · wall_segment Unknown (4001) x1 |
| 9:59 | FlyingSheep · wall_segment Unknown (4001) x1 |
| 10:00 | FlyingSheep · wall_segment Unknown (4001) x1 |
| 10:00 | FlyingSheep · wall_segment Unknown (4001) x1 |
| 10:00 | FlyingSheep · wall_segment Unknown (4001) x1 |
| 10:00 | FlyingSheep · wall_segment Unknown (4001) x1 |
| 10:00 | FlyingSheep · wall_segment Unknown (4001) x1 |
| 10:01 | FlyingSheep · wall_segment Unknown (4001) x1 |
| 10:01 | FlyingSheep · wall_segment Unknown (4001) x1 |
| 10:01 | FlyingSheep · wall_segment Unknown (4001) x1 |
| 10:01 | FlyingSheep · wall_segment Unknown (4001) x1 |
| 10:01 | FlyingSheep · wall_segment Unknown (4001) x1 |
| 10:01 | FlyingSheep · wall_segment Unknown (4001) x1 |
| 10:01 | the_llamatoast · wall_segment Unknown (4001) x12 |
| 10:01 | FlyingSheep · wall_segment Unknown (4001) x1 |
| 10:01 | FlyingSheep · wall_segment Unknown (4001) x1 |
| 10:01 | FlyingSheep · wall_segment Unknown (4001) x1 |
| 10:02 | FlyingSheep · wall_segment Unknown (4001) x1 |
| 10:02 | FlyingSheep · wall_segment Unknown (4001) x1 |
| 10:02 | FlyingSheep · wall_segment Unknown (4001) x1 |
| 10:02 | FlyingSheep · wall_segment Unknown (4001) x1 |
| 10:02 | FlyingSheep · wall_segment Unknown (4001) x1 |
| 10:02 | FlyingSheep · wall_segment Unknown (4001) x1 |
| 10:02 | FlyingSheep · wall_segment Unknown (4001) x1 |
| 10:02 | FlyingSheep · wall_segment Unknown (4001) x1 |
| 10:02 | FlyingSheep · wall_segment Unknown (4001) x1 |
| 10:02 | FlyingSheep · wall_segment Unknown (4001) x1 |
| 10:07 | FlyingSheep · wall_segment Unknown (4001) x1 |
| 10:07 | FlyingSheep · wall_segment Unknown (4001) x1 |
| 10:07 | FlyingSheep · wall_segment Unknown (4001) x1 |
| 10:08 | FlyingSheep · wall_segment Unknown (4001) x1 |
| 10:08 | FlyingSheep · wall_segment Unknown (4001) x1 |
| 10:08 | FlyingSheep · wall_segment Unknown (4001) x1 |
| 10:08 | FlyingSheep · wall_segment Unknown (4001) x1 |
| 10:08 | FlyingSheep · wall_segment Unknown (4001) x1 |
| 10:08 | FlyingSheep · wall_segment Unknown (4001) x1 |
| 10:08 | FlyingSheep · wall_segment Unknown (4001) x1 |
| 10:08 | FlyingSheep · wall_segment Unknown (4001) x1 |
| 10:08 | FlyingSheep · wall_segment Unknown (4001) x1 |
| 10:08 | FlyingSheep · wall_segment Unknown (4001) x1 |
| 10:09 | FlyingSheep · wall_segment Unknown (4001) x1 |
| 10:09 | FlyingSheep · wall_segment Unknown (4001) x1 |
| 10:09 | FlyingSheep · wall_segment Unknown (4001) x1 |
| 10:09 | FlyingSheep · wall_segment Unknown (4001) x1 |
| 10:09 | FlyingSheep · wall_segment Unknown (4001) x1 |
| 10:09 | FlyingSheep · wall_segment Unknown (4001) x1 |
| 10:09 | FlyingSheep · wall_segment Unknown (4001) x1 |
| 10:09 | FlyingSheep · wall_segment Unknown (4001) x1 |
| 10:09 | FlyingSheep · wall_segment Unknown (4001) x1 |
| 10:09 | FlyingSheep · wall_segment Unknown (4001) x1 |
| 10:10 | FlyingSheep · wall_segment Unknown (4001) x1 |
| 10:10 | FlyingSheep · wall_segment Unknown (4001) x1 |
| 10:10 | FlyingSheep · wall_segment Unknown (4001) x1 |
| 10:10 | the_llamatoast · wall_segment Unknown (4001) x1 |
| 10:11 | FlyingSheep · wall_segment Unknown (4001) x1 |
| 10:11 | FlyingSheep · wall_segment Unknown (4001) x1 |
| 10:11 | FlyingSheep · wall_segment Unknown (4001) x1 |
| 10:11 | FlyingSheep · wall_segment Unknown (4001) x1 |
| 10:11 | FlyingSheep · wall_segment Unknown (4001) x1 |
| 10:11 | FlyingSheep · wall_segment Unknown (4001) x1 |
| 10:11 | FlyingSheep · wall_segment Unknown (4001) x1 |
| 10:11 | FlyingSheep · wall_segment Unknown (4001) x1 |
| 10:12 | FlyingSheep · wall_segment Unknown (4001) x1 |
| 10:12 | FlyingSheep · wall_segment Unknown (4001) x1 |
| 10:12 | FlyingSheep · wall_segment Unknown (4001) x1 |
| 10:12 | FlyingSheep · wall_segment Unknown (4001) x1 |
| 10:12 | FlyingSheep · wall_segment Unknown (4001) x1 |
| 10:12 | FlyingSheep · wall_segment Unknown (4001) x1 |
| 10:12 | FlyingSheep · wall_segment Unknown (4001) x1 |
| 10:12 | FlyingSheep · wall_segment Unknown (4001) x1 |
| 10:12 | FlyingSheep · wall_segment Unknown (4001) x1 |
| 10:12 | FlyingSheep · wall_segment Unknown (4001) x1 |
| 10:13 | FlyingSheep · wall_segment Unknown (4001) x1 |
| 10:13 | FlyingSheep · wall_segment Unknown (4001) x1 |
| 10:13 | FlyingSheep · wall_segment Unknown (4001) x1 |
| 10:13 | FlyingSheep · wall_segment Unknown (4001) x1 |
| 10:13 | the_llamatoast · wall_segment Unknown (4001) x12 |
| 10:13 | FlyingSheep · wall_segment Unknown (4001) x1 |
| 10:13 | FlyingSheep · wall_segment Unknown (4001) x1 |
| 10:13 | FlyingSheep · wall_segment Unknown (4001) x1 |
| 10:13 | FlyingSheep · wall_segment Unknown (4001) x1 |
| 10:13 | FlyingSheep · wall_segment Unknown (4001) x1 |
| 10:14 | FlyingSheep · wall_segment Unknown (4001) x1 |
| 10:14 | FlyingSheep · wall_segment Unknown (4001) x1 |
| 10:14 | FlyingSheep · wall_segment Unknown (4001) x1 |
| 10:14 | FlyingSheep · wall_segment Unknown (4001) x1 |
| 10:14 | FlyingSheep · wall_segment Unknown (4001) x1 |
| 10:14 | FlyingSheep · wall_segment Unknown (4001) x1 |
| 10:14 | FlyingSheep · wall_segment Unknown (4001) x1 |
| 10:14 | FlyingSheep · wall_segment Unknown (4001) x1 |
| 10:14 | FlyingSheep · wall_segment Unknown (4001) x1 |
| 10:14 | FlyingSheep · wall_segment Unknown (4001) x1 |
| 10:15 | FlyingSheep · wall_segment Unknown (4001) x1 |
| 10:15 | FlyingSheep · wall_segment Unknown (4001) x1 |
| 10:15 | FlyingSheep · wall_segment Unknown (4001) x1 |
| 10:16 | FlyingSheep · wall_segment Unknown (4001) x1 |
| 10:16 | FlyingSheep · wall_segment Unknown (4001) x1 |
| 10:16 | FlyingSheep · wall_segment Unknown (4001) x1 |
| 10:16 | FlyingSheep · wall_segment Unknown (4001) x1 |
| 10:16 | the_llamatoast · wall_segment Unknown (4001) x12 |
| 10:17 | FlyingSheep · wall_segment Unknown (4001) x1 |
| 10:17 | FlyingSheep · wall_segment Unknown (4001) x1 |
| 10:17 | FlyingSheep · wall_segment Unknown (4001) x1 |
| 10:17 | FlyingSheep · wall_segment Unknown (4001) x1 |
| 10:44 | the_llamatoast · wall_segment Unknown (4001) x12 |
| 10:46 | the_llamatoast · wall_segment Unknown (4001) x12 |
| 10:47 | 22 · wall_segment Unknown (4001) x6 |
| 10:49 | the_llamatoast · wall_segment Unknown (4001) x12 |
| 10:50 | 22 · wall_segment Unknown (4001) x5 |
| 10:50 | the_llamatoast · wall_segment Unknown (4001) x12 |
| 10:52 | the_llamatoast · wall_segment Unknown (4001) x12 |
| 10:55 | 22 · wall_segment Unknown (4001) x5 |
| 10:56 | 22 · wall_segment Unknown (4001) x1 |
| 10:57 | FlyingSheep · wall_segment Unknown (4001) x1 |
| 10:57 | FlyingSheep · wall_segment Unknown (4001) x1 |
| 10:57 | FlyingSheep · wall_segment Unknown (4001) x1 |
| 10:57 | FlyingSheep · wall_segment Unknown (4001) x1 |
| 10:57 | FlyingSheep · wall_segment Unknown (4001) x1 |
| 10:57 | FlyingSheep · wall_segment Unknown (4001) x1 |
| 10:57 | 22 · wall_segment Unknown (4001) x1 |
| 10:57 | FlyingSheep · wall_segment Unknown (4001) x1 |
| 10:57 | FlyingSheep · wall_segment Unknown (4001) x1 |
| 10:58 | FlyingSheep · wall_segment Unknown (4001) x1 |
| 10:58 | FlyingSheep · wall_segment Unknown (4001) x1 |
| 10:58 | FlyingSheep · wall_segment Unknown (4001) x1 |
| 10:58 | FlyingSheep · wall_segment Unknown (4001) x1 |
| 10:58 | FlyingSheep · wall_segment Unknown (4001) x1 |
| 10:58 | FlyingSheep · wall_segment Unknown (4001) x1 |
| 10:58 | 22 · wall_segment Unknown (4001) x1 |
| 10:58 | FlyingSheep · wall_segment Unknown (4001) x1 |
| 10:58 | FlyingSheep · wall_segment Unknown (4001) x1 |
| 10:59 | FlyingSheep · wall_segment Unknown (4001) x1 |
| 10:59 | FlyingSheep · wall_segment Unknown (4001) x1 |
| 10:59 | FlyingSheep · wall_segment Unknown (4001) x1 |
| 10:59 | FlyingSheep · wall_segment Unknown (4001) x1 |
| 10:59 | FlyingSheep · wall_segment Unknown (4001) x1 |
| 10:59 | FlyingSheep · wall_segment Unknown (4001) x1 |
| 10:59 | FlyingSheep · wall_segment Unknown (4001) x1 |
| 10:59 | FlyingSheep · wall_segment Unknown (4001) x1 |
| 11:00 | FlyingSheep · wall_segment Unknown (4001) x1 |
| 11:00 | FlyingSheep · wall_segment Unknown (4001) x1 |
| 11:00 | FlyingSheep · wall_segment Unknown (4001) x1 |
| 11:00 | FlyingSheep · wall_segment Unknown (4001) x1 |
| 11:00 | 22 · wall_segment Unknown (4001) x2 |
| 11:00 | FlyingSheep · wall_segment Unknown (4001) x1 |
| 11:00 | FlyingSheep · wall_segment Unknown (4001) x1 |
| 11:00 | FlyingSheep · wall_segment Unknown (4001) x1 |
| 11:00 | FlyingSheep · wall_segment Unknown (4001) x1 |
| 11:01 | FlyingSheep · wall_segment Unknown (4001) x1 |
| 11:01 | FlyingSheep · wall_segment Unknown (4001) x1 |
| 11:01 | FlyingSheep · wall_segment Unknown (4001) x1 |
| 11:01 | FlyingSheep · wall_segment Unknown (4001) x1 |
| 11:01 | FlyingSheep · wall_segment Unknown (4001) x1 |
| 11:01 | FlyingSheep · wall_segment Unknown (4001) x1 |
| 11:01 | FlyingSheep · wall_segment Unknown (4001) x1 |
| 11:01 | FlyingSheep · wall_segment Unknown (4001) x1 |
| 11:02 | 22 · wall_segment Unknown (4001) x5 |
| 11:04 | 22 · wall_segment Unknown (4001) x5 |
| 11:05 | 22 · wall_segment Unknown (4001) x1 |
| 11:07 | 22 · wall_segment Unknown (4001) x9 |
| 11:10 | FlyingSheep · wall_segment Unknown (4001) x1 |
| 11:11 | FlyingSheep · wall_segment Unknown (4001) x1 |
| 11:11 | FlyingSheep · wall_segment Unknown (4001) x1 |
| 11:11 | FlyingSheep · wall_segment Unknown (4001) x1 |
| 11:11 | FlyingSheep · wall_segment Unknown (4001) x1 |
| 11:11 | FlyingSheep · wall_segment Unknown (4001) x1 |
| 11:11 | FlyingSheep · wall_segment Unknown (4001) x1 |
| 11:11 | FlyingSheep · wall_segment Unknown (4001) x1 |
| 11:11 | FlyingSheep · wall_segment Unknown (4001) x1 |
| 11:11 | FlyingSheep · wall_segment Unknown (4001) x1 |
| 11:11 | FlyingSheep · wall_segment Unknown (4001) x1 |
| 11:12 | FlyingSheep · wall_segment Unknown (4001) x1 |
| 11:12 | FlyingSheep · wall_segment Unknown (4001) x1 |
| 11:12 | FlyingSheep · wall_segment Unknown (4001) x1 |
| 11:12 | FlyingSheep · wall_segment Unknown (4001) x1 |
| 11:12 | FlyingSheep · wall_segment Unknown (4001) x1 |
| 11:12 | FlyingSheep · wall_segment Unknown (4001) x1 |
| 11:12 | FlyingSheep · wall_segment Unknown (4001) x1 |
| 11:12 | FlyingSheep · wall_segment Unknown (4001) x1 |
| 11:12 | FlyingSheep · wall_segment Unknown (4001) x1 |
| 11:13 | FlyingSheep · wall_segment Unknown (4001) x1 |
| 11:13 | FlyingSheep · wall_segment Unknown (4001) x1 |
| 11:13 | FlyingSheep · wall_segment Unknown (4001) x1 |
| 11:13 | FlyingSheep · wall_segment Unknown (4001) x1 |
| 11:13 | FlyingSheep · wall_segment Unknown (4001) x1 |
| 11:13 | FlyingSheep · wall_segment Unknown (4001) x1 |
| 11:13 | FlyingSheep · wall_segment Unknown (4001) x1 |
| 11:13 | FlyingSheep · wall_segment Unknown (4001) x1 |
| 11:13 | FlyingSheep · wall_segment Unknown (4001) x1 |
| 11:14 | FlyingSheep · wall_segment Unknown (4001) x1 |
| 11:14 | FlyingSheep · wall_segment Unknown (4001) x1 |
| 11:14 | FlyingSheep · wall_segment Unknown (4001) x1 |
| 11:14 | Spicy$p3nce · wall_segment Unknown (4001) x3 |
| 11:14 | FlyingSheep · wall_segment Unknown (4001) x1 |
| 11:14 | FlyingSheep · wall_segment Unknown (4001) x1 |
| 11:14 | FlyingSheep · wall_segment Unknown (4001) x1 |
| 11:14 | FlyingSheep · wall_segment Unknown (4001) x1 |
| 11:14 | FlyingSheep · wall_segment Unknown (4001) x1 |
| 11:15 | FlyingSheep · wall_segment Unknown (4001) x1 |
| 11:15 | FlyingSheep · wall_segment Unknown (4001) x1 |
| 11:15 | FlyingSheep · wall_segment Unknown (4001) x1 |
| 11:15 | FlyingSheep · wall_segment Unknown (4001) x1 |
| 11:15 | FlyingSheep · wall_segment Unknown (4001) x1 |
| 11:15 | FlyingSheep · wall_segment Unknown (4001) x1 |
| 11:15 | FlyingSheep · wall_segment Unknown (4001) x1 |
| 11:15 | FlyingSheep · wall_segment Unknown (4001) x1 |
| 11:15 | FlyingSheep · wall_segment Unknown (4001) x1 |
| 11:15 | FlyingSheep · wall_segment Unknown (4001) x1 |
| 11:16 | FlyingSheep · wall_segment Unknown (4001) x1 |
| 11:18 | Spicy$p3nce · wall_segment Unknown (4001) x26 |
| 11:19 | FlyingSheep · wall_segment Unknown (4001) x1 |
| 11:19 | FlyingSheep · wall_segment Unknown (4001) x1 |
| 11:19 | FlyingSheep · wall_segment Unknown (4001) x1 |
| 11:20 | FlyingSheep · wall_segment Unknown (4001) x1 |
| 11:20 | FlyingSheep · wall_segment Unknown (4001) x1 |
| 11:20 | FlyingSheep · wall_segment Unknown (4001) x1 |
| 11:20 | FlyingSheep · wall_segment Unknown (4001) x1 |
| 11:20 | FlyingSheep · wall_segment Unknown (4001) x1 |
| 11:21 | FlyingSheep · wall_segment Unknown (4001) x1 |
| 11:21 | FlyingSheep · wall_segment Unknown (4001) x1 |
| 11:21 | FlyingSheep · wall_segment Unknown (4001) x1 |
| 11:21 | FlyingSheep · wall_segment Unknown (4001) x1 |
| 11:21 | FlyingSheep · wall_segment Unknown (4001) x1 |
| 11:21 | FlyingSheep · wall_segment Unknown (4001) x1 |
| 11:21 | FlyingSheep · wall_segment Unknown (4001) x1 |
| 11:21 | FlyingSheep · wall_segment Unknown (4001) x1 |
| 11:22 | FlyingSheep · wall_segment Unknown (4001) x1 |
| 11:22 | FlyingSheep · wall_segment Unknown (4001) x1 |
| 11:22 | FlyingSheep · wall_segment Unknown (4001) x1 |
| 11:22 | FlyingSheep · wall_segment Unknown (4001) x1 |
| 11:22 | FlyingSheep · wall_segment Unknown (4001) x1 |
| 11:23 | FlyingSheep · wall_segment Unknown (4001) x1 |
| 11:23 | FlyingSheep · wall_segment Unknown (4001) x1 |
| 11:23 | FlyingSheep · wall_segment Unknown (4001) x1 |
| 11:23 | FlyingSheep · wall_segment Unknown (4001) x1 |
| 11:23 | FlyingSheep · wall_segment Unknown (4001) x1 |
| 11:23 | FlyingSheep · wall_segment Unknown (4001) x1 |
| 11:23 | FlyingSheep · wall_segment Unknown (4001) x1 |
| 11:23 | FlyingSheep · wall_segment Unknown (4001) x1 |
| 11:24 | FlyingSheep · wall_segment Unknown (4001) x1 |
| 11:24 | FlyingSheep · wall_segment Unknown (4001) x1 |
| 11:24 | FlyingSheep · wall_segment Unknown (4001) x1 |
| 11:24 | FlyingSheep · wall_segment Unknown (4001) x1 |
| 11:24 | FlyingSheep · wall_segment Unknown (4001) x1 |
| 11:25 | FlyingSheep · wall_segment Unknown (4001) x1 |
| 11:25 | FlyingSheep · wall_segment Unknown (4001) x1 |
| 11:25 | FlyingSheep · wall_segment Unknown (4001) x1 |
| 11:25 | FlyingSheep · wall_segment Unknown (4001) x1 |
| 11:25 | FlyingSheep · wall_segment Unknown (4001) x1 |
| 11:25 | FlyingSheep · wall_segment Unknown (4001) x1 |
| 11:25 | FlyingSheep · wall_segment Unknown (4001) x1 |
| 11:25 | FlyingSheep · wall_segment Unknown (4001) x1 |
| 11:27 | FlyingSheep · wall_segment Unknown (4001) x1 |
| 11:27 | FlyingSheep · wall_segment Unknown (4001) x1 |
| 11:27 | FlyingSheep · wall_segment Unknown (4001) x1 |
| 11:27 | FlyingSheep · wall_segment Unknown (4001) x1 |
| 11:27 | FlyingSheep · wall_segment Unknown (4001) x1 |
| 11:27 | FlyingSheep · wall_segment Unknown (4001) x1 |
| 11:27 | FlyingSheep · wall_segment Unknown (4001) x1 |
| 11:27 | FlyingSheep · wall_segment Unknown (4001) x1 |
| 11:28 | FlyingSheep · wall_segment Unknown (4001) x1 |
| 11:28 | FlyingSheep · wall_segment Unknown (4001) x1 |
| 11:28 | FlyingSheep · wall_segment Unknown (4001) x1 |
| 11:28 | FlyingSheep · wall_segment Unknown (4001) x1 |
| 11:28 | FlyingSheep · wall_segment Unknown (4001) x1 |
| 11:28 | FlyingSheep · wall_segment Unknown (4001) x1 |
| 11:28 | FlyingSheep · wall_segment Unknown (4001) x1 |
| 11:28 | FlyingSheep · wall_segment Unknown (4001) x1 |
| 11:33 | Spicy$p3nce · wall_segment Unknown (4001) x21 |
| 11:36 | Spicy$p3nce · wall_segment Unknown (4001) x3 |
| 11:38 | Spicy$p3nce · wall_segment Unknown (4001) x3 |
| 11:40 | Spicy$p3nce · wall_segment Unknown (4001) x1 |
| 11:42 | Spicy$p3nce · wall_segment Unknown (4001) x2 |
| 11:43 | Spicy$p3nce · wall_segment Unknown (4001) x6 |
| 11:51 | 22 · wall_segment Unknown (4001) x15 |
| 11:58 | FlyingSheep · wall_segment Unknown (4001) x1 |
| 11:58 | FlyingSheep · wall_segment Unknown (4001) x1 |
| 11:58 | FlyingSheep · wall_segment Unknown (4001) x1 |
| 11:58 | FlyingSheep · wall_segment Unknown (4001) x1 |
| 11:59 | Spicy$p3nce · wall_segment Unknown (4001) x11 |
| 11:59 | FlyingSheep · wall_segment Unknown (4001) x1 |
| 11:59 | FlyingSheep · wall_segment Unknown (4001) x1 |
| 11:59 | FlyingSheep · wall_segment Unknown (4001) x1 |
| 11:59 | FlyingSheep · wall_segment Unknown (4001) x1 |
| 12:00 | FlyingSheep · wall_segment Unknown (4001) x1 |
| 12:00 | FlyingSheep · wall_segment Unknown (4001) x1 |
| 12:00 | FlyingSheep · wall_segment Unknown (4001) x1 |
| 12:00 | FlyingSheep · wall_segment Unknown (4001) x1 |
| 12:00 | FlyingSheep · wall_segment Unknown (4001) x1 |
| 12:00 | FlyingSheep · wall_segment Unknown (4001) x1 |
| 12:01 | FlyingSheep · wall_segment Unknown (4001) x1 |
| 12:01 | FlyingSheep · wall_segment Unknown (4001) x1 |
| 12:01 | the_llamatoast · wall_segment Unknown (4001) x22 |
| 12:01 | FlyingSheep · wall_segment Unknown (4001) x1 |
| 12:01 | FlyingSheep · wall_segment Unknown (4001) x1 |
| 12:01 | FlyingSheep · wall_segment Unknown (4001) x1 |
| 12:01 | FlyingSheep · wall_segment Unknown (4001) x1 |
| 12:01 | FlyingSheep · wall_segment Unknown (4001) x1 |
| 12:01 | FlyingSheep · wall_segment Unknown (4001) x1 |
| 12:01 | FlyingSheep · wall_segment Unknown (4001) x1 |
| 12:02 | FlyingSheep · wall_segment Unknown (4001) x1 |
| 12:02 | Spicy$p3nce · wall_segment Unknown (4001) x1 |
| 12:02 | FlyingSheep · wall_segment Unknown (4001) x1 |
| 12:02 | FlyingSheep · wall_segment Unknown (4001) x1 |
| 12:02 | FlyingSheep · wall_segment Unknown (4001) x1 |
| 12:02 | FlyingSheep · wall_segment Unknown (4001) x1 |
| 12:02 | FlyingSheep · wall_segment Unknown (4001) x1 |
| 12:02 | FlyingSheep · wall_segment Unknown (4001) x1 |
| 12:02 | FlyingSheep · wall_segment Unknown (4001) x1 |
| 12:02 | FlyingSheep · wall_segment Unknown (4001) x1 |
| 12:03 | FlyingSheep · wall_segment Unknown (4001) x1 |
| 12:03 | FlyingSheep · wall_segment Unknown (4001) x1 |
| 12:03 | FlyingSheep · wall_segment Unknown (4001) x1 |
| 12:04 | FlyingSheep · wall_segment Unknown (4001) x1 |
| 12:04 | FlyingSheep · wall_segment Unknown (4001) x1 |
| 12:04 | FlyingSheep · wall_segment Unknown (4001) x1 |
| 12:04 | FlyingSheep · wall_segment Unknown (4001) x1 |
| 12:04 | FlyingSheep · wall_segment Unknown (4001) x1 |
| 12:04 | the_llamatoast · wall_segment Unknown (4001) x24 |
| 12:05 | Spicy$p3nce · wall_segment Unknown (4001) x4 |
| 12:07 | 22 · wall_segment Unknown (4001) x11 |
| 12:14 | 22 · wall_segment Unknown (4001) x6 |
| 12:15 | 22 · wall_segment Unknown (4001) x3 |
| 12:16 | Spicy$p3nce · wall_segment Unknown (4001) x26 |
| 12:19 | 22 · wall_segment Unknown (4001) x2 |
| 12:21 | the_llamatoast · wall_segment Unknown (4001) x20 |
| 12:21 | 22 · wall_segment Unknown (4001) x6 |
| 12:23 | Spicy$p3nce · wall_segment Unknown (4001) x15 |
| 12:23 | the_llamatoast · wall_segment Unknown (4001) x22 |
| 12:24 | 22 · wall_segment Unknown (4001) x9 |
| 12:26 | 22 · wall_segment Unknown (4001) x1 |
| 12:27 | 22 · wall_segment Unknown (4001) x1 |
| 12:27 | the_llamatoast · wall_segment Unknown (4001) x21 |
| 12:29 | 22 · wall_segment Unknown (4001) x9 |
| 12:30 | the_llamatoast · wall_segment Unknown (4001) x25 |
| 12:31 | 22 · wall_segment Unknown (4001) x6 |
| 12:38 | the_llamatoast · wall_segment Unknown (4001) x20 |
| 12:39 | the_llamatoast · wall_segment Unknown (4001) x23 |
| 12:48 | the_llamatoast · wall_segment Unknown (4001) x21 |
| 12:50 | the_llamatoast · wall_segment Unknown (4001) x22 |
| 12:53 | the_llamatoast · wall_segment Unknown (4001) x21 |
| 13:13 | FlyingSheep · wall_segment Unknown (4001) x1 |
| 13:18 | FlyingSheep · wall_segment Unknown (4001) x1 |
| 13:28 | Spicy$p3nce · wall_segment Unknown (4001) x4 |
| 13:31 | Spicy$p3nce · wall_segment Unknown (4001) x4 |
| 13:33 | Spicy$p3nce · wall_segment Unknown (4001) x5 |
| 13:34 | Spicy$p3nce · wall_segment Unknown (4001) x5 |
| 13:36 | Spicy$p3nce · wall_segment Unknown (4001) x6 |
| 13:43 | Spicy$p3nce · wall_segment Unknown (4001) x4 |
| 13:51 | FlyingSheep · wall_segment Unknown (4001) x1 |
| 13:53 | FlyingSheep · wall_segment Unknown (4001) x1 |
| 13:53 | FlyingSheep · wall_segment Unknown (4001) x1 |
| 13:53 | FlyingSheep · wall_segment Unknown (4001) x1 |
| 13:53 | FlyingSheep · wall_segment Unknown (4001) x1 |
| 13:53 | FlyingSheep · wall_segment Unknown (4001) x1 |
| 13:53 | FlyingSheep · wall_segment Unknown (4001) x1 |
| 13:53 | FlyingSheep · wall_segment Unknown (4001) x1 |
| 13:53 | FlyingSheep · wall_segment Unknown (4001) x1 |
| 13:54 | FlyingSheep · wall_segment Unknown (4001) x1 |
| 13:54 | FlyingSheep · wall_segment Unknown (4001) x1 |
| 13:54 | FlyingSheep · wall_segment Unknown (4001) x1 |
| 13:54 | FlyingSheep · wall_segment Unknown (4001) x1 |
| 13:54 | FlyingSheep · wall_segment Unknown (4001) x1 |
| 13:54 | FlyingSheep · wall_segment Unknown (4001) x1 |
| 13:54 | FlyingSheep · wall_segment Unknown (4001) x1 |
| 13:54 | FlyingSheep · wall_segment Unknown (4001) x1 |
| 13:55 | FlyingSheep · wall_segment Unknown (4001) x1 |
| 13:55 | FlyingSheep · wall_segment Unknown (4001) x1 |
| 13:55 | FlyingSheep · wall_segment Unknown (4001) x1 |
| 13:55 | FlyingSheep · wall_segment Unknown (4001) x1 |
| 13:56 | FlyingSheep · wall_segment Unknown (4001) x1 |
| 13:56 | FlyingSheep · wall_segment Unknown (4001) x1 |
| 13:56 | FlyingSheep · wall_segment Unknown (4001) x1 |
| 13:56 | FlyingSheep · wall_segment Unknown (4001) x1 |
| 13:56 | FlyingSheep · wall_segment Unknown (4001) x1 |
| 13:56 | FlyingSheep · wall_segment Unknown (4001) x1 |
| 13:56 | FlyingSheep · wall_segment Unknown (4001) x1 |
| 13:56 | FlyingSheep · wall_segment Unknown (4001) x1 |
| 13:56 | FlyingSheep · wall_segment Unknown (4001) x1 |
| 13:56 | FlyingSheep · wall_segment Unknown (4001) x1 |
| 13:56 | FlyingSheep · wall_segment Unknown (4001) x1 |
| 13:57 | Spicy$p3nce · wall_segment Unknown (4001) x32 |
| 13:57 | FlyingSheep · wall_segment Unknown (4001) x1 |
| 13:57 | FlyingSheep · wall_segment Unknown (4001) x1 |
| 13:57 | FlyingSheep · wall_segment Unknown (4001) x1 |
| 13:57 | FlyingSheep · wall_segment Unknown (4001) x1 |
| 13:57 | FlyingSheep · wall_segment Unknown (4001) x1 |
| 13:57 | FlyingSheep · wall_segment Unknown (4001) x1 |
| 13:57 | FlyingSheep · wall_segment Unknown (4001) x1 |
| 13:57 | FlyingSheep · wall_segment Unknown (4001) x1 |
| 13:57 | FlyingSheep · wall_segment Unknown (4001) x1 |
| 13:58 | FlyingSheep · wall_segment Unknown (4001) x1 |
| 13:58 | FlyingSheep · wall_segment Unknown (4001) x1 |
| 13:58 | FlyingSheep · wall_segment Unknown (4001) x1 |
| 13:58 | FlyingSheep · wall_segment Unknown (4001) x1 |
| 13:58 | FlyingSheep · wall_segment Unknown (4001) x1 |
| 13:58 | FlyingSheep · wall_segment Unknown (4001) x1 |
| 13:58 | FlyingSheep · wall_segment Unknown (4001) x1 |
| 13:58 | FlyingSheep · wall_segment Unknown (4001) x1 |
| 13:59 | FlyingSheep · wall_segment Unknown (4001) x1 |
| 13:59 | FlyingSheep · wall_segment Unknown (4001) x1 |
| 13:59 | FlyingSheep · wall_segment Unknown (4001) x1 |
| 13:59 | FlyingSheep · wall_segment Unknown (4001) x1 |
| 13:59 | FlyingSheep · wall_segment Unknown (4001) x1 |
| 13:59 | FlyingSheep · wall_segment Unknown (4001) x1 |
| 13:59 | FlyingSheep · wall_segment Unknown (4001) x1 |
| 13:59 | FlyingSheep · wall_segment Unknown (4001) x1 |
| 14:02 | Spicy$p3nce · wall_segment Unknown (4001) x38 |
| 14:06 | Spicy$p3nce · wall_segment Unknown (4001) x38 |
| 14:08 | FlyingSheep · wall_segment Unknown (4001) x1 |
| 14:08 | FlyingSheep · wall_segment Unknown (4001) x1 |
| 14:08 | FlyingSheep · wall_segment Unknown (4001) x1 |
| 14:08 | FlyingSheep · wall_segment Unknown (4001) x1 |
| 14:08 | FlyingSheep · wall_segment Unknown (4001) x1 |
| 14:08 | FlyingSheep · wall_segment Unknown (4001) x1 |
| 14:08 | FlyingSheep · wall_segment Unknown (4001) x1 |
| 14:08 | FlyingSheep · wall_segment Unknown (4001) x1 |
| 14:09 | FlyingSheep · wall_segment Unknown (4001) x1 |
| 14:09 | FlyingSheep · wall_segment Unknown (4001) x1 |
| 14:09 | FlyingSheep · wall_segment Unknown (4001) x1 |
| 14:10 | FlyingSheep · wall_segment Unknown (4001) x1 |
| 14:10 | FlyingSheep · wall_segment Unknown (4001) x1 |
| 14:10 | FlyingSheep · wall_segment Unknown (4001) x1 |
| 14:10 | FlyingSheep · wall_segment Unknown (4001) x1 |
| 14:10 | FlyingSheep · wall_segment Unknown (4001) x1 |
| 14:19 | 22 · wall_segment Unknown (4001) x12 |
| 14:20 | 22 · wall_segment Unknown (4001) x1 |
| 14:21 | FlyingSheep · wall_segment Unknown (4001) x1 |
| 14:21 | FlyingSheep · wall_segment Unknown (4001) x1 |
| 14:21 | FlyingSheep · wall_segment Unknown (4001) x1 |
| 14:21 | FlyingSheep · wall_segment Unknown (4001) x1 |
| 14:21 | FlyingSheep · wall_segment Unknown (4001) x1 |
| 14:21 | FlyingSheep · wall_segment Unknown (4001) x1 |
| 14:21 | FlyingSheep · wall_segment Unknown (4001) x1 |
| 14:21 | FlyingSheep · wall_segment Unknown (4001) x1 |
| 14:22 | 22 · wall_segment Unknown (4001) x7 |
| 14:22 | FlyingSheep · wall_segment Unknown (4001) x1 |
| 14:22 | FlyingSheep · wall_segment Unknown (4001) x1 |
| 14:22 | FlyingSheep · wall_segment Unknown (4001) x1 |
| 14:22 | FlyingSheep · wall_segment Unknown (4001) x1 |
| 14:22 | FlyingSheep · wall_segment Unknown (4001) x1 |
| 14:22 | FlyingSheep · wall_segment Unknown (4001) x1 |
| 14:22 | FlyingSheep · wall_segment Unknown (4001) x1 |
| 14:22 | FlyingSheep · wall_segment Unknown (4001) x1 |
| 14:23 | FlyingSheep · wall_segment Unknown (4001) x1 |
| 14:23 | FlyingSheep · wall_segment Unknown (4001) x1 |
| 14:23 | FlyingSheep · wall_segment Unknown (4001) x1 |
| 14:23 | FlyingSheep · wall_segment Unknown (4001) x1 |
| 14:23 | FlyingSheep · wall_segment Unknown (4001) x1 |
| 14:23 | FlyingSheep · wall_segment Unknown (4001) x1 |
| 14:23 | FlyingSheep · wall_segment Unknown (4001) x1 |
| 14:23 | FlyingSheep · wall_segment Unknown (4001) x1 |
| 14:24 | FlyingSheep · wall_segment Unknown (4001) x1 |
| 14:24 | FlyingSheep · wall_segment Unknown (4001) x1 |
| 14:24 | FlyingSheep · wall_segment Unknown (4001) x1 |
| 14:24 | FlyingSheep · wall_segment Unknown (4001) x1 |
| 14:24 | FlyingSheep · wall_segment Unknown (4001) x1 |
| 14:24 | FlyingSheep · wall_segment Unknown (4001) x1 |
| 14:24 | FlyingSheep · wall_segment Unknown (4001) x1 |
| 14:24 | FlyingSheep · wall_segment Unknown (4001) x1 |
| 14:42 | FlyingSheep · wall_segment Unknown (4001) x1 |
| 14:42 | FlyingSheep · wall_segment Unknown (4001) x1 |
| 14:42 | FlyingSheep · wall_segment Unknown (4001) x1 |
| 14:42 | FlyingSheep · wall_segment Unknown (4001) x1 |
| 14:42 | FlyingSheep · wall_segment Unknown (4001) x1 |
| 14:42 | FlyingSheep · wall_segment Unknown (4001) x1 |
| 14:42 | FlyingSheep · wall_segment Unknown (4001) x1 |
| 14:42 | FlyingSheep · wall_segment Unknown (4001) x1 |
| 14:43 | FlyingSheep · wall_segment Unknown (4001) x1 |
| 14:43 | FlyingSheep · wall_segment Unknown (4001) x1 |
| 14:43 | FlyingSheep · wall_segment Unknown (4001) x1 |
| 14:43 | FlyingSheep · wall_segment Unknown (4001) x1 |
| 14:43 | FlyingSheep · wall_segment Unknown (4001) x1 |
| 14:43 | FlyingSheep · wall_segment Unknown (4001) x1 |
| 14:43 | FlyingSheep · wall_segment Unknown (4001) x1 |
| 14:43 | FlyingSheep · wall_segment Unknown (4001) x1 |
| 14:44 | FlyingSheep · wall_segment Unknown (4001) x1 |
| 14:44 | FlyingSheep · wall_segment Unknown (4001) x1 |
| 14:44 | FlyingSheep · wall_segment Unknown (4001) x1 |
| 14:44 | FlyingSheep · wall_segment Unknown (4001) x1 |
| 14:44 | FlyingSheep · wall_segment Unknown (4001) x1 |
| 14:44 | FlyingSheep · wall_segment Unknown (4001) x1 |
| 14:44 | FlyingSheep · wall_segment Unknown (4001) x1 |
| 14:44 | FlyingSheep · wall_segment Unknown (4001) x1 |
| 14:45 | FlyingSheep · wall_segment Unknown (4001) x1 |
| 14:45 | FlyingSheep · wall_segment Unknown (4001) x1 |
| 14:45 | FlyingSheep · wall_segment Unknown (4001) x1 |
| 14:45 | FlyingSheep · wall_segment Unknown (4001) x1 |
| 14:45 | FlyingSheep · wall_segment Unknown (4001) x1 |
| 14:45 | FlyingSheep · wall_segment Unknown (4001) x1 |
| 14:45 | FlyingSheep · wall_segment Unknown (4001) x1 |
| 14:45 | FlyingSheep · wall_segment Unknown (4001) x1 |
| 14:46 | FlyingSheep · wall_segment Unknown (4001) x1 |
| 14:46 | FlyingSheep · wall_segment Unknown (4001) x1 |
| 14:46 | FlyingSheep · wall_segment Unknown (4001) x1 |
| 14:46 | FlyingSheep · wall_segment Unknown (4001) x1 |
| 14:46 | FlyingSheep · wall_segment Unknown (4001) x1 |
| 14:46 | FlyingSheep · wall_segment Unknown (4001) x1 |
| 14:46 | FlyingSheep · wall_segment Unknown (4001) x1 |
| 14:46 | FlyingSheep · wall_segment Unknown (4001) x1 |
| 14:47 | FlyingSheep · wall_segment Unknown (4001) x1 |
| 14:47 | FlyingSheep · wall_segment Unknown (4001) x1 |
| 14:47 | FlyingSheep · wall_segment Unknown (4001) x1 |
| 14:47 | FlyingSheep · wall_segment Unknown (4001) x1 |
| 14:47 | FlyingSheep · wall_segment Unknown (4001) x1 |
| 14:48 | FlyingSheep · wall_segment Unknown (4001) x1 |
| 14:48 | FlyingSheep · wall_segment Unknown (4001) x1 |
| 14:48 | FlyingSheep · wall_segment Unknown (4001) x1 |
| 14:48 | FlyingSheep · wall_segment Unknown (4001) x1 |
| 14:48 | FlyingSheep · wall_segment Unknown (4001) x1 |
| 14:48 | FlyingSheep · wall_segment Unknown (4001) x1 |
| 14:48 | FlyingSheep · wall_segment Unknown (4001) x1 |
| 14:48 | FlyingSheep · wall_segment Unknown (4001) x1 |
| 14:48 | FlyingSheep · wall_segment Unknown (4001) x1 |
| 14:49 | FlyingSheep · wall_segment Unknown (4001) x1 |
| 14:49 | FlyingSheep · wall_segment Unknown (4001) x1 |
| 15:01 | FlyingSheep · wall_segment Unknown (4001) x1 |
| 15:01 | FlyingSheep · wall_segment Unknown (4001) x1 |
| 15:01 | FlyingSheep · wall_segment Unknown (4001) x1 |
| 15:01 | FlyingSheep · wall_segment Unknown (4001) x1 |
| 15:01 | FlyingSheep · wall_segment Unknown (4001) x1 |
| 15:01 | FlyingSheep · wall_segment Unknown (4001) x1 |
| 15:01 | FlyingSheep · wall_segment Unknown (4001) x1 |
| 15:01 | FlyingSheep · wall_segment Unknown (4001) x1 |
| 15:02 | FlyingSheep · wall_segment Unknown (4001) x1 |
| 15:02 | FlyingSheep · wall_segment Unknown (4001) x1 |
| 15:02 | FlyingSheep · wall_segment Unknown (4001) x1 |
| 15:02 | FlyingSheep · wall_segment Unknown (4001) x1 |
| 15:02 | FlyingSheep · wall_segment Unknown (4001) x1 |
| 15:02 | FlyingSheep · wall_segment Unknown (4001) x1 |
| 15:02 | FlyingSheep · wall_segment Unknown (4001) x1 |
| 15:02 | FlyingSheep · wall_segment Unknown (4001) x1 |
| 15:03 | FlyingSheep · wall_segment Unknown (4001) x1 |
| 15:03 | FlyingSheep · wall_segment Unknown (4001) x1 |
| 15:03 | FlyingSheep · wall_segment Unknown (4001) x1 |
| 15:03 | FlyingSheep · wall_segment Unknown (4001) x1 |
| 15:03 | FlyingSheep · wall_segment Unknown (4001) x1 |
| 15:03 | FlyingSheep · wall_segment Unknown (4001) x1 |
| 15:03 | FlyingSheep · wall_segment Unknown (4001) x1 |
| 15:03 | FlyingSheep · wall_segment Unknown (4001) x1 |
| 15:04 | FlyingSheep · wall_segment Unknown (4001) x1 |
| 15:04 | FlyingSheep · wall_segment Unknown (4001) x1 |
| 15:04 | FlyingSheep · wall_segment Unknown (4001) x1 |
| 15:04 | FlyingSheep · wall_segment Unknown (4001) x1 |
| 15:04 | FlyingSheep · wall_segment Unknown (4001) x1 |
| 15:04 | FlyingSheep · wall_segment Unknown (4001) x1 |
| 15:04 | FlyingSheep · wall_segment Unknown (4001) x1 |
| 15:04 | FlyingSheep · wall_segment Unknown (4001) x1 |
| 15:06 | FlyingSheep · wall_segment Unknown (4001) x1 |
| 15:06 | FlyingSheep · wall_segment Unknown (4001) x1 |
| 15:06 | FlyingSheep · wall_segment Unknown (4001) x1 |
| 15:06 | FlyingSheep · wall_segment Unknown (4001) x1 |
| 15:06 | FlyingSheep · wall_segment Unknown (4001) x1 |
| 15:06 | FlyingSheep · wall_segment Unknown (4001) x1 |
| 15:06 | FlyingSheep · wall_segment Unknown (4001) x1 |
| 15:06 | FlyingSheep · wall_segment Unknown (4001) x1 |
| 15:11 | FlyingSheep · wall_segment Unknown (4001) x1 |
| 15:11 | FlyingSheep · wall_segment Unknown (4001) x1 |
| 15:11 | FlyingSheep · wall_segment Unknown (4001) x1 |
| 15:11 | FlyingSheep · wall_segment Unknown (4001) x1 |
| 15:12 | FlyingSheep · wall_segment Unknown (4001) x1 |
| 15:12 | FlyingSheep · wall_segment Unknown (4001) x1 |
| 15:12 | FlyingSheep · wall_segment Unknown (4001) x1 |
| 15:12 | FlyingSheep · wall_segment Unknown (4001) x1 |
| 15:12 | FlyingSheep · wall_segment Unknown (4001) x1 |
| 15:12 | FlyingSheep · wall_segment Unknown (4001) x1 |
| 15:12 | FlyingSheep · wall_segment Unknown (4001) x1 |
| 15:12 | FlyingSheep · wall_segment Unknown (4001) x1 |
| 15:13 | FlyingSheep · wall_segment Unknown (4001) x1 |
| 15:13 | FlyingSheep · wall_segment Unknown (4001) x1 |
| 15:13 | FlyingSheep · wall_segment Unknown (4001) x1 |
| 15:13 | FlyingSheep · wall_segment Unknown (4001) x1 |
| 15:13 | FlyingSheep · wall_segment Unknown (4001) x1 |
| 15:13 | FlyingSheep · wall_segment Unknown (4001) x1 |
| 15:13 | FlyingSheep · wall_segment Unknown (4001) x1 |
| 15:14 | FlyingSheep · wall_segment Unknown (4001) x1 |
| 15:14 | FlyingSheep · wall_segment Unknown (4001) x1 |
| 15:14 | FlyingSheep · wall_segment Unknown (4001) x1 |
| 15:14 | FlyingSheep · wall_segment Unknown (4001) x1 |
| 15:14 | FlyingSheep · wall_segment Unknown (4001) x1 |
| 15:14 | FlyingSheep · wall_segment Unknown (4001) x1 |
| 15:14 | FlyingSheep · wall_segment Unknown (4001) x1 |
| 15:15 | FlyingSheep · wall_segment Unknown (4001) x1 |
| 15:15 | FlyingSheep · wall_segment Unknown (4001) x1 |
| 15:15 | FlyingSheep · wall_segment Unknown (4001) x1 |
| 15:15 | FlyingSheep · wall_segment Unknown (4001) x1 |
| 15:15 | 22 · wall_segment Unknown (4001) x6 |
| 15:15 | FlyingSheep · wall_segment Unknown (4001) x1 |
| 15:15 | FlyingSheep · wall_segment Unknown (4001) x1 |
| 15:15 | FlyingSheep · wall_segment Unknown (4001) x1 |
| 15:15 | FlyingSheep · wall_segment Unknown (4001) x1 |
| 15:15 | FlyingSheep · wall_segment Unknown (4001) x1 |
| 15:16 | FlyingSheep · wall_segment Unknown (4001) x1 |
| 15:16 | FlyingSheep · wall_segment Unknown (4001) x1 |
| 15:16 | FlyingSheep · wall_segment Unknown (4001) x1 |
| 15:16 | FlyingSheep · wall_segment Unknown (4001) x1 |
| 15:16 | 22 · wall_segment Unknown (4001) x2 |
| 15:16 | FlyingSheep · wall_segment Unknown (4001) x1 |
| 15:16 | FlyingSheep · wall_segment Unknown (4001) x1 |
| 15:16 | FlyingSheep · wall_segment Unknown (4001) x1 |
| 15:16 | FlyingSheep · wall_segment Unknown (4001) x1 |
| 15:16 | FlyingSheep · wall_segment Unknown (4001) x1 |
| 15:16 | FlyingSheep · wall_segment Unknown (4001) x1 |
| 15:17 | FlyingSheep · wall_segment Unknown (4001) x1 |
| 15:17 | FlyingSheep · wall_segment Unknown (4001) x1 |
| 15:17 | FlyingSheep · wall_segment Unknown (4001) x1 |
| 15:17 | FlyingSheep · wall_segment Unknown (4001) x1 |
| 15:17 | FlyingSheep · wall_segment Unknown (4001) x1 |
| 15:19 | 22 · wall_segment Unknown (4001) x6 |
| 15:21 | 22 · wall_segment Unknown (4001) x5 |
| 15:23 | 22 · wall_segment Unknown (4001) x8 |
| 15:28 | 22 · wall_segment Unknown (4001) x7 |
| 15:28 | the_llamatoast · wall_segment Unknown (4001) x2 |
| 15:33 | Spicy$p3nce · wall_segment Unknown (4001) x12 |
| 15:36 | Spicy$p3nce · wall_segment Unknown (4001) x8 |
| 15:36 | the_llamatoast · wall_segment Unknown (4001) x3 |
| 15:36 | FlyingSheep · wall_segment Unknown (4001) x1 |
| 15:37 | FlyingSheep · wall_segment Unknown (4001) x1 |
| 15:37 | FlyingSheep · wall_segment Unknown (4001) x1 |
| 15:37 | FlyingSheep · wall_segment Unknown (4001) x1 |
| 15:37 | FlyingSheep · wall_segment Unknown (4001) x1 |
| 15:37 | FlyingSheep · wall_segment Unknown (4001) x1 |
| 15:37 | FlyingSheep · wall_segment Unknown (4001) x1 |
| 15:37 | FlyingSheep · wall_segment Unknown (4001) x1 |
| 15:37 | FlyingSheep · wall_segment Unknown (4001) x1 |
| 15:37 | FlyingSheep · wall_segment Unknown (4001) x1 |
| 15:37 | the_llamatoast · wall_segment Unknown (4001) x3 |
| 15:38 | FlyingSheep · wall_segment Unknown (4001) x1 |
| 15:38 | FlyingSheep · wall_segment Unknown (4001) x1 |
| 15:38 | FlyingSheep · wall_segment Unknown (4001) x1 |
| 15:38 | FlyingSheep · wall_segment Unknown (4001) x1 |
| 15:38 | FlyingSheep · wall_segment Unknown (4001) x1 |
| 15:38 | FlyingSheep · wall_segment Unknown (4001) x1 |
| 15:38 | FlyingSheep · wall_segment Unknown (4001) x1 |
| 15:38 | FlyingSheep · wall_segment Unknown (4001) x1 |
| 15:38 | FlyingSheep · wall_segment Unknown (4001) x1 |
| 15:39 | FlyingSheep · wall_segment Unknown (4001) x1 |
| 15:39 | FlyingSheep · wall_segment Unknown (4001) x1 |
| 15:39 | FlyingSheep · wall_segment Unknown (4001) x1 |
| 15:39 | the_llamatoast · wall_segment Unknown (4001) x3 |
| 15:39 | FlyingSheep · wall_segment Unknown (4001) x1 |
| 15:39 | FlyingSheep · wall_segment Unknown (4001) x1 |
| 15:41 | the_llamatoast · wall_segment Unknown (4001) x3 |
| 15:42 | FlyingSheep · wall_segment Unknown (4001) x1 |
| 15:42 | FlyingSheep · wall_segment Unknown (4001) x1 |
| 15:42 | FlyingSheep · wall_segment Unknown (4001) x1 |
| 15:42 | FlyingSheep · wall_segment Unknown (4001) x1 |
| 15:42 | FlyingSheep · wall_segment Unknown (4001) x1 |
| 15:43 | FlyingSheep · wall_segment Unknown (4001) x1 |
| 15:43 | FlyingSheep · wall_segment Unknown (4001) x1 |
| 15:43 | FlyingSheep · wall_segment Unknown (4001) x1 |
| 15:43 | FlyingSheep · wall_segment Unknown (4001) x1 |
| 15:43 | FlyingSheep · wall_segment Unknown (4001) x1 |
| 15:43 | FlyingSheep · wall_segment Unknown (4001) x1 |
| 15:44 | Spicy$p3nce · wall_segment Unknown (4001) x6 |
| 15:44 | FlyingSheep · wall_segment Unknown (4001) x1 |
| 15:44 | FlyingSheep · wall_segment Unknown (4001) x1 |
| 15:44 | FlyingSheep · wall_segment Unknown (4001) x1 |
| 15:44 | FlyingSheep · wall_segment Unknown (4001) x1 |
| 15:44 | FlyingSheep · wall_segment Unknown (4001) x1 |
| 15:45 | Spicy$p3nce · wall_segment Unknown (4001) x8 |
| 15:50 | Spicy$p3nce · wall_segment Unknown (4001) x8 |
| 15:51 | the_llamatoast · wall_segment Unknown (4001) x1 |
| 15:55 | Spicy$p3nce · wall_segment Unknown (4001) x10 |
| 15:56 | the_llamatoast · wall_segment Unknown (4001) x1 |
| 15:58 | the_llamatoast · wall_segment Unknown (4001) x4 |
| 16:01 | the_llamatoast · wall_segment Unknown (4001) x5 |
| 16:02 | Spicy$p3nce · wall_segment Unknown (4001) x24 |
| 16:03 | the_llamatoast · wall_segment Unknown (4001) x7 |
| 16:03 | Spicy$p3nce · wall_segment Unknown (4001) x1 |
| 16:04 | Spicy$p3nce · wall_segment Unknown (4001) x1 |
| 16:05 | Spicy$p3nce · wall_segment Unknown (4001) x1 |
| 16:05 | FlyingSheep · wall_segment Unknown (4001) x1 |
| 16:05 | FlyingSheep · wall_segment Unknown (4001) x1 |
| 16:05 | FlyingSheep · wall_segment Unknown (4001) x1 |
| 16:05 | FlyingSheep · wall_segment Unknown (4001) x1 |
| 16:05 | the_llamatoast · wall_segment Unknown (4001) x5 |
| 16:05 | FlyingSheep · wall_segment Unknown (4001) x1 |
| 16:05 | FlyingSheep · wall_segment Unknown (4001) x1 |
| 16:05 | FlyingSheep · wall_segment Unknown (4001) x1 |
| 16:05 | FlyingSheep · wall_segment Unknown (4001) x1 |
| 16:05 | FlyingSheep · wall_segment Unknown (4001) x1 |
| 16:05 | FlyingSheep · wall_segment Unknown (4001) x1 |
| 16:07 | Spicy$p3nce · wall_segment Unknown (4001) x2 |
| 16:07 | FlyingSheep · wall_segment Unknown (4001) x1 |
| 16:07 | the_llamatoast · wall_segment Unknown (4001) x7 |
| 16:07 | FlyingSheep · wall_segment Unknown (4001) x1 |
| 16:07 | FlyingSheep · wall_segment Unknown (4001) x1 |
| 16:07 | FlyingSheep · wall_segment Unknown (4001) x1 |
| 16:08 | Spicy$p3nce · wall_segment Unknown (4001) x1 |
| 16:08 | FlyingSheep · wall_segment Unknown (4001) x1 |
| 16:08 | FlyingSheep · wall_segment Unknown (4001) x1 |
| 16:08 | FlyingSheep · wall_segment Unknown (4001) x1 |
| 16:08 | FlyingSheep · wall_segment Unknown (4001) x1 |
| 16:08 | FlyingSheep · wall_segment Unknown (4001) x1 |
| 16:08 | FlyingSheep · wall_segment Unknown (4001) x1 |
| 16:08 | FlyingSheep · wall_segment Unknown (4001) x1 |
| 16:08 | FlyingSheep · wall_segment Unknown (4001) x1 |
| 16:08 | FlyingSheep · wall_segment Unknown (4001) x1 |
| 16:08 | FlyingSheep · wall_segment Unknown (4001) x1 |
| 16:09 | FlyingSheep · wall_segment Unknown (4001) x1 |
| 16:09 | FlyingSheep · wall_segment Unknown (4001) x1 |
| 16:09 | Spicy$p3nce · wall_segment Unknown (4001) x2 |
| 16:09 | FlyingSheep · wall_segment Unknown (4001) x1 |
| 16:09 | FlyingSheep · wall_segment Unknown (4001) x1 |
| 16:09 | FlyingSheep · wall_segment Unknown (4001) x1 |
| 16:09 | FlyingSheep · wall_segment Unknown (4001) x1 |
| 16:09 | FlyingSheep · wall_segment Unknown (4001) x1 |
| 16:10 | FlyingSheep · wall_segment Unknown (4001) x1 |
| 16:10 | FlyingSheep · wall_segment Unknown (4001) x1 |
| 16:10 | FlyingSheep · wall_segment Unknown (4001) x1 |
| 16:10 | Spicy$p3nce · wall_segment Unknown (4001) x1 |
| 16:10 | FlyingSheep · wall_segment Unknown (4001) x1 |
| 16:10 | FlyingSheep · wall_segment Unknown (4001) x1 |
| 16:10 | FlyingSheep · wall_segment Unknown (4001) x1 |
| 16:10 | FlyingSheep · wall_segment Unknown (4001) x1 |
| 16:11 | FlyingSheep · wall_segment Unknown (4001) x1 |
| 16:11 | FlyingSheep · wall_segment Unknown (4001) x1 |
| 16:11 | FlyingSheep · wall_segment Unknown (4001) x1 |
| 16:11 | FlyingSheep · wall_segment Unknown (4001) x1 |
| 16:11 | Spicy$p3nce · wall_segment Unknown (4001) x3 |
| 16:11 | FlyingSheep · wall_segment Unknown (4001) x1 |
| 16:11 | FlyingSheep · wall_segment Unknown (4001) x1 |
| 16:12 | FlyingSheep · wall_segment Unknown (4001) x1 |
| 16:12 | FlyingSheep · wall_segment Unknown (4001) x1 |
| 16:12 | FlyingSheep · wall_segment Unknown (4001) x1 |
| 16:12 | FlyingSheep · wall_segment Unknown (4001) x1 |
| 16:12 | FlyingSheep · wall_segment Unknown (4001) x1 |
| 16:12 | FlyingSheep · wall_segment Unknown (4001) x1 |
| 16:12 | Spicy$p3nce · wall_segment Unknown (4001) x1 |
| 16:12 | FlyingSheep · wall_segment Unknown (4001) x1 |
| 16:13 | Spicy$p3nce · wall_segment Unknown (4001) x1 |
| 16:13 | FlyingSheep · wall_segment Unknown (4001) x1 |
| 16:13 | FlyingSheep · wall_segment Unknown (4001) x1 |
| 16:13 | FlyingSheep · wall_segment Unknown (4001) x1 |
| 16:13 | FlyingSheep · wall_segment Unknown (4001) x1 |
| 16:13 | FlyingSheep · wall_segment Unknown (4001) x1 |
| 16:13 | FlyingSheep · wall_segment Unknown (4001) x1 |
| 16:13 | FlyingSheep · wall_segment Unknown (4001) x1 |
| 16:14 | Spicy$p3nce · wall_segment Unknown (4001) x2 |
| 16:15 | Spicy$p3nce · wall_segment Unknown (4001) x1 |
| 16:16 | Spicy$p3nce · wall_segment Unknown (4001) x3 |
| 16:16 | 22 · wall_segment Unknown (4001) x4 |
| 16:17 | Spicy$p3nce · wall_segment Unknown (4001) x1 |
| 16:17 | 22 · wall_segment Unknown (4001) x2 |
| 16:19 | Spicy$p3nce · wall_segment Unknown (4001) x2 |
| 16:19 | Spicy$p3nce · wall_segment Unknown (4001) x1 |
| 16:20 | 22 · wall_segment Unknown (4001) x11 |
| 16:21 | Spicy$p3nce · wall_segment Unknown (4001) x2 |
| 16:21 | 22 · wall_segment Unknown (4001) x1 |
| 16:22 | Spicy$p3nce · wall_segment Unknown (4001) x1 |
| 16:22 | 22 · wall_segment Unknown (4001) x2 |
| 16:23 | Spicy$p3nce · wall_segment Unknown (4001) x2 |
| 16:24 | Spicy$p3nce · wall_segment Unknown (4001) x1 |
| 16:24 | 22 · wall_segment Unknown (4001) x10 |
| 16:25 | Spicy$p3nce · wall_segment Unknown (4001) x3 |
| 16:26 | 22 · wall_segment Unknown (4001) x2 |
| 16:26 | Spicy$p3nce · wall_segment Unknown (4001) x1 |
| 16:27 | 22 · wall_segment Unknown (4001) x4 |
| 16:28 | Spicy$p3nce · wall_segment Unknown (4001) x3 |
| 16:28 | Spicy$p3nce · wall_segment Unknown (4001) x1 |
| 16:30 | Spicy$p3nce · wall_segment Unknown (4001) x3 |
| 16:31 | Spicy$p3nce · wall_segment Unknown (4001) x1 |
| 16:31 | 22 · wall_segment Unknown (4001) x10 |
| 16:31 | the_llamatoast · wall_segment Unknown (4001) x1 |
| 16:32 | Spicy$p3nce · wall_segment Unknown (4001) x2 |
| 16:33 | Spicy$p3nce · wall_segment Unknown (4001) x1 |
| 16:34 | 22 · wall_segment Unknown (4001) x14 |
| 16:35 | Spicy$p3nce · wall_segment Unknown (4001) x2 |
| 16:35 | FlyingSheep · wall_segment Unknown (4001) x1 |
| 16:36 | Spicy$p3nce · wall_segment Unknown (4001) x1 |
| 16:36 | 22 · wall_segment Unknown (4001) x2 |
| 16:36 | FlyingSheep · wall_segment Unknown (4001) x1 |
| 16:36 | FlyingSheep · wall_segment Unknown (4001) x1 |
| 16:36 | FlyingSheep · wall_segment Unknown (4001) x1 |
| 16:36 | FlyingSheep · wall_segment Unknown (4001) x1 |
| 16:36 | FlyingSheep · wall_segment Unknown (4001) x1 |
| 16:36 | FlyingSheep · wall_segment Unknown (4001) x1 |
| 16:36 | FlyingSheep · wall_segment Unknown (4001) x1 |
| 16:36 | FlyingSheep · wall_segment Unknown (4001) x1 |
| 16:36 | FlyingSheep · wall_segment Unknown (4001) x1 |
| 16:36 | FlyingSheep · wall_segment Unknown (4001) x1 |
| 16:37 | 22 · wall_segment Unknown (4001) x1 |
| 16:37 | FlyingSheep · wall_segment Unknown (4001) x1 |
| 16:37 | FlyingSheep · wall_segment Unknown (4001) x1 |
| 16:37 | FlyingSheep · wall_segment Unknown (4001) x1 |
| 16:37 | FlyingSheep · wall_segment Unknown (4001) x1 |
| 16:37 | FlyingSheep · wall_segment Unknown (4001) x1 |
| 16:37 | FlyingSheep · wall_segment Unknown (4001) x1 |
| 16:37 | FlyingSheep · wall_segment Unknown (4001) x1 |
| 16:37 | FlyingSheep · wall_segment Unknown (4001) x1 |
| 16:37 | FlyingSheep · wall_segment Unknown (4001) x1 |
| 16:38 | Spicy$p3nce · wall_segment Unknown (4001) x2 |
| 16:38 | FlyingSheep · wall_segment Unknown (4001) x1 |
| 16:38 | FlyingSheep · wall_segment Unknown (4001) x1 |
| 16:38 | FlyingSheep · wall_segment Unknown (4001) x1 |
| 16:38 | FlyingSheep · wall_segment Unknown (4001) x1 |
| 16:39 | FlyingSheep · wall_segment Unknown (4001) x1 |
| 16:39 | FlyingSheep · wall_segment Unknown (4001) x1 |
| 16:39 | Spicy$p3nce · wall_segment Unknown (4001) x1 |
| 16:39 | FlyingSheep · wall_segment Unknown (4001) x1 |
| 16:39 | FlyingSheep · wall_segment Unknown (4001) x1 |
| 16:39 | FlyingSheep · wall_segment Unknown (4001) x1 |
| 16:39 | FlyingSheep · wall_segment Unknown (4001) x1 |
| 16:39 | FlyingSheep · wall_segment Unknown (4001) x1 |
| 16:39 | FlyingSheep · wall_segment Unknown (4001) x1 |
| 16:40 | 22 · wall_segment Unknown (4001) x14 |
| 16:40 | FlyingSheep · wall_segment Unknown (4001) x1 |
| 16:40 | FlyingSheep · wall_segment Unknown (4001) x1 |
| 16:40 | FlyingSheep · wall_segment Unknown (4001) x1 |
| 16:40 | FlyingSheep · wall_segment Unknown (4001) x1 |
| 16:40 | FlyingSheep · wall_segment Unknown (4001) x1 |
| 16:40 | FlyingSheep · wall_segment Unknown (4001) x1 |
| 16:40 | FlyingSheep · wall_segment Unknown (4001) x1 |
| 16:40 | FlyingSheep · wall_segment Unknown (4001) x1 |
| 16:41 | Spicy$p3nce · wall_segment Unknown (4001) x3 |
| 16:42 | Spicy$p3nce · wall_segment Unknown (4001) x1 |
| 16:42 | FlyingSheep · wall_segment Unknown (4001) x1 |
| 16:42 | FlyingSheep · wall_segment Unknown (4001) x1 |
| 16:43 | FlyingSheep · wall_segment Unknown (4001) x1 |
| 16:43 | FlyingSheep · wall_segment Unknown (4001) x1 |
| 16:43 | FlyingSheep · wall_segment Unknown (4001) x1 |
| 16:43 | FlyingSheep · wall_segment Unknown (4001) x1 |
| 16:43 | FlyingSheep · wall_segment Unknown (4001) x1 |
| 16:43 | FlyingSheep · wall_segment Unknown (4001) x1 |
| 16:43 | Spicy$p3nce · wall_segment Unknown (4001) x2 |
| 16:44 | Spicy$p3nce · wall_segment Unknown (4001) x1 |
| 16:45 | Spicy$p3nce · wall_segment Unknown (4001) x3 |
| 16:47 | Spicy$p3nce · wall_segment Unknown (4001) x1 |
| 16:49 | Spicy$p3nce · wall_segment Unknown (4001) x5 |
| 16:51 | Spicy$p3nce · wall_segment Unknown (4001) x5 |
| 16:53 | Spicy$p3nce · wall_segment Unknown (4001) x6 |
| 16:57 | Spicy$p3nce · wall_segment Unknown (4001) x23 |
| 17:03 | the_llamatoast · wall_segment Unknown (4001) x1 |
| 17:07 | FlyingSheep · wall_segment Unknown (4001) x1 |
| 17:07 | FlyingSheep · wall_segment Unknown (4001) x1 |
| 17:07 | FlyingSheep · wall_segment Unknown (4001) x1 |
| 17:07 | FlyingSheep · wall_segment Unknown (4001) x1 |
| 17:07 | FlyingSheep · wall_segment Unknown (4001) x1 |
| 17:07 | FlyingSheep · wall_segment Unknown (4001) x1 |
| 17:07 | FlyingSheep · wall_segment Unknown (4001) x1 |
| 17:07 | FlyingSheep · wall_segment Unknown (4001) x1 |
| 17:08 | FlyingSheep · wall_segment Unknown (4001) x1 |
| 17:08 | FlyingSheep · wall_segment Unknown (4001) x1 |
| 17:08 | FlyingSheep · wall_segment Unknown (4001) x1 |
| 17:08 | FlyingSheep · wall_segment Unknown (4001) x1 |
| 17:08 | FlyingSheep · wall_segment Unknown (4001) x1 |
| 17:08 | FlyingSheep · wall_segment Unknown (4001) x1 |
| 17:08 | FlyingSheep · wall_segment Unknown (4001) x1 |
| 17:08 | FlyingSheep · wall_segment Unknown (4001) x1 |
| 17:09 | FlyingSheep · wall_segment Unknown (4001) x1 |
| 17:09 | FlyingSheep · wall_segment Unknown (4001) x1 |
| 17:09 | FlyingSheep · wall_segment Unknown (4001) x1 |
| 17:09 | FlyingSheep · wall_segment Unknown (4001) x1 |
| 17:09 | FlyingSheep · wall_segment Unknown (4001) x1 |
| 17:09 | FlyingSheep · wall_segment Unknown (4001) x1 |
| 17:09 | FlyingSheep · wall_segment Unknown (4001) x1 |
| 17:09 | FlyingSheep · wall_segment Unknown (4001) x1 |
| 17:09 | FlyingSheep · wall_segment Unknown (4001) x1 |
| 17:09 | FlyingSheep · wall_segment Unknown (4001) x1 |
| 17:09 | FlyingSheep · wall_segment Unknown (4001) x1 |
| 17:10 | FlyingSheep · wall_segment Unknown (4001) x1 |
| 17:10 | FlyingSheep · wall_segment Unknown (4001) x1 |
| 17:10 | FlyingSheep · wall_segment Unknown (4001) x1 |
| 17:10 | FlyingSheep · wall_segment Unknown (4001) x1 |
| 17:10 | FlyingSheep · wall_segment Unknown (4001) x1 |
| 17:10 | FlyingSheep · wall_segment Unknown (4001) x1 |
| 17:10 | FlyingSheep · wall_segment Unknown (4001) x1 |
| 17:10 | FlyingSheep · wall_segment Unknown (4001) x1 |
| 17:10 | FlyingSheep · wall_segment Unknown (4001) x1 |
| 17:10 | FlyingSheep · wall_segment Unknown (4001) x1 |
| 17:10 | FlyingSheep · wall_segment Unknown (4001) x1 |
| 17:11 | FlyingSheep · wall_segment Unknown (4001) x1 |
| 17:11 | FlyingSheep · wall_segment Unknown (4001) x1 |
| 17:11 | FlyingSheep · wall_segment Unknown (4001) x1 |
| 17:11 | FlyingSheep · wall_segment Unknown (4001) x1 |
| 17:11 | FlyingSheep · wall_segment Unknown (4001) x1 |
| 17:11 | FlyingSheep · wall_segment Unknown (4001) x1 |
| 17:11 | FlyingSheep · wall_segment Unknown (4001) x1 |
| 17:11 | FlyingSheep · wall_segment Unknown (4001) x1 |
| 17:11 | FlyingSheep · wall_segment Unknown (4001) x1 |
| 17:11 | FlyingSheep · wall_segment Unknown (4001) x1 |
| 17:12 | FlyingSheep · wall_segment Unknown (4001) x1 |
| 17:12 | FlyingSheep · wall_segment Unknown (4001) x1 |
| 17:12 | FlyingSheep · wall_segment Unknown (4001) x1 |
| 17:12 | FlyingSheep · wall_segment Unknown (4001) x1 |
| 17:12 | FlyingSheep · wall_segment Unknown (4001) x1 |
| 17:12 | FlyingSheep · wall_segment Unknown (4001) x1 |
| 17:12 | FlyingSheep · wall_segment Unknown (4001) x1 |
| 17:12 | FlyingSheep · wall_segment Unknown (4001) x1 |
| 17:13 | FlyingSheep · wall_segment Unknown (4001) x1 |
| 17:13 | FlyingSheep · wall_segment Unknown (4001) x1 |
| 17:13 | FlyingSheep · wall_segment Unknown (4001) x1 |
| 17:13 | FlyingSheep · wall_segment Unknown (4001) x1 |
| 17:13 | FlyingSheep · wall_segment Unknown (4001) x1 |
| 17:13 | FlyingSheep · wall_segment Unknown (4001) x1 |
| 17:13 | FlyingSheep · wall_segment Unknown (4001) x1 |
| 17:14 | FlyingSheep · wall_segment Unknown (4001) x1 |
| 17:15 | FlyingSheep · wall_segment Unknown (4001) x1 |
| 17:15 | FlyingSheep · wall_segment Unknown (4001) x1 |
| 17:15 | FlyingSheep · wall_segment Unknown (4001) x1 |
| 17:15 | FlyingSheep · wall_segment Unknown (4001) x1 |
| 17:15 | FlyingSheep · wall_segment Unknown (4001) x1 |
| 17:15 | FlyingSheep · wall_segment Unknown (4001) x1 |
| 17:15 | FlyingSheep · wall_segment Unknown (4001) x1 |
| 17:15 | FlyingSheep · wall_segment Unknown (4001) x1 |
| 17:18 | FlyingSheep · wall_segment Unknown (4001) x1 |
| 17:18 | FlyingSheep · wall_segment Unknown (4001) x1 |
| 17:18 | FlyingSheep · wall_segment Unknown (4001) x1 |
| 17:18 | FlyingSheep · wall_segment Unknown (4001) x1 |
| 17:18 | FlyingSheep · wall_segment Unknown (4001) x1 |
| 17:18 | FlyingSheep · wall_segment Unknown (4001) x1 |
| 17:18 | FlyingSheep · wall_segment Unknown (4001) x1 |
| 17:18 | FlyingSheep · wall_segment Unknown (4001) x1 |
| 17:18 | FlyingSheep · wall_segment Unknown (4001) x1 |
| 17:18 | FlyingSheep · wall_segment Unknown (4001) x1 |
| 17:19 | FlyingSheep · wall_segment Unknown (4001) x1 |
| 17:19 | FlyingSheep · wall_segment Unknown (4001) x1 |
| 17:19 | FlyingSheep · wall_segment Unknown (4001) x1 |
| 17:19 | FlyingSheep · wall_segment Unknown (4001) x1 |
| 17:19 | FlyingSheep · wall_segment Unknown (4001) x1 |
| 17:19 | FlyingSheep · wall_segment Unknown (4001) x1 |
| 17:19 | FlyingSheep · wall_segment Unknown (4001) x1 |
| 17:19 | FlyingSheep · wall_segment Unknown (4001) x1 |
| 17:19 | FlyingSheep · wall_segment Unknown (4001) x1 |
| 17:19 | FlyingSheep · wall_segment Unknown (4001) x1 |
| 17:19 | FlyingSheep · wall_segment Unknown (4001) x1 |
| 17:20 | FlyingSheep · wall_segment Unknown (4001) x1 |
| 17:20 | FlyingSheep · wall_segment Unknown (4001) x1 |
| 17:20 | FlyingSheep · wall_segment Unknown (4001) x1 |
| 17:20 | FlyingSheep · wall_segment Unknown (4001) x1 |
| 17:20 | FlyingSheep · wall_segment Unknown (4001) x1 |
| 17:24 | the_llamatoast · wall_segment Unknown (4001) x1 |
| 17:31 | the_llamatoast · wall_segment Unknown (4001) x1 |
| 17:50 | Spicy$p3nce · wall_segment Unknown (4001) x1 |
| 17:51 | Spicy$p3nce · wall_segment Unknown (4001) x1 |
| 17:52 | Spicy$p3nce · wall_segment Unknown (4001) x1 |
| 17:54 | Spicy$p3nce · wall_segment Unknown (4001) x2 |
| 17:55 | Spicy$p3nce · wall_segment Unknown (4001) x1 |
| 17:56 | Spicy$p3nce · wall_segment Unknown (4001) x2 |
| 17:57 | Spicy$p3nce · wall_segment Unknown (4001) x1 |
| 17:58 | Spicy$p3nce · wall_segment Unknown (4001) x3 |
| 17:59 | Spicy$p3nce · wall_segment Unknown (4001) x1 |
| 18:00 | Spicy$p3nce · wall_segment Unknown (4001) x1 |
| 18:01 | FlyingSheep · wall_segment Unknown (4001) x1 |
| 18:01 | FlyingSheep · wall_segment Unknown (4001) x1 |
| 18:01 | FlyingSheep · wall_segment Unknown (4001) x1 |
| 18:01 | FlyingSheep · wall_segment Unknown (4001) x1 |
| 18:01 | FlyingSheep · wall_segment Unknown (4001) x1 |
| 18:01 | FlyingSheep · wall_segment Unknown (4001) x1 |
| 18:02 | FlyingSheep · wall_segment Unknown (4001) x1 |
| 18:02 | FlyingSheep · wall_segment Unknown (4001) x1 |
| 18:02 | Spicy$p3nce · wall_segment Unknown (4001) x2 |
| 18:02 | FlyingSheep · wall_segment Unknown (4001) x1 |
| 18:02 | FlyingSheep · wall_segment Unknown (4001) x1 |
| 18:02 | FlyingSheep · wall_segment Unknown (4001) x1 |
| 18:02 | FlyingSheep · wall_segment Unknown (4001) x1 |
| 18:02 | FlyingSheep · wall_segment Unknown (4001) x1 |
| 18:02 | FlyingSheep · wall_segment Unknown (4001) x1 |
| 18:02 | FlyingSheep · wall_segment Unknown (4001) x1 |
| 18:02 | FlyingSheep · wall_segment Unknown (4001) x1 |
| 18:03 | FlyingSheep · wall_segment Unknown (4001) x1 |
| 18:03 | FlyingSheep · wall_segment Unknown (4001) x1 |
| 18:03 | FlyingSheep · wall_segment Unknown (4001) x1 |
| 18:03 | FlyingSheep · wall_segment Unknown (4001) x1 |
| 18:03 | FlyingSheep · wall_segment Unknown (4001) x1 |
| 18:03 | FlyingSheep · wall_segment Unknown (4001) x1 |
| 18:03 | FlyingSheep · wall_segment Unknown (4001) x1 |
| 18:03 | Spicy$p3nce · wall_segment Unknown (4001) x3 |
| 18:03 | FlyingSheep · wall_segment Unknown (4001) x1 |
| 18:04 | FlyingSheep · wall_segment Unknown (4001) x1 |
| 18:04 | FlyingSheep · wall_segment Unknown (4001) x1 |
| 18:04 | FlyingSheep · wall_segment Unknown (4001) x1 |
| 18:04 | FlyingSheep · wall_segment Unknown (4001) x1 |
| 18:04 | FlyingSheep · wall_segment Unknown (4001) x1 |
| 18:04 | FlyingSheep · wall_segment Unknown (4001) x1 |
| 18:04 | FlyingSheep · wall_segment Unknown (4001) x1 |
| 18:04 | FlyingSheep · wall_segment Unknown (4001) x1 |
| 18:04 | FlyingSheep · wall_segment Unknown (4001) x1 |
| 18:05 | FlyingSheep · wall_segment Unknown (4001) x1 |
| 18:05 | FlyingSheep · wall_segment Unknown (4001) x1 |
| 18:05 | FlyingSheep · wall_segment Unknown (4001) x1 |
| 18:05 | FlyingSheep · wall_segment Unknown (4001) x1 |
| 18:05 | FlyingSheep · wall_segment Unknown (4001) x1 |
| 18:05 | FlyingSheep · wall_segment Unknown (4001) x1 |
| 18:05 | FlyingSheep · wall_segment Unknown (4001) x1 |
| 18:05 | FlyingSheep · wall_segment Unknown (4001) x1 |
| 18:05 | FlyingSheep · wall_segment Unknown (4001) x1 |
| 18:05 | FlyingSheep · wall_segment Unknown (4001) x1 |
| 18:06 | FlyingSheep · wall_segment Unknown (4001) x1 |
| 18:06 | FlyingSheep · wall_segment Unknown (4001) x1 |
| 18:06 | FlyingSheep · wall_segment Unknown (4001) x1 |
| 18:06 | FlyingSheep · wall_segment Unknown (4001) x1 |
| 18:06 | Spicy$p3nce · wall_segment Unknown (4001) x3 |
| 18:06 | FlyingSheep · wall_segment Unknown (4001) x1 |
| 18:07 | Spicy$p3nce · wall_segment Unknown (4001) x1 |
| 18:08 | Spicy$p3nce · wall_segment Unknown (4001) x3 |
| 18:09 | Spicy$p3nce · wall_segment Unknown (4001) x1 |
| 18:10 | Spicy$p3nce · wall_segment Unknown (4001) x3 |
| 18:11 | Spicy$p3nce · wall_segment Unknown (4001) x1 |
| 18:11 | 22 · wall_segment Unknown (4001) x9 |
| 18:12 | Spicy$p3nce · wall_segment Unknown (4001) x3 |
| 18:13 | Spicy$p3nce · wall_segment Unknown (4001) x1 |
| 18:14 | Spicy$p3nce · wall_segment Unknown (4001) x3 |
| 18:14 | 22 · wall_segment Unknown (4001) x7 |
| 18:15 | Spicy$p3nce · wall_segment Unknown (4001) x1 |
| 18:17 | Spicy$p3nce · wall_segment Unknown (4001) x3 |
| 18:18 | Spicy$p3nce · wall_segment Unknown (4001) x1 |
| 18:20 | Spicy$p3nce · wall_segment Unknown (4001) x3 |
| 18:20 | FlyingSheep · wall_segment Unknown (4001) x1 |
| 18:20 | FlyingSheep · wall_segment Unknown (4001) x1 |
| 18:20 | FlyingSheep · wall_segment Unknown (4001) x1 |
| 18:20 | FlyingSheep · wall_segment Unknown (4001) x1 |
| 18:20 | FlyingSheep · wall_segment Unknown (4001) x1 |
| 18:20 | FlyingSheep · wall_segment Unknown (4001) x1 |
| 18:20 | FlyingSheep · wall_segment Unknown (4001) x1 |
| 18:20 | FlyingSheep · wall_segment Unknown (4001) x1 |
| 18:21 | Spicy$p3nce · wall_segment Unknown (4001) x1 |
| 18:21 | FlyingSheep · wall_segment Unknown (4001) x1 |
| 18:21 | FlyingSheep · wall_segment Unknown (4001) x1 |
| 18:21 | FlyingSheep · wall_segment Unknown (4001) x1 |
| 18:21 | FlyingSheep · wall_segment Unknown (4001) x1 |
| 18:21 | FlyingSheep · wall_segment Unknown (4001) x1 |
| 18:21 | FlyingSheep · wall_segment Unknown (4001) x1 |
| 18:21 | FlyingSheep · wall_segment Unknown (4001) x1 |
| 18:21 | FlyingSheep · wall_segment Unknown (4001) x1 |
| 18:22 | Spicy$p3nce · wall_segment Unknown (4001) x2 |
| 18:22 | FlyingSheep · wall_segment Unknown (4001) x1 |
| 18:22 | FlyingSheep · wall_segment Unknown (4001) x1 |
| 18:22 | FlyingSheep · wall_segment Unknown (4001) x1 |
| 18:22 | FlyingSheep · wall_segment Unknown (4001) x1 |
| 18:22 | FlyingSheep · wall_segment Unknown (4001) x1 |
| 18:22 | FlyingSheep · wall_segment Unknown (4001) x1 |
| 18:22 | FlyingSheep · wall_segment Unknown (4001) x1 |
| 18:22 | FlyingSheep · wall_segment Unknown (4001) x1 |
| 18:22 | Spicy$p3nce · wall_segment Unknown (4001) x1 |
| 18:22 | FlyingSheep · wall_segment Unknown (4001) x1 |
| 18:22 | FlyingSheep · wall_segment Unknown (4001) x1 |
| 18:22 | FlyingSheep · wall_segment Unknown (4001) x1 |
| 18:23 | FlyingSheep · wall_segment Unknown (4001) x1 |
| 18:23 | FlyingSheep · wall_segment Unknown (4001) x1 |
| 18:23 | FlyingSheep · wall_segment Unknown (4001) x1 |
| 18:23 | FlyingSheep · wall_segment Unknown (4001) x1 |
| 18:23 | FlyingSheep · wall_segment Unknown (4001) x1 |
| 18:23 | FlyingSheep · wall_segment Unknown (4001) x1 |
| 18:23 | FlyingSheep · wall_segment Unknown (4001) x1 |
| 18:23 | FlyingSheep · wall_segment Unknown (4001) x1 |
| 18:23 | FlyingSheep · wall_segment Unknown (4001) x1 |
| 18:23 | FlyingSheep · wall_segment Unknown (4001) x1 |
| 18:23 | FlyingSheep · wall_segment Unknown (4001) x1 |
| 18:23 | FlyingSheep · wall_segment Unknown (4001) x1 |
| 18:24 | FlyingSheep · wall_segment Unknown (4001) x1 |
| 18:24 | Spicy$p3nce · wall_segment Unknown (4001) x2 |
| 18:24 | FlyingSheep · wall_segment Unknown (4001) x1 |
| 18:24 | FlyingSheep · wall_segment Unknown (4001) x1 |
| 18:24 | FlyingSheep · wall_segment Unknown (4001) x1 |
| 18:24 | FlyingSheep · wall_segment Unknown (4001) x1 |
| 18:24 | FlyingSheep · wall_segment Unknown (4001) x1 |
| 18:24 | FlyingSheep · wall_segment Unknown (4001) x1 |
| 18:24 | FlyingSheep · wall_segment Unknown (4001) x1 |
| 18:24 | FlyingSheep · wall_segment Unknown (4001) x1 |
| 18:26 | Spicy$p3nce · wall_segment Unknown (4001) x1 |
| 18:28 | Spicy$p3nce · wall_segment Unknown (4001) x2 |
| 18:28 | Spicy$p3nce · wall_segment Unknown (4001) x1 |
| 18:30 | Spicy$p3nce · wall_segment Unknown (4001) x3 |
| 18:31 | Spicy$p3nce · wall_segment Unknown (4001) x1 |
| 18:32 | Spicy$p3nce · wall_segment Unknown (4001) x3 |
| 18:34 | Spicy$p3nce · wall_segment Unknown (4001) x1 |
| 18:35 | Spicy$p3nce · wall_segment Unknown (4001) x3 |
| 18:36 | Spicy$p3nce · wall_segment Unknown (4001) x1 |
| 18:40 | Spicy$p3nce · wall_segment Unknown (4001) x6 |
| 18:42 | Spicy$p3nce · wall_segment Unknown (4001) x6 |
| 18:43 | FlyingSheep · wall_segment Unknown (4001) x1 |
| 18:43 | FlyingSheep · wall_segment Unknown (4001) x1 |
| 18:43 | FlyingSheep · wall_segment Unknown (4001) x1 |
| 18:43 | FlyingSheep · wall_segment Unknown (4001) x1 |
| 18:43 | FlyingSheep · wall_segment Unknown (4001) x1 |
| 18:43 | FlyingSheep · wall_segment Unknown (4001) x1 |
| 18:43 | FlyingSheep · wall_segment Unknown (4001) x1 |
| 18:44 | FlyingSheep · wall_segment Unknown (4001) x1 |
| 18:44 | FlyingSheep · wall_segment Unknown (4001) x1 |
| 18:44 | FlyingSheep · wall_segment Unknown (4001) x1 |
| 18:44 | FlyingSheep · wall_segment Unknown (4001) x1 |
| 18:44 | FlyingSheep · wall_segment Unknown (4001) x1 |
| 18:44 | FlyingSheep · wall_segment Unknown (4001) x1 |
| 18:44 | Spicy$p3nce · wall_segment Unknown (4001) x4 |
| 18:44 | FlyingSheep · wall_segment Unknown (4001) x1 |
| 18:44 | FlyingSheep · wall_segment Unknown (4001) x1 |
| 18:44 | FlyingSheep · wall_segment Unknown (4001) x1 |
| 18:45 | FlyingSheep · wall_segment Unknown (4001) x1 |
| 18:45 | FlyingSheep · wall_segment Unknown (4001) x1 |
| 18:45 | FlyingSheep · wall_segment Unknown (4001) x1 |
| 18:45 | FlyingSheep · wall_segment Unknown (4001) x1 |
| 18:45 | FlyingSheep · wall_segment Unknown (4001) x1 |
| 18:45 | FlyingSheep · wall_segment Unknown (4001) x1 |
| 18:45 | FlyingSheep · wall_segment Unknown (4001) x1 |
| 18:45 | FlyingSheep · wall_segment Unknown (4001) x1 |
| 18:46 | FlyingSheep · wall_segment Unknown (4001) x1 |
| 18:46 | FlyingSheep · wall_segment Unknown (4001) x1 |
| 18:46 | FlyingSheep · wall_segment Unknown (4001) x1 |
| 18:46 | FlyingSheep · wall_segment Unknown (4001) x1 |
| 18:46 | FlyingSheep · wall_segment Unknown (4001) x1 |
| 18:46 | FlyingSheep · wall_segment Unknown (4001) x1 |
| 18:46 | FlyingSheep · wall_segment Unknown (4001) x1 |
| 18:46 | FlyingSheep · wall_segment Unknown (4001) x1 |
| 18:48 | FlyingSheep · wall_segment Unknown (4001) x1 |
| 18:48 | FlyingSheep · wall_segment Unknown (4001) x1 |
| 18:48 | FlyingSheep · wall_segment Unknown (4001) x1 |
| 18:48 | FlyingSheep · wall_segment Unknown (4001) x1 |
| 18:49 | FlyingSheep · wall_segment Unknown (4001) x1 |
| 18:49 | FlyingSheep · wall_segment Unknown (4001) x1 |
| 18:49 | FlyingSheep · wall_segment Unknown (4001) x1 |
| 18:49 | FlyingSheep · wall_segment Unknown (4001) x1 |
| 18:50 | Spicy$p3nce · wall_segment Unknown (4001) x36 |
| 18:50 | FlyingSheep · wall_segment Unknown (4001) x1 |
| 18:50 | FlyingSheep · wall_segment Unknown (4001) x1 |
| 18:50 | FlyingSheep · wall_segment Unknown (4001) x1 |
| 18:50 | FlyingSheep · wall_segment Unknown (4001) x1 |
| 18:50 | FlyingSheep · wall_segment Unknown (4001) x1 |
| 18:50 | FlyingSheep · wall_segment Unknown (4001) x1 |
| 18:50 | FlyingSheep · wall_segment Unknown (4001) x1 |
| 18:50 | FlyingSheep · wall_segment Unknown (4001) x1 |
| 18:50 | FlyingSheep · wall_segment Unknown (4001) x1 |
| 18:50 | FlyingSheep · wall_segment Unknown (4001) x1 |
| 18:55 | FlyingSheep · wall_segment Unknown (4001) x1 |
| 18:59 | 22 · wall_segment Unknown (4001) x4 |
| 18:59 | FlyingSheep · wall_segment Unknown (4001) x1 |
| 18:59 | FlyingSheep · wall_segment Unknown (4001) x1 |
| 18:59 | FlyingSheep · wall_segment Unknown (4001) x1 |
| 18:59 | FlyingSheep · wall_segment Unknown (4001) x1 |
| 18:59 | FlyingSheep · wall_segment Unknown (4001) x1 |
| 18:59 | FlyingSheep · wall_segment Unknown (4001) x1 |
| 18:59 | FlyingSheep · wall_segment Unknown (4001) x1 |
| 18:59 | FlyingSheep · wall_segment Unknown (4001) x1 |
| 19:00 | FlyingSheep · wall_segment Unknown (4001) x1 |
| 19:00 | FlyingSheep · wall_segment Unknown (4001) x1 |
| 19:00 | FlyingSheep · wall_segment Unknown (4001) x1 |
| 19:00 | FlyingSheep · wall_segment Unknown (4001) x1 |
| 19:00 | FlyingSheep · wall_segment Unknown (4001) x1 |
| 19:00 | FlyingSheep · wall_segment Unknown (4001) x1 |
| 19:00 | FlyingSheep · wall_segment Unknown (4001) x1 |
| 19:00 | FlyingSheep · wall_segment Unknown (4001) x1 |
| 19:00 | 22 · wall_segment Unknown (4001) x3 |
| 19:01 | FlyingSheep · wall_segment Unknown (4001) x1 |
| 19:01 | FlyingSheep · wall_segment Unknown (4001) x1 |
| 19:01 | FlyingSheep · wall_segment Unknown (4001) x1 |
| 19:01 | FlyingSheep · wall_segment Unknown (4001) x1 |
| 19:01 | FlyingSheep · wall_segment Unknown (4001) x1 |
| 19:01 | FlyingSheep · wall_segment Unknown (4001) x1 |
| 19:01 | FlyingSheep · wall_segment Unknown (4001) x1 |
| 19:01 | FlyingSheep · wall_segment Unknown (4001) x1 |
| 19:12 | 22 · wall_segment Unknown (4001) x11 |
| 19:15 | 22 · wall_segment Unknown (4001) x9 |
| 19:17 | 22 · wall_segment Unknown (4001) x8 |
| 19:19 | 22 · wall_segment Unknown (4001) x10 |
| 19:21 | 22 · wall_segment Unknown (4001) x1 |
| 19:23 | 22 · wall_segment Unknown (4001) x9 |
| 19:23 | FlyingSheep · wall_segment Unknown (4001) x1 |
| 19:23 | FlyingSheep · wall_segment Unknown (4001) x1 |
| 19:23 | FlyingSheep · wall_segment Unknown (4001) x1 |
| 19:23 | FlyingSheep · wall_segment Unknown (4001) x1 |
| 19:23 | FlyingSheep · wall_segment Unknown (4001) x1 |
| 19:23 | FlyingSheep · wall_segment Unknown (4001) x1 |
| 19:23 | FlyingSheep · wall_segment Unknown (4001) x1 |
| 19:23 | FlyingSheep · wall_segment Unknown (4001) x1 |
| 19:24 | FlyingSheep · wall_segment Unknown (4001) x1 |
| 19:24 | FlyingSheep · wall_segment Unknown (4001) x1 |
| 19:24 | FlyingSheep · wall_segment Unknown (4001) x1 |
| 19:24 | FlyingSheep · wall_segment Unknown (4001) x1 |
| 19:24 | FlyingSheep · wall_segment Unknown (4001) x1 |
| 19:24 | FlyingSheep · wall_segment Unknown (4001) x1 |
| 19:24 | FlyingSheep · wall_segment Unknown (4001) x1 |
| 19:24 | FlyingSheep · wall_segment Unknown (4001) x1 |
| 19:25 | FlyingSheep · wall_segment Unknown (4001) x1 |
| 19:25 | FlyingSheep · wall_segment Unknown (4001) x1 |
| 19:25 | FlyingSheep · wall_segment Unknown (4001) x1 |
| 19:25 | FlyingSheep · wall_segment Unknown (4001) x1 |
| 19:25 | 22 · wall_segment Unknown (4001) x7 |
| 19:25 | FlyingSheep · wall_segment Unknown (4001) x1 |
| 19:25 | FlyingSheep · wall_segment Unknown (4001) x1 |
| 19:25 | FlyingSheep · wall_segment Unknown (4001) x1 |
| 19:25 | FlyingSheep · wall_segment Unknown (4001) x1 |
| 19:26 | FlyingSheep · wall_segment Unknown (4001) x1 |
| 19:26 | FlyingSheep · wall_segment Unknown (4001) x1 |
| 19:26 | FlyingSheep · wall_segment Unknown (4001) x1 |
| 19:26 | FlyingSheep · wall_segment Unknown (4001) x1 |
| 19:26 | FlyingSheep · wall_segment Unknown (4001) x1 |
| 19:26 | FlyingSheep · wall_segment Unknown (4001) x1 |
| 19:26 | FlyingSheep · wall_segment Unknown (4001) x1 |
| 19:26 | FlyingSheep · wall_segment Unknown (4001) x1 |
| 19:27 | FlyingSheep · wall_segment Unknown (4001) x1 |
| 19:27 | FlyingSheep · wall_segment Unknown (4001) x1 |
| 19:27 | FlyingSheep · wall_segment Unknown (4001) x1 |
| 19:27 | FlyingSheep · wall_segment Unknown (4001) x1 |
| 19:27 | FlyingSheep · wall_segment Unknown (4001) x1 |
| 19:27 | FlyingSheep · wall_segment Unknown (4001) x1 |
| 19:27 | FlyingSheep · wall_segment Unknown (4001) x1 |
| 19:27 | FlyingSheep · wall_segment Unknown (4001) x1 |
| 19:28 | FlyingSheep · wall_segment Unknown (4001) x1 |
| 19:28 | FlyingSheep · wall_segment Unknown (4001) x1 |
| 19:28 | FlyingSheep · wall_segment Unknown (4001) x1 |
| 19:28 | FlyingSheep · wall_segment Unknown (4001) x1 |
| 19:28 | FlyingSheep · wall_segment Unknown (4001) x1 |
| 19:28 | FlyingSheep · wall_segment Unknown (4001) x1 |
| 19:28 | FlyingSheep · wall_segment Unknown (4001) x1 |
| 19:28 | FlyingSheep · wall_segment Unknown (4001) x1 |
| 19:29 | FlyingSheep · wall_segment Unknown (4001) x1 |
| 19:29 | FlyingSheep · wall_segment Unknown (4001) x1 |
| 19:29 | FlyingSheep · wall_segment Unknown (4001) x1 |
| 19:29 | FlyingSheep · wall_segment Unknown (4001) x1 |
| 19:29 | FlyingSheep · wall_segment Unknown (4001) x1 |
| 19:29 | FlyingSheep · wall_segment Unknown (4001) x1 |
| 19:29 | FlyingSheep · wall_segment Unknown (4001) x1 |
| 19:29 | FlyingSheep · wall_segment Unknown (4001) x1 |
| 19:36 | FlyingSheep · wall_segment Unknown (4001) x1 |
| 19:38 | FlyingSheep · wall_segment Unknown (4001) x1 |
| 19:39 | FlyingSheep · wall_segment Unknown (4001) x1 |
| 19:41 | FlyingSheep · wall_segment Unknown (4001) x1 |
| 19:42 | FlyingSheep · wall_segment Unknown (4001) x1 |
| 19:43 | FlyingSheep · wall_segment Unknown (4001) x1 |
| 19:44 | FlyingSheep · wall_segment Unknown (4001) x1 |
| 19:47 | FlyingSheep · wall_segment Unknown (4001) x1 |
| 19:47 | FlyingSheep · wall_segment Unknown (4001) x1 |
| 19:47 | FlyingSheep · wall_segment Unknown (4001) x1 |
| 19:47 | FlyingSheep · wall_segment Unknown (4001) x1 |
| 19:47 | FlyingSheep · wall_segment Unknown (4001) x1 |
| 19:47 | FlyingSheep · wall_segment Unknown (4001) x1 |
| 19:47 | FlyingSheep · wall_segment Unknown (4001) x1 |
| 19:48 | FlyingSheep · wall_segment Unknown (4001) x1 |
| 19:48 | FlyingSheep · wall_segment Unknown (4001) x1 |
| 19:48 | FlyingSheep · wall_segment Unknown (4001) x1 |
| 19:48 | FlyingSheep · wall_segment Unknown (4001) x1 |
| 19:48 | FlyingSheep · wall_segment Unknown (4001) x1 |
| 19:48 | FlyingSheep · wall_segment Unknown (4001) x1 |
| 19:48 | FlyingSheep · wall_segment Unknown (4001) x1 |
| 19:48 | FlyingSheep · wall_segment Unknown (4001) x1 |
| 19:48 | FlyingSheep · wall_segment Unknown (4001) x1 |
| 19:49 | FlyingSheep · wall_segment Unknown (4001) x1 |
| 19:49 | FlyingSheep · wall_segment Unknown (4001) x1 |
| 19:49 | FlyingSheep · wall_segment Unknown (4001) x1 |
| 19:49 | FlyingSheep · wall_segment Unknown (4001) x1 |
| 19:49 | FlyingSheep · wall_segment Unknown (4001) x1 |
| 19:49 | FlyingSheep · wall_segment Unknown (4001) x1 |
| 19:49 | FlyingSheep · wall_segment Unknown (4001) x1 |
| 19:49 | FlyingSheep · wall_segment Unknown (4001) x1 |
| 20:02 | Spicy$p3nce · wall_segment Unknown (4001) x5 |
| 20:07 | Spicy$p3nce · wall_segment Unknown (4001) x14 |
| 20:14 | 22 · wall_segment Unknown (4001) x3 |
| 20:15 | FlyingSheep · wall_segment Unknown (4001) x1 |
| 20:15 | FlyingSheep · wall_segment Unknown (4001) x1 |
| 20:15 | FlyingSheep · wall_segment Unknown (4001) x1 |
| 20:15 | FlyingSheep · wall_segment Unknown (4001) x1 |
| 20:15 | FlyingSheep · wall_segment Unknown (4001) x1 |
| 20:15 | FlyingSheep · wall_segment Unknown (4001) x1 |
| 20:15 | FlyingSheep · wall_segment Unknown (4001) x1 |
| 20:16 | FlyingSheep · wall_segment Unknown (4001) x1 |
| 20:17 | 22 · wall_segment Unknown (4001) x3 |
| 20:17 | FlyingSheep · wall_segment Unknown (4001) x1 |
| 20:17 | FlyingSheep · wall_segment Unknown (4001) x1 |
| 20:17 | FlyingSheep · wall_segment Unknown (4001) x1 |
| 20:17 | FlyingSheep · wall_segment Unknown (4001) x1 |
| 20:17 | FlyingSheep · wall_segment Unknown (4001) x1 |
| 20:17 | FlyingSheep · wall_segment Unknown (4001) x1 |
| 20:17 | FlyingSheep · wall_segment Unknown (4001) x1 |
| 20:17 | FlyingSheep · wall_segment Unknown (4001) x1 |
| 20:17 | FlyingSheep · wall_segment Unknown (4001) x1 |
| 20:17 | FlyingSheep · wall_segment Unknown (4001) x1 |
| 20:18 | FlyingSheep · wall_segment Unknown (4001) x1 |
| 20:18 | FlyingSheep · wall_segment Unknown (4001) x1 |
| 20:18 | FlyingSheep · wall_segment Unknown (4001) x1 |
| 20:19 | FlyingSheep · wall_segment Unknown (4001) x1 |
| 20:19 | FlyingSheep · wall_segment Unknown (4001) x1 |
| 20:19 | FlyingSheep · wall_segment Unknown (4001) x1 |
| 20:19 | FlyingSheep · wall_segment Unknown (4001) x1 |
| 20:19 | FlyingSheep · wall_segment Unknown (4001) x1 |
| 20:19 | FlyingSheep · wall_segment Unknown (4001) x1 |
| 20:19 | FlyingSheep · wall_segment Unknown (4001) x1 |
| 20:19 | FlyingSheep · wall_segment Unknown (4001) x1 |
| 20:19 | FlyingSheep · wall_segment Unknown (4001) x1 |
| 20:19 | FlyingSheep · wall_segment Unknown (4001) x1 |
| 20:19 | FlyingSheep · wall_segment Unknown (4001) x1 |
| 20:20 | FlyingSheep · wall_segment Unknown (4001) x1 |
| 20:20 | FlyingSheep · wall_segment Unknown (4001) x1 |
| 20:20 | FlyingSheep · wall_segment Unknown (4001) x1 |
| 20:20 | FlyingSheep · wall_segment Unknown (4001) x1 |
| 20:20 | FlyingSheep · wall_segment Unknown (4001) x1 |
| 20:21 | FlyingSheep · wall_segment Unknown (4001) x1 |
| 20:21 | FlyingSheep · wall_segment Unknown (4001) x1 |
| 20:21 | FlyingSheep · wall_segment Unknown (4001) x1 |
| 20:21 | FlyingSheep · wall_segment Unknown (4001) x1 |
| 20:21 | FlyingSheep · wall_segment Unknown (4001) x1 |
| 20:21 | FlyingSheep · wall_segment Unknown (4001) x1 |
| 20:21 | FlyingSheep · wall_segment Unknown (4001) x1 |
| 20:21 | FlyingSheep · wall_segment Unknown (4001) x1 |
| 20:21 | FlyingSheep · wall_segment Unknown (4001) x1 |
| 20:21 | FlyingSheep · wall_segment Unknown (4001) x1 |
| 20:22 | FlyingSheep · wall_segment Unknown (4001) x1 |
| 20:22 | FlyingSheep · wall_segment Unknown (4001) x1 |
| 20:22 | FlyingSheep · wall_segment Unknown (4001) x1 |
| 20:22 | FlyingSheep · wall_segment Unknown (4001) x1 |
| 20:22 | FlyingSheep · wall_segment Unknown (4001) x1 |
| 20:22 | FlyingSheep · wall_segment Unknown (4001) x1 |
| 20:22 | FlyingSheep · wall_segment Unknown (4001) x1 |
| 20:22 | FlyingSheep · wall_segment Unknown (4001) x1 |
| 20:22 | FlyingSheep · wall_segment Unknown (4001) x1 |
| 20:22 | FlyingSheep · wall_segment Unknown (4001) x1 |
| 20:22 | FlyingSheep · wall_segment Unknown (4001) x1 |
| 20:23 | FlyingSheep · wall_segment Unknown (4001) x1 |
| 20:23 | FlyingSheep · wall_segment Unknown (4001) x1 |
| 20:23 | FlyingSheep · wall_segment Unknown (4001) x1 |
| 20:23 | FlyingSheep · wall_segment Unknown (4001) x1 |
| 20:23 | FlyingSheep · wall_segment Unknown (4001) x1 |
| 20:23 | FlyingSheep · wall_segment Unknown (4001) x1 |
| 20:23 | FlyingSheep · wall_segment Unknown (4001) x1 |
| 20:23 | FlyingSheep · wall_segment Unknown (4001) x1 |
| 20:24 | FlyingSheep · wall_segment Unknown (4001) x1 |
| 20:24 | FlyingSheep · wall_segment Unknown (4001) x1 |
| 20:24 | FlyingSheep · wall_segment Unknown (4001) x1 |
| 20:24 | FlyingSheep · wall_segment Unknown (4001) x1 |
| 20:24 | FlyingSheep · wall_segment Unknown (4001) x1 |
| 20:24 | FlyingSheep · wall_segment Unknown (4001) x1 |
| 20:24 | FlyingSheep · wall_segment Unknown (4001) x1 |
| 20:24 | FlyingSheep · wall_segment Unknown (4001) x1 |
| 20:25 | FlyingSheep · wall_segment Unknown (4001) x1 |
| 20:25 | FlyingSheep · wall_segment Unknown (4001) x1 |
| 20:25 | FlyingSheep · wall_segment Unknown (4001) x1 |
| 20:25 | FlyingSheep · wall_segment Unknown (4001) x1 |
| 20:25 | FlyingSheep · wall_segment Unknown (4001) x1 |
| 20:25 | FlyingSheep · wall_segment Unknown (4001) x1 |
| 20:25 | FlyingSheep · wall_segment Unknown (4001) x1 |
| 20:25 | FlyingSheep · wall_segment Unknown (4001) x1 |
| 20:27 | Spicy$p3nce · wall_segment Unknown (4001) x1 |
| 20:43 | FlyingSheep · wall_segment Unknown (4001) x1 |
| 20:43 | FlyingSheep · wall_segment Unknown (4001) x1 |
| 20:43 | FlyingSheep · wall_segment Unknown (4001) x1 |
| 20:43 | FlyingSheep · wall_segment Unknown (4001) x1 |
| 20:43 | FlyingSheep · wall_segment Unknown (4001) x1 |
| 20:43 | FlyingSheep · wall_segment Unknown (4001) x1 |
| 20:43 | FlyingSheep · wall_segment Unknown (4001) x1 |
| 20:43 | FlyingSheep · wall_segment Unknown (4001) x1 |
| 20:44 | FlyingSheep · wall_segment Unknown (4001) x1 |
| 20:44 | FlyingSheep · wall_segment Unknown (4001) x1 |
| 20:44 | FlyingSheep · wall_segment Unknown (4001) x1 |
| 20:44 | FlyingSheep · wall_segment Unknown (4001) x1 |
| 20:44 | FlyingSheep · wall_segment Unknown (4001) x1 |
| 20:44 | FlyingSheep · wall_segment Unknown (4001) x1 |
| 20:44 | FlyingSheep · wall_segment Unknown (4001) x1 |
| 20:44 | FlyingSheep · wall_segment Unknown (4001) x1 |
| 20:45 | FlyingSheep · wall_segment Unknown (4001) x1 |
| 20:45 | FlyingSheep · wall_segment Unknown (4001) x1 |
| 20:45 | FlyingSheep · wall_segment Unknown (4001) x1 |
| 20:45 | FlyingSheep · wall_segment Unknown (4001) x1 |
| 20:45 | FlyingSheep · wall_segment Unknown (4001) x1 |
| 20:45 | FlyingSheep · wall_segment Unknown (4001) x1 |
| 20:45 | FlyingSheep · wall_segment Unknown (4001) x1 |
| 20:45 | FlyingSheep · wall_segment Unknown (4001) x1 |
| 20:46 | FlyingSheep · wall_segment Unknown (4001) x1 |
| 20:46 | FlyingSheep · wall_segment Unknown (4001) x1 |
| 20:46 | FlyingSheep · wall_segment Unknown (4001) x1 |
| 20:46 | FlyingSheep · wall_segment Unknown (4001) x1 |
| 20:46 | FlyingSheep · wall_segment Unknown (4001) x1 |
| 20:46 | FlyingSheep · wall_segment Unknown (4001) x1 |
| 20:46 | FlyingSheep · wall_segment Unknown (4001) x1 |
| 20:46 | FlyingSheep · wall_segment Unknown (4001) x1 |
| 20:46 | FlyingSheep · wall_segment Unknown (4001) x1 |
| 20:47 | FlyingSheep · wall_segment Unknown (4001) x1 |
| 20:47 | FlyingSheep · wall_segment Unknown (4001) x1 |
| 20:47 | FlyingSheep · wall_segment Unknown (4001) x1 |
| 20:47 | FlyingSheep · wall_segment Unknown (4001) x1 |
| 20:47 | FlyingSheep · wall_segment Unknown (4001) x1 |
| 20:47 | FlyingSheep · wall_segment Unknown (4001) x1 |
| 20:47 | FlyingSheep · wall_segment Unknown (4001) x1 |
| 20:47 | FlyingSheep · wall_segment Unknown (4001) x1 |
| 20:47 | FlyingSheep · wall_segment Unknown (4001) x1 |
| 20:47 | FlyingSheep · wall_segment Unknown (4001) x1 |
| 20:48 | FlyingSheep · wall_segment Unknown (4001) x1 |
| 20:48 | FlyingSheep · wall_segment Unknown (4001) x1 |
| 20:48 | FlyingSheep · wall_segment Unknown (4001) x1 |
| 20:48 | FlyingSheep · wall_segment Unknown (4001) x1 |
| 20:48 | FlyingSheep · wall_segment Unknown (4001) x1 |
| 20:48 | FlyingSheep · wall_segment Unknown (4001) x1 |
| 20:48 | FlyingSheep · wall_segment Unknown (4001) x1 |
| 20:48 | FlyingSheep · wall_segment Unknown (4001) x1 |
| 20:48 | FlyingSheep · wall_segment Unknown (4001) x1 |
| 20:49 | FlyingSheep · wall_segment Unknown (4001) x1 |
| 20:49 | FlyingSheep · wall_segment Unknown (4001) x1 |
| 20:49 | FlyingSheep · wall_segment Unknown (4001) x1 |
| 20:49 | FlyingSheep · wall_segment Unknown (4001) x1 |
| 20:49 | FlyingSheep · wall_segment Unknown (4001) x1 |
| 20:49 | FlyingSheep · wall_segment Unknown (4001) x1 |
| 20:49 | FlyingSheep · wall_segment Unknown (4001) x1 |
| 20:49 | FlyingSheep · wall_segment Unknown (4001) x1 |
| 20:49 | FlyingSheep · wall_segment Unknown (4001) x1 |
| 20:50 | FlyingSheep · wall_segment Unknown (4001) x1 |
| 20:50 | FlyingSheep · wall_segment Unknown (4001) x1 |
| 20:50 | FlyingSheep · wall_segment Unknown (4001) x1 |
| 20:50 | FlyingSheep · wall_segment Unknown (4001) x1 |
| 20:50 | FlyingSheep · wall_segment Unknown (4001) x1 |
| 20:50 | FlyingSheep · wall_segment Unknown (4001) x1 |
| 20:50 | FlyingSheep · wall_segment Unknown (4001) x1 |
| 20:50 | FlyingSheep · wall_segment Unknown (4001) x1 |
| 20:50 | FlyingSheep · wall_segment Unknown (4001) x1 |
| 20:50 | FlyingSheep · wall_segment Unknown (4001) x1 |
| 20:50 | FlyingSheep · wall_segment Unknown (4001) x1 |
| 20:51 | FlyingSheep · wall_segment Unknown (4001) x1 |
| 20:51 | FlyingSheep · wall_segment Unknown (4001) x1 |
| 20:51 | FlyingSheep · wall_segment Unknown (4001) x1 |
| 20:51 | FlyingSheep · wall_segment Unknown (4001) x1 |
| 20:51 | FlyingSheep · wall_segment Unknown (4001) x1 |
| 20:51 | FlyingSheep · wall_segment Unknown (4001) x1 |
| 20:51 | FlyingSheep · wall_segment Unknown (4001) x1 |
| 20:51 | FlyingSheep · wall_segment Unknown (4001) x1 |
| 21:00 | FlyingSheep · wall_segment Unknown (4001) x1 |
| 21:00 | FlyingSheep · wall_segment Unknown (4001) x1 |
| 21:00 | FlyingSheep · wall_segment Unknown (4001) x1 |
| 21:00 | FlyingSheep · wall_segment Unknown (4001) x1 |
| 21:00 | FlyingSheep · wall_segment Unknown (4001) x1 |
| 21:00 | FlyingSheep · wall_segment Unknown (4001) x1 |
| 21:00 | FlyingSheep · wall_segment Unknown (4001) x1 |
| 21:00 | FlyingSheep · wall_segment Unknown (4001) x1 |
| 21:03 | Spicy$p3nce · resign |
| 21:05 | FlyingSheep · wall_segment Unknown (4001) x1 |
| 21:05 | FlyingSheep · wall_segment Unknown (4001) x1 |
| 21:05 | FlyingSheep · wall_segment Unknown (4001) x1 |
| 21:05 | FlyingSheep · wall_segment Unknown (4001) x1 |
| 21:05 | FlyingSheep · wall_segment Unknown (4001) x1 |
| 21:05 | FlyingSheep · wall_segment Unknown (4001) x1 |
| 21:05 | FlyingSheep · wall_segment Unknown (4001) x1 |
| 21:05 | FlyingSheep · wall_segment Unknown (4001) x1 |
| 21:05 | FlyingSheep · wall_segment Unknown (4001) x1 |
| 21:05 | FlyingSheep · wall_segment Unknown (4001) x1 |
| 21:07 | FlyingSheep · wall_segment Unknown (4001) x1 |
| 21:07 | FlyingSheep · wall_segment Unknown (4001) x1 |
| 21:07 | FlyingSheep · wall_segment Unknown (4001) x1 |
| 21:07 | FlyingSheep · wall_segment Unknown (4001) x1 |
| 21:07 | FlyingSheep · wall_segment Unknown (4001) x1 |
| 21:07 | FlyingSheep · wall_segment Unknown (4001) x1 |
| 21:08 | FlyingSheep · wall_segment Unknown (4001) x1 |
| 21:08 | FlyingSheep · wall_segment Unknown (4001) x1 |
| 21:08 | FlyingSheep · wall_segment Unknown (4001) x1 |
| 21:08 | FlyingSheep · wall_segment Unknown (4001) x1 |
| 21:08 | FlyingSheep · wall_segment Unknown (4001) x1 |
| 21:08 | FlyingSheep · wall_segment Unknown (4001) x1 |
| 21:08 | FlyingSheep · wall_segment Unknown (4001) x1 |
| 21:08 | FlyingSheep · wall_segment Unknown (4001) x1 |
| 21:09 | FlyingSheep · wall_segment Unknown (4001) x1 |
| 21:09 | FlyingSheep · wall_segment Unknown (4001) x1 |
| 21:09 | FlyingSheep · wall_segment Unknown (4001) x1 |
| 21:09 | FlyingSheep · wall_segment Unknown (4001) x1 |
| 21:09 | FlyingSheep · wall_segment Unknown (4001) x1 |
| 21:09 | FlyingSheep · wall_segment Unknown (4001) x1 |
| 21:09 | FlyingSheep · wall_segment Unknown (4001) x1 |
| 21:09 | FlyingSheep · wall_segment Unknown (4001) x1 |
| 21:09 | FlyingSheep · wall_segment Unknown (4001) x1 |
| 21:09 | FlyingSheep · wall_segment Unknown (4001) x1 |
| 21:09 | FlyingSheep · wall_segment Unknown (4001) x1 |
| 21:10 | FlyingSheep · wall_segment Unknown (4001) x1 |
| 21:10 | FlyingSheep · wall_segment Unknown (4001) x1 |
| 21:10 | FlyingSheep · wall_segment Unknown (4001) x1 |
| 21:10 | FlyingSheep · wall_segment Unknown (4001) x1 |
| 21:10 | FlyingSheep · wall_segment Unknown (4001) x1 |
| 21:10 | FlyingSheep · wall_segment Unknown (4001) x1 |
| 21:10 | FlyingSheep · wall_segment Unknown (4001) x1 |
| 21:10 | FlyingSheep · wall_segment Unknown (4001) x1 |
| 21:10 | FlyingSheep · wall_segment Unknown (4001) x1 |
| 21:11 | FlyingSheep · wall_segment Unknown (4001) x1 |
| 21:11 | FlyingSheep · wall_segment Unknown (4001) x1 |
| 21:11 | FlyingSheep · wall_segment Unknown (4001) x1 |
| 21:11 | FlyingSheep · wall_segment Unknown (4001) x1 |
| 21:11 | FlyingSheep · wall_segment Unknown (4001) x1 |
| 21:11 | FlyingSheep · wall_segment Unknown (4001) x1 |
| 21:11 | FlyingSheep · wall_segment Unknown (4001) x1 |
| 21:11 | FlyingSheep · wall_segment Unknown (4001) x1 |
| 21:12 | FlyingSheep · wall_segment Unknown (4001) x1 |
| 21:12 | FlyingSheep · wall_segment Unknown (4001) x1 |
| 21:12 | FlyingSheep · wall_segment Unknown (4001) x1 |
| 21:12 | FlyingSheep · wall_segment Unknown (4001) x1 |
| 21:12 | FlyingSheep · wall_segment Unknown (4001) x1 |
| 21:12 | FlyingSheep · wall_segment Unknown (4001) x1 |
| 21:12 | FlyingSheep · wall_segment Unknown (4001) x1 |
| 21:12 | FlyingSheep · wall_segment Unknown (4001) x1 |
| 21:13 | FlyingSheep · wall_segment Unknown (4001) x1 |
| 21:13 | FlyingSheep · wall_segment Unknown (4001) x1 |
| 21:13 | FlyingSheep · wall_segment Unknown (4001) x1 |
| 21:13 | FlyingSheep · wall_segment Unknown (4001) x1 |
| 21:13 | FlyingSheep · wall_segment Unknown (4001) x1 |
| 21:13 | FlyingSheep · wall_segment Unknown (4001) x1 |
| 21:13 | FlyingSheep · wall_segment Unknown (4001) x1 |
| 21:13 | FlyingSheep · wall_segment Unknown (4001) x1 |
| 21:13 | FlyingSheep · wall_segment Unknown (4001) x1 |
| 21:13 | FlyingSheep · wall_segment Unknown (4001) x1 |
| 21:14 | FlyingSheep · wall_segment Unknown (4001) x1 |
| 21:14 | FlyingSheep · wall_segment Unknown (4001) x1 |
| 21:14 | FlyingSheep · wall_segment Unknown (4001) x1 |
| 21:14 | FlyingSheep · wall_segment Unknown (4001) x1 |
| 21:14 | FlyingSheep · wall_segment Unknown (4001) x1 |
| 21:14 | FlyingSheep · wall_segment Unknown (4001) x1 |
| 21:14 | FlyingSheep · wall_segment Unknown (4001) x1 |
| 21:14 | FlyingSheep · wall_segment Unknown (4001) x1 |
| 21:14 | FlyingSheep · wall_segment Unknown (4001) x1 |
| 21:15 | FlyingSheep · wall_segment Unknown (4001) x1 |
| 21:15 | FlyingSheep · wall_segment Unknown (4001) x1 |
| 21:15 | FlyingSheep · wall_segment Unknown (4001) x1 |
| 21:15 | FlyingSheep · wall_segment Unknown (4001) x1 |
| 21:15 | FlyingSheep · wall_segment Unknown (4001) x1 |
| 21:15 | FlyingSheep · wall_segment Unknown (4001) x1 |
| 21:15 | FlyingSheep · wall_segment Unknown (4001) x1 |
| 21:15 | FlyingSheep · wall_segment Unknown (4001) x1 |
| 21:15 | FlyingSheep · wall_segment Unknown (4001) x1 |
| 21:16 | FlyingSheep · wall_segment Unknown (4001) x1 |
| 21:16 | FlyingSheep · wall_segment Unknown (4001) x1 |
| 21:16 | FlyingSheep · wall_segment Unknown (4001) x1 |
| 21:16 | FlyingSheep · wall_segment Unknown (4001) x1 |
| 21:16 | FlyingSheep · wall_segment Unknown (4001) x1 |
| 21:16 | FlyingSheep · wall_segment Unknown (4001) x1 |
| 21:16 | FlyingSheep · wall_segment Unknown (4001) x1 |
| 21:16 | FlyingSheep · wall_segment Unknown (4001) x1 |
| 21:16 | FlyingSheep · wall_segment Unknown (4001) x1 |
| 21:16 | FlyingSheep · wall_segment Unknown (4001) x1 |
| 21:16 | FlyingSheep · wall_segment Unknown (4001) x1 |
| 21:17 | FlyingSheep · wall_segment Unknown (4001) x1 |
| 21:30 | 22 · wall_segment Unknown (4001) x10 |
| 21:31 | 22 · wall_segment Unknown (4001) x1 |
| 21:32 | 22 · wall_segment Unknown (4001) x1 |
| 21:34 | 22 · wall_segment Unknown (4001) x9 |
| 21:35 | 22 · wall_segment Unknown (4001) x1 |
| 21:37 | 22 · wall_segment Unknown (4001) x9 |
| 21:39 | 22 · wall_segment Unknown (4001) x2 |
[ AI ANALYSIS · 1 CREDIT ]
What really happened in this match?
Wolo.gg analyzes every decision: build order, eco, micro, common mistakes by bracket. Personalized analysis on WhatsApp or Discord in 30 seconds.
Civ guide
Aztecs
Perfil
Jugador #1266261